Workbook

Sheet И. Д.
A1: Перечень базовых исходных данных для экономической оценки месторождения:
A3: Показатели | E3: Ед. изм. | F3: Базовые значения для различных вариантов
F4: Борт 1 | G4: Борт 2 | H4: Борт 3
A5: Горная часть
A6: Коэффициент потерь** | E6: % | F6: 7.54 | G6: =F6 -> 7.54 | H6: =G6 -> 7.54
A7: Коэффициент разубоживания** | E7: % | F7: 12.13 | G7: =F7 -> 12.13 | H7: =G7 -> 12.13
A8: В том числе по залежам | B8: ='П и Р для залежей'!A2 -> Кам | C8: Потери | E8: % | F8: ='П и Р для залежей'!B2 -> 7 | G8: =F8 -> 7 | H8: =G8 -> 7
C9: Разубоживание | E9: % | F9: ='П и Р для залежей'!C2 -> 12.2 | G9: =F9 -> 12.2 | H9: =G9 -> 12.2
B10: ='П и Р для залежей'!A3 -> Талов | C10: Потери | E10: % | F10: ='П и Р для залежей'!B3 -> 7.72 | G10: =F10 -> 7.72 | H10: =G10 -> 7.72
C11: Разубоживание | E11: % | F11: ='П и Р для залежей'!C3 -> 12.78 | G11: =F11 -> 12.78 | H11: =G11 -> 12.78
B12: ='П и Р для залежей'!A4 -> Осн | C12: Потери | E12: % | F12: ='П и Р для залежей'!B4 -> 7.2 | G12: =F12 -> 7.2 | H12: =G12 -> 7.2
C13: Разубоживание | E13: % | F13: ='П и Р для залежей'!C4 -> 12.9 | G13: =F13 -> 12.9 | H13: =G13 -> 12.9
B14: ='П и Р для залежей'!A5 -> Промеж | C14: Потери | E14: % | F14: ='П и Р для залежей'!B5 -> 11.4 | G14: =F14 -> 11.4 | H14: =G14 -> 11.4
C15: Разубоживание | E15: % | F15: ='П и Р для залежей'!C5 -> 13.6 | G15: =F15 -> 13.6 | H15: =G15 -> 13.6
B16: ='П и Р для залежей'!A6 -> Восточ | C16: Потери | E16: % | F16: ='П и Р для залежей'!B6 -> 7.2 | G16: =F16 -> 7.2 | H16: =G16 -> 7.2
C17: Разубоживание | E17: % | F17: ='П и Р для залежей'!C6 -> 12.3 | G17: =F17 -> 12.3 | H17: =G17 -> 12.3
B18: ='П и Р для залежей'!A7 -> Юго-Вост | C18: Потери | E18: % | F18: ='П и Р для залежей'!B7 -> 6.2 | G18: =F18 -> 6.2 | H18: =G18 -> 6.2
C19: Разубоживание | E19: % | F19: ='П и Р для залежей'!C7 -> 10.9 | G19: =F19 -> 10.9 | H19: =G19 -> 10.9
B20: ='П и Р для залежей'!A8 -> Запад | C20: Потери | E20: % | F20: ='П и Р для залежей'!B8 -> 7.4 | G20: =F20 -> 7.4 | H20: =G20 -> 7.4
C21: Разубоживание | E21: % | F21: ='П и Р для залежей'!C8 -> 11.3 | G21: =F21 -> 11.3 | H21: =G21 -> 11.3
B22: ='П и Р для залежей'!A9 -> Центр | C22: Потери | E22: % | F22: ='П и Р для залежей'!B9 -> 7.4 | G22: =F22 -> 7.4 | H22: =G22 -> 7.4
C23: Разубоживание | E23: % | F23: ='П и Р для залежей'!C9 -> 11.3 | G23: =F23 -> 11.3 | H23: =G23 -> 11.3
A24: Переработка
A25: Данные по извлечению:
A26: Обогащение | B26: Медный концентрат
B27: Выход концентрата | E27: % | F27: ='Данные по переработке'!B3 -> 7.15
B28: Извлечение меди | E28: % | F28: ='Данные по переработке'!H3 -> 87.65
B29: Извлечение золота | E29: % | F29: ='Данные по переработке'!K3 -> 49
B30: Извлечение серебра | E30: % | F30: ='Данные по переработке'!L3 -> 58.27
B31: Извлечение цинка* | E31: % | F31: ='Данные по переработке'!J3 -> 5.64
B32: Извлечение свинца* | E32: % | F32: ='Данные по переработке'!I3 -> 16.47
B33: Цинковый концентрат
B34: Выход концентрата | E34: % | F34: ='Данные по переработке'!B5 -> 8.14
B35: Извлечение цинка | E35: % | F35: ='Данные по переработке'!J5 -> 85.04
B36: Извлечение золота | E36: % | F36: ='Данные по переработке'!K5 -> 8.84
B37: Извлечение серебра | E37: % | F37: ='Данные по переработке'!L5 -> 11.15
B38: Извлечение меди* | E38: % | F38: ='Данные по переработке'!H5 -> 4.26
B39: Извлечение свинца* | E39: % | F39: ='Данные по переработке'!I5 -> 9.95
B40: Свинцовый концентрат
B41: Выход концентрата | E41: % | F41: ='Данные по переработке'!B4 -> 2.02
B42: Извлечение свинца | E42: % | F42: ='Данные по переработке'!I4 -> 65.24
B43: Извлечение золота | E43: % | F43: ='Данные по переработке'!K4 -> 14.04
B44: Извлечение серебра | E44: % | F44: ='Данные по переработке'!L4 -> 9.3
B45: Извлечение меди* | E45: % | F45: ='Данные по переработке'!H4 -> 4.32
B46: Извлечение цинка* | E46: % | F46: ='Данные по переработке'!J4 -> 4.37
A47: Металлургический передел | B47: Катодная медь | E47: % | F47: 93.5
B48: Золото аффинированое | E48: % | F48: 91
B49: Серебро аффинированое | E49: % | F49: 90
A50: Экономическая часть
A51: Стоимость готовой продукции
A52: Цена реализации | B52: Катодная медь | E52: $/тн | F52: 8084 | G52: =F52 -> 8084 | H52: =G52 -> 8084
B53: Золото аффинированое | E53: $/тр.унц | F53: 1898.67 | G53: =F53 -> 1898.67 | H53: =G53 -> 1898.67
B54: Серебро аффинированое | E54: $/тр.унц | F54: 22.56 | G54: =F54 -> 22.56 | H54: =G54 -> 22.56
B55: Цинк в цинковом концентрате | E55: $/тн | F55: 1482.08 | G55: =F55 -> 1482.08 | H55: =G55 -> 1482.08
B56: Свинец в свинцовом концентрате | E56: $/тн | F56: 1998.51 | G56: =F56 -> 1998.51 | H56: =G56 -> 1998.51
B57: Золото в свинцовом концентрате | E57: $/тр.унц
B58: Серебро в свинцовом концентрате | E58: $/тр.унц
A59: Эксплуатационные затраты
A60: Эксплуатационные затраты на добычу руды | E60: $/т. руды | F60: 65.6 | G60: =F60 -> 65.6 | H60: =G60 -> 65.6
A61: В том числе: | B61: Затраты на ГПР | E61: $/м3 | F61: 118.5 | G61: =F61 -> 118.5 | H61: =G61 -> 118.5
B62: Затраты на очистные работы | E62: $/т. руды | F62: 14.98 | G62: =F62 -> 14.98 | H62: =G62 -> 14.98
B63: Затраты на закладочные работы | E63: $/м3 | F63: 27.73 | G63: =F63 -> 27.73 | H63: =G63 -> 27.73
B64: Эксплоразведочное бурение | E64: $/п.м. | F64: 60.39 | G64: =F64 -> 60.39 | H64: =G64 -> 60.39
B65: Транспортировка | C65: от забоя до рудного склада | E65: $/т. руды | F65: 15.37 | G65: =F65 -> 15.37 | H65: =G65 -> 15.37
C66: от рудного склада до ОФ | E66: $/т. руды | F66: 9.02 | G66: =F66 -> 9.02 | H66: =G66 -> 9.02
B67: Общешахтные расходы | E67: $/т. руды | F67: 9.59 | G67: =F67 -> 9.59 | H67: =G67 -> 9.59
A68: Затраты на переработку и реализацию | E68: $/т. руды
A69: В том числе: | B69: Переработка руды на ОФ | E69: $/т. руды | F69: 29.73 | G69: =F69 -> 29.73 | H69: =G69 -> 29.73
B70: Переработка руды на ОФ до концентрата | C70: Переработка с получением медного концентрата | E70: $/т. руды | F70: 21.45 | G70: =F70 -> 21.45 | H70: =G70 -> 21.45
C71: Переработка с получением цинкового концентрата | E71: $/т. руды | F71: 6.29 | G71: =F71 -> 6.29 | H71: =G71 -> 6.29
C72: Переработка с получением свинцового концентрата | E72: $/т. руды | F72: 1.99 | G72: =F72 -> 1.99 | H72: =G72 -> 1.99
B73: Металлургический передел | C73: Перевозка медного концентрата до БМЗ | E73: $/т. руды | F73: 0.9 | G73: =F73 -> 0.9 | H73: =G73 -> 0.9
E74: $/т. концентрата | F74: 15.08 | G74: =F74 -> 15.08 | H74: =G74 -> 15.08
C75: Переработка медного концентрата | E75: $/т. концентрата | F75: 96.15 | G75: =F75 -> 96.15 | H75: =G75 -> 96.15
C76: Рафинирование RC (катодной меди) | E76: $/Кг | F76: 0.21 | G76: =F76 -> 0.21 | H76: =G76 -> 0.21
C77: аффинаж золота RC-Au | E77: $/г | F77: 0.19 | G77: =F77 -> 0.19 | H77: =G77 -> 0.19
C78: аффинаж серебра RC-Ag | E78: $/г | F78: 0.013 | G78: =F78 -> 0.013 | H78: =G78 -> 0.013
B79: Расходы по реализации | C79: расходы на реализацию меди | E79: $/т. металла | F79: ='[1]п.15 Перев., реализация'!$E$21 -> 58.031374 | G79: =F79 -> 58.031374 | H79: =G79 -> 58.031374
C80: расходы на реализацию (цинковый концентрат) | E80: $/т. металла | F80: ='[1]п.15 Перев., реализация'!$D$21 -> 41.744225 | G80: =F80 -> 41.744225 | H80: =G80 -> 41.744225
C81: расходы на реализацию (Свинцовый концентрат) | E81: $/т. металла | F81: ='[1]п.15 Перев., реализация'!$H$21 -> 93.056014 | G81: =F81 -> 93.056014 | H81: =G81 -> 93.056014
C82: расходы на реализацию (золото) | E82: $/кг | F82: ='[1]п.15 Перев., реализация'!$F$21 -> 10.275478 | G82: =F82 -> 10.275478 | H82: =G82 -> 10.275478
C83: расходы на реализацию (серебро) | E83: $кг | F83: ='[1]п.15 Перев., реализация'!$G$21 -> 0.54274653 | G83: =F83 -> 0.54274653 | H83: =G83 -> 0.54274653
A84: Административно-управленческие расходы | E84: $/т | F84: 19.5 | G84: =F84 -> 19.5 | H84: =G84 -> 19.5
A85: Затраты на проходку горно-капитальных выработок | E85: $/м3 | F85: 400 | G85: =F85 -> 400 | H85: =G85 -> 400
A86: В том числе | B86: Вертикальные | C86: Стволы | E86: $/м3
C87: Вентиляционные восстающие | E87: $/м3
C88: Рудо- породоспуски | E88: $/м3
B89: Горизонтальные и наклонные выработки | C89: Конвеерный уклон | D89: с креплением | E89: $/м3
D90: без крепления | E90: $/м3
C91: Автоуклон | D91: с креплением | E91: $/м3
D92: без крепления | E92: $/м3
C93: Основные квершлаги и штреки | D93: с креплением | E93: $/м3
D94: без крепления | E94: $/м3
C95: Откаточные штреки | D95: с креплением | E95: $/м3
D96: без крепления | E96: $/м3
C97: Камерные выработки | D97: без крепления | E97: $/м3
A98: Капитальные затраты на ОГР
A99: Реинвестиции на обновление оборудования | E99: тыс. $ | F99: =7237.5+1535 -> 8772.5 | G99: =F99 -> 8772.5 | H99: =G99 -> 8772.5
A100: ГКР | E100: тыс. $
A101: ГРР, проектные и изыскательские работы | E101: тыс. $ | F101: 308514.96 | G101: =F101 -> 308514.96 | H101: =G101 -> 308514.96
...

Sheet ТЭП
A1: Основные ТЭП отработки минеральных ресурсов месторождения подземным способом
B3: Показатели | C3: Ед.изм. | D3: Борт 0.9 | E3: Прирезка | F3: Борт 1.2 | G3: Прирезка | H3: Брорт 1.5
B5: Минеральные ресурсы | C5: тыс.т. | D5: ='ФЭМ 0.9'!D7 -> 17729.408 | E5: =F5-D5 -> -1214.5063 | F5: ='ФЭМ 1.2'!D7 -> 16514.902 | G5: =H5-F5 -> -1254.5148 | H5: ='ФЭМ 1.5'!D7 -> 15260.387
B6: Содержание металла
B7: - медь | C7: % | D7: ='ФЭМ 0.9'!D9 -> 2.0488878 | E7: =F7-D7 -> 0.091100815 | F7: ='ФЭМ 1.2'!D9 -> 2.1399887 | G7: =H7-F7 -> 0.082285162 | H7: ='ФЭМ 1.5'!D9 -> 2.2222738
B8: - цинк | C8: % | D8: ='ФЭМ 0.9'!D10 -> 4.0424732 | E8: =F8-D8 -> 0.27833096 | F8: ='ФЭМ 1.2'!D10 -> 4.3208042 | G8: =H8-F8 -> 0.31496009 | H8: ='ФЭМ 1.5'!D10 -> 4.6357643
B9: - свинец | C9: % | D9: ='ФЭМ 0.9'!D11 -> 1.2486675 | E9: =F9-D9 -> 0.084648322 | F9: ='ФЭМ 1.2'!D11 -> 1.3333159 | G9: =H9-F9 -> 0.094552336 | H9: ='ФЭМ 1.5'!D11 -> 1.4278682
B10: - золото | C10: г/т | D10: ='ФЭМ 0.9'!D12 -> 0.84679021 | E10: =F10-D10 -> 0.051616291 | F10: ='ФЭМ 1.2'!D12 -> 0.8984065 | G10: =H10-F10 -> 0.056263212 | H10: ='ФЭМ 1.5'!D12 -> 0.95466971
B11: - серебро | C11: г/т | D11: ='ФЭМ 0.9'!D13 -> 96.06135 | E11: =F11-D11 -> 6.3650103 | F11: ='ФЭМ 1.2'!D13 -> 102.42636 | G11: =H11-F11 -> 7.0109988 | H11: ='ФЭМ 1.5'!D13 -> 109.43736
B12: Количество металла
B13: - медь | C13: т. | D13: ='ФЭМ 0.9'!D15 -> 363255.69 | E13: =F13-D13 -> -9838.6621 | F13: ='ФЭМ 1.2'!D15 -> 353417.03 | G13: =H13-F13 -> -14289.44 | H13: ='ФЭМ 1.5'!D15 -> 339127.59
B14: - цинк | C14: т. | D14: ='ФЭМ 0.9'!D16 -> 716706.59 | E14: =F14-D14 -> -3130.0069 | F14: ='ФЭМ 1.2'!D16 -> 713576.58 | G14: =H14-F14 -> -6140.999 | H14: ='ФЭМ 1.5'!D16 -> 707435.58
B15: - свинец | C15: т. | D15: ='ФЭМ 0.9'!D17 -> 221381.37 | E15: =F15-D15 -> -1185.5587 | F15: ='ФЭМ 1.2'!D17 -> 220195.81 | G15: =H15-F15 -> -2297.5921 | H15: ='ФЭМ 1.5'!D17 -> 217898.22
B16: - золото | C16: кг. | D16: ='ФЭМ 0.9'!D18 -> 15013.089 | E16: =F16-D16 -> -175.99407 | F16: ='ФЭМ 1.2'!D18 -> 14837.095 | G16: =H16-F16 -> -268.46584 | H16: ='ФЭМ 1.5'!D18 -> 14568.63
B17: - серебро | C17: кг. | D17: ='ФЭМ 0.9'!D19 -> 1703110.9 | E17: =F17-D17 -> -11549.596 | F17: ='ФЭМ 1.2'!D19 -> 1691561.3 | G17: =H17-F17 -> -21504.829 | H17: ='ФЭМ 1.5'!D19 -> 1670056.5
B18: Потери | C18: % | D18: ='ФЭМ 0.9'!D20 -> 0.0754 | E18: =F18-D18 -> 0 | F18: ='ФЭМ 1.2'!D20 -> 0.0754 | G18: =H18-F18 -> 0 | H18: ='ФЭМ 1.5'!D20 -> 0.0754
B19: Разубоживание | C19: % | D19: ='ФЭМ 0.9'!D21 -> 0.1213 | E19: =F19-D19 -> 0 | F19: ='ФЭМ 1.2'!D21 -> 0.1213 | G19: =H19-F19 -> 0 | H19: ='ФЭМ 1.5'!D21 -> 0.1213
B20: Эксплуатационная руда | C20: тыс. т | D20: ='ФЭМ 0.9'!D22 -> 18655.526 | E20: =F20-D20 -> -1277.947 | F20: ='ФЭМ 1.2'!D22 -> 17377.579 | G20: =H20-F20 -> -1320.046 | H20: ='ФЭМ 1.5'!D22 -> 16057.533
B21: Содержание в эксплуатационных запасах:
B22: - медь | C22: % | D22: ='ФЭМ 0.9'!D24 -> 1.8003566 | E22: =F22-D22 -> 0.080049146 | F22: ='ФЭМ 1.2'!D24 -> 1.8804058 | G22: =H22-F22 -> 0.13401842 | H22: ='ФЭМ 1.5'!D24 -> 2.0144242
B23: - цинк | C23: % | D23: ='ФЭМ 0.9'!D25 -> 3.5521218 | E23: =F23-D23 -> 0.24456936 | F23: ='ФЭМ 1.2'!D25 -> 3.7966911 | G23: =H23-F23 -> 0.28149133 | H23: ='ФЭМ 1.5'!D25 -> 4.0781825
B24: - свинец | C24: % | D24: ='ФЭМ 0.9'!D26 -> 1.097203 | E24: =F24-D24 -> 0.074381325 | F24: ='ФЭМ 1.2'!D26 -> 1.1715844 | G24: =H24-F24 -> 0.086669707 | H24: ='ФЭМ 1.5'!D26 -> 1.2582541
B25: - золото | C25: г/т | D25: ='ФЭМ 0.9'!D27 -> 0.74406908 | E25: =F25-D25 -> 0.04533893 | F25: ='ФЭМ 1.2'!D27 -> 0.78940801 | G25: =H25-F25 -> 0.057853315 | H25: ='ФЭМ 1.5'!D27 -> 0.84726132
B26: - серебро | C26: г/т | D26: ='ФЭМ 0.9'!D28 -> 84.409091 | E26: =F26-D26 -> 5.5929739 | F26: ='ФЭМ 1.2'!D28 -> 90.002065 | G26: =H26-F26 -> 6.6395246 | H26: ='ФЭМ 1.5'!D28 -> 96.64159
B27: Количество металла в эксплуатационных запасах:
B28: - медь | C28: тонн | D28: ='ФЭМ 0.9'!D30 -> 335866 | E28: =F28-D28 -> -9097 | F28: ='ФЭМ 1.2'!D30 -> 326769 | G28: =H28-F28 -> -10897.233 | H28: ='ФЭМ 1.5'!D30 -> 315871.77
B29: - цинк | C29: тонн | D29: ='ФЭМ 0.9'!D31 -> 662667 | E29: =F29-D29 -> -2894 | F29: ='ФЭМ 1.2'!D31 -> 659773 | G29: =H29-F29 -> -20367.795 | H29: ='ФЭМ 1.5'!D31 -> 639405.2
B30: - свинец | C30: тонн | D30: ='ФЭМ 0.9'!D32 -> 204689 | E30: =F30-D30 -> -1096 | F30: ='ФЭМ 1.2'!D32 -> 203593 | G30: =H30-F30 -> -6314.051 | H30: ='ФЭМ 1.5'!D32 -> 197278.95
B31: - золото | C31: кг | D31: ='ФЭМ 0.9'!D33 -> 13881 | E31: =F31-D31 -> -163 | F31: ='ФЭМ 1.2'!D33 -> 13718 | G31: =H31-F31 -> -433.60262 | H31: ='ФЭМ 1.5'!D33 -> 13284.397
B32: - серебро | C32: кг | D32: ='ФЭМ 0.9'!D34 -> 1574696 | E32: =F32-D32 -> -10678 | F32: ='ФЭМ 1.2'!D34 -> 1564018 | G32: =H32-F32 -> -48782.747 | H32: ='ФЭМ 1.5'!D34 -> 1515235.3
B33: Годовая производительность по добыче руды | C33: тыс. т | D33: ='ФЭМ 0.9'!I22 -> 1500 | F33: ='ФЭМ 1.2'!I22 -> 1500 | H33: ='ФЭМ 1.5'!J22 -> 1500
B34: С учетом затугания | C34: тыс. т | D34: =AVERAGE('ФЭМ 0.9'!F22:S22) -> 1332.5376 | F34: =AVERAGE('ФЭМ 1.2'!F22:R22) -> 1336.7368 | H34: =AVERAGE('ФЭМ 1.5'!F22:Q22) -> 1338.1277
B35: ПЕРЕРАБОТКА
B36: Общий объем руды для переработки | C36: тыс. т | D36: =D20 -> 18655.526 | E36: =E20 -> -1277.947 | F36: =F20 -> 17377.579 | G36: =G20 -> -1320.046 | H36: =H20 -> 16057.533
B37: Годовой объем руды, поступающей на ОФ (среднее значение) | C37: тыс. т | D37: =D20/'ФЭМ 0.9'!S6 -> 1332.5376 | E37: =F37-D37 -> 4.1992747 | F37: =F20/'ФЭМ 1.2'!R6 -> 1336.7368 | G37: =H37-F37 -> 1.3909038 | H37: =H20/'ФЭМ 1.5'!Q6 -> 1338.1277
B38: Выход концентратов:
B39: -медного | C39: % | D39: ='ФЭМ 0.9'!D38 -> 0.0715 | E39: =F39-D39 -> 0 | F39: ='ФЭМ 1.2'!D38 -> 0.0715 | G39: =H39-F39 -> 0 | H39: ='ФЭМ 1.5'!D38 -> 0.0715
B40: -свинцового | C40: % | D40: ='ФЭМ 0.9'!D39 -> 0.0202 | E40: =F40-D40 -> 0 | F40: ='ФЭМ 1.2'!D39 -> 0.0202 | G40: =H40-F40 -> 0 | H40: ='ФЭМ 1.5'!D39 -> 0.0202
B41: -цинкового | C41: % | D41: ='ФЭМ 0.9'!D40 -> 0.0814 | E41: =F41-D41 -> 0 | F41: ='ФЭМ 1.2'!D40 -> 0.0814 | G41: =H41-F41 -> 0 | H41: ='ФЭМ 1.5'!D40 -> 0.0814
B43: Количество концентратов:
B44: -медного | C44: тонн | D44: ='ФЭМ 0.9'!D43 -> 1333870.1 | E44: =F44-D44 -> -91373.211 | F44: ='ФЭМ 1.2'!D43 -> 1242496.9 | G44: =H44-F44 -> -94383.289 | H44: ='ФЭМ 1.5'!D43 -> 1148113.6
B45: -свинцового | C45: тонн | D45: ='ФЭМ 0.9'!D44 -> 376841.63 | E45: =F45-D45 -> -25814.529 | F45: ='ФЭМ 1.2'!D44 -> 351027.1 | G45: =H45-F45 -> -26664.929 | H45: ='ФЭМ 1.5'!D44 -> 324362.17
B46: -цинкового | C46: тонн | D46: ='ФЭМ 0.9'!D45 -> 1518559.8 | E46: =F46-D46 -> -104024.89 | F46: ='ФЭМ 1.2'!D45 -> 1414534.9 | G46: =H46-F46 -> -107451.74 | H46: ='ФЭМ 1.5'!D45 -> 1307083.2
B47: Извлечение металлов из руды в концентраты:
B48: - в медный:
B49: - медь | C49: % | D49: ='ФЭМ 0.9'!D48 -> 0.8765 | E49: =F49-D49 -> 0 | F49: ='ФЭМ 1.2'!D48 -> 0.8765 | G49: =H49-F49 -> 0 | H49: ='ФЭМ 1.5'!D48 -> 0.8765
B50: - золото | C50: % | D50: ='ФЭМ 0.9'!D49 -> 0.49 | E50: =F50-D50 -> 0 | F50: ='ФЭМ 1.2'!D49 -> 0.49 | G50: =H50-F50 -> 0 | H50: ='ФЭМ 1.5'!D49 -> 0.49
B51: - серебро | C51: % | D51: ='ФЭМ 0.9'!D50 -> 0.5827 | E51: =F51-D51 -> 0 | F51: ='ФЭМ 1.2'!D50 -> 0.5827 | G51: =H51-F51 -> 0 | H51: ='ФЭМ 1.5'!D50 -> 0.5827
B52: - в свинцовый:
B53: - свинец | C53: % | D53: ='ФЭМ 0.9'!D52 -> 0.6524 | E53: =F53-D53 -> 0 | F53: ='ФЭМ 1.2'!D52 -> 0.6524 | G53: =H53-F53 -> 0 | H53: ='ФЭМ 1.5'!D52 -> 0.6524
B54: - золото | C54: % | D54: ='ФЭМ 0.9'!D53 -> 0.1404 | E54: =F54-D54 -> 0 | F54: ='ФЭМ 1.2'!D53 -> 0.1404 | G54: =H54-F54 -> 0 | H54: ='ФЭМ 1.5'!D53 -> 0.1404
B55: - серебро | C55: % | D55: ='ФЭМ 0.9'!D54 -> 0.093 | E55: =F55-D55 -> 0 | F55: ='ФЭМ 1.2'!D54 -> 0.093 | G55: =H55-F55 -> 0 | H55: ='ФЭМ 1.5'!D54 -> 0.093
B56: - в цинковый:
B57: - цинк | C57: % | D57: ='ФЭМ 0.9'!D56 -> 0.8504 | E57: =F57-D57 -> 0 | F57: ='ФЭМ 1.2'!D56 -> 0.8504 | G57: =H57-F57 -> 0 | H57: ='ФЭМ 1.5'!D56 -> 0.8504
B58: - серебро | C58: % | D58: ='ФЭМ 0.9'!D57 -> 0.1115 | E58: =F58-D58 -> 0 | F58: ='ФЭМ 1.2'!D57 -> 0.1115 | G58: =H58-F58 -> 0 | H58: ='ФЭМ 1.5'!D57 -> 0.1115
B59: Количество металлов в концентратах:
B60: - в медном:
B61: - медь | C61: тонн | D61: ='ФЭМ 0.9'!D60 -> 294386.55 | E61: =F61-D61 -> -7973.5205 | F61: ='ФЭМ 1.2'!D60 -> 286413.03 | G61: =H61-F61 -> -9551.4249 | H61: ='ФЭМ 1.5'!D60 -> 276861.6
B62: - золото | C62: кг | D62: ='ФЭМ 0.9'!D61 -> 6801.69 | E62: =F62-D62 -> -79.87 | F62: ='ФЭМ 1.2'!D61 -> 6721.82 | G62: =H62-F62 -> -212.46528 | H62: ='ФЭМ 1.5'!D61 -> 6509.3547
B63: - серебро | C63: кг | D63: ='ФЭМ 0.9'!D62 -> 917575.36 | E63: =F63-D63 -> -6222.0706 | F63: ='ФЭМ 1.2'!D62 -> 911353.29 | G63: =H63-F63 -> -28425.707 | H63: ='ФЭМ 1.5'!D62 -> 882927.58
B64: - в свинцовом:
B65: - свинец | C65: тонн | D65: ='ФЭМ 0.9'!D64 -> 133539.1 | E65: =F65-D65 -> -715.0304 | F65: ='ФЭМ 1.2'!D64 -> 132824.07 | G65: =H65-F65 -> -4119.2869 | H65: ='ФЭМ 1.5'!D64 -> 128704.79
B66: - золото | C66: кг | D66: ='ФЭМ 0.9'!D65 -> 1948.8924 | E66: =F66-D66 -> -22.8852 | F66: ='ФЭМ 1.2'!D65 -> 1926.0072 | G66: =H66-F66 -> -60.877808 | H66: ='ФЭМ 1.5'!D65 -> 1865.1294
B67: - серебро | C67: кг | D67: ='ФЭМ 0.9'!D66 -> 146446.73 | E67: =F67-D67 -> -993.054 | F67: ='ФЭМ 1.2'!D66 -> 145453.67 | G67: =H67-F67 -> -4536.7955 | H67: ='ФЭМ 1.5'!D66 -> 140916.88
B68: - в цинковом:
B69: - цинк | C69: тонн | D69: ='ФЭМ 0.9'!D68 -> 563532.02 | E69: =F69-D69 -> -2461.0576 | F69: ='ФЭМ 1.2'!D68 -> 561070.96 | G69: =H69-F69 -> -17320.773 | H69: ='ФЭМ 1.5'!D68 -> 543750.19
B70: - серебро | C70: кг | D70: ='ФЭМ 0.9'!D69 -> 175578.6 | E70: =F70-D70 -> -1190.597 | F70: ='ФЭМ 1.2'!D69 -> 174388.01 | G70: =H70-F70 -> -5439.2763 | H70: ='ФЭМ 1.5'!D69 -> 168948.73
B71: Содержание металлов в концентратах:
B72: - в медном:
B73: - медь | C73: % | D73: ='ФЭМ 0.9'!D72 -> 22.070106 | E73: =F73-D73 -> 0.98130177 | F73: ='ФЭМ 1.2'!D72 -> 23.051408 | G73: =H73-F73 -> 1.6428971 | H73: ='ФЭМ 1.5'!D72 -> 24.694305
B74: - золото | C74: г/т | D74: ='ФЭМ 0.9'!D73 -> 5.0992146 | E74: =F74-D74 -> 0.31071435 | F74: ='ФЭМ 1.2'!D73 -> 5.409929 | G74: =H74-F74 -> 0.39647727 | H74: ='ФЭМ 1.5'!D73 -> 5.8064063
B75: - серебро | C75: г/т | D75: ='ФЭМ 0.9'!D74 -> 687.90458 | E75: =F75-D75 -> 45.580781 | F75: ='ФЭМ 1.2'!D74 -> 733.48536 | G75: =H75-F75 -> 54.109804 | H75: ='ФЭМ 1.5'!D74 -> 787.59517
B76: - в свинцовом:
B77: - свинец | C77: % | D77: ='ФЭМ 0.9'!D76 -> 35.436399 | E77: =F77-D77 -> 2.4022958 | F77: ='ФЭМ 1.2'!D76 -> 37.838695 | G77: =H77-F77 -> 2.7991741 | H77: ='ФЭМ 1.5'!D76 -> 40.637869
B78: - золото | C78: г/т | D78: ='ФЭМ 0.9'!D77 -> 0.51716484 | E78: =F78-D78 -> 0.031512801 | F78: ='ФЭМ 1.2'!D77 -> 0.54867764 | G78: =H78-F78 -> 0.040210918 | H78: ='ФЭМ 1.5'!D77 -> 0.58888856
B79: - серебро | C79: г/т | D79: ='ФЭМ 0.9'!D78 -> 38.861611 | E79: =F79-D79 -> 2.574983 | F79: ='ФЭМ 1.2'!D78 -> 41.436594 | G79: =H79-F79 -> 3.0568108 | H79: ='ФЭМ 1.5'!D78 -> 44.493405
B80: - в цинковом:
B81: - цинк | C81: % | D81: ='ФЭМ 0.9'!D80 -> 37.109636 | E81: =F81-D81 -> 2.5550588 | F81: ='ФЭМ 1.2'!D80 -> 39.664695 | G81: =H81-F81 -> 2.9407891 | H81: ='ФЭМ 1.5'!D80 -> 42.605484
B82: - серебро | C82: г/т | D82: ='ФЭМ 0.9'!D81 -> 11.562179 | E82: =F82-D82 -> 0.76611374 | F82: ='ФЭМ 1.2'!D81 -> 12.328293 | G82: =H82-F82 -> 0.90946805 | H82: ='ФЭМ 1.5'!D81 -> 13.237761
B83: Извлечение при металлургии:
B84: - меди катодной | C84: % | D84: ='ФЭМ 0.9'!D83 -> 0.935 | F84: ='ФЭМ 1.2'!D83 -> 0.935 | H84: ='ФЭМ 1.5'!D83 -> 0.935
B85: - золота аффинированного | C85: % | D85: ='ФЭМ 0.9'!D84 -> 0.91 | F85: ='ФЭМ 1.2'!D84 -> 0.91 | H85: ='ФЭМ 1.5'!D84 -> 0.91
B86: - серебра аффинированного | C86: % | D86: ='ФЭМ 0.9'!D85 -> 0.9 | F86: ='ФЭМ 1.2'!D85 -> 0.9 | H86: ='ФЭМ 1.5'!D85 -> 0.9
B87: Объем товарной продукции:
B88: - медь катодная | C88: тонн | D88: ='ФЭМ 0.9'!D87 -> 275251.42 | E88: =F88-D88 -> -7455.2417 | F88: ='ФЭМ 1.2'!D87 -> 267796.18 | G88: =H88-F88 -> -8930.5822 | H88: ='ФЭМ 1.5'!D87 -> 258865.6
B89: - свинец в свинцовом концентрате | C89: тонн | D89: ='ФЭМ 0.9'!D88 -> 121520.58 | E89: =F89-D89 -> -650.67766 | F89: ='ФЭМ 1.2'!D88 -> 120869.91 | G89: =H89-F89 -> -3748.5511 | H89: ='ФЭМ 1.5'!D88 -> 117121.36
B90: - цинк в цинковом концентрате | C90: тонн | D90: ='ФЭМ 0.9'!D89 -> 563532.02 | E90: =F90-D90 -> -2461.0576 | F90: ='ФЭМ 1.2'!D89 -> 561070.96 | G90: =H90-F90 -> -17320.773 | H90: ='ФЭМ 1.5'!D89 -> 543750.19
B91: - золото аффинированное | C91: кг | D91: ='ФЭМ 0.9'!D90 -> 6189.5379 | E91: =F91-D91 -> -72.6817 | F91: ='ФЭМ 1.2'!D90 -> 6116.8562 | G91: =H91-F91 -> -193.34341 | H91: ='ФЭМ 1.5'!D90 -> 5923.5128
B92: - серебро аффинированное | C92: кг | D92: ='ФЭМ 0.9'!D91 -> 825817.82 | E92: =F92-D92 -> -5599.8635 | F92: ='ФЭМ 1.2'!D91 -> 820217.96 | G92: =H92-F92 -> -25583.136 | H92: ='ФЭМ 1.5'!D91 -> 794634.82
B93: ГОРНО-ТЕХНИЧЕСКАЯ ЧАСТЬ
B94: Объемы горных работ ВСЕГО:
B95: - ГКР | C95: тыс. м3 | D95: ='ФЭМ 0.9'!D94 -> 56.863 | E95: =F95-D95 -> 0 | F95: ='ФЭМ 1.2'!D94 -> 56.863 | G95: =H95-F95 -> 0 | H95: ='ФЭМ 1.5'!D94 -> 56.863
B96: - очистная работы | C96: тыс. тонн | D96: ='ФЭМ 0.9'!D95 -> 18655.526 | E96: =F96-D96 -> -1277.947 | F96: ='ФЭМ 1.2'!D95 -> 17377.579 | G96: =H96-F96 -> -1320.046 | H96: ='ФЭМ 1.5'!D95 -> 16057.533
B97: - ГПР+ГНР | C97: тыс. м3 | D97: ='ФЭМ 0.9'!D96 -> 826.4398 | E97: =F97-D97 -> -56.613052 | F97: ='ФЭМ 1.2'!D96 -> 769.82675 | G97: =H97-F97 -> -58.478038 | H97: ='ФЭМ 1.5'!D96 -> 711.34871
B98: -закладка выработанного пространства | C98: тыс. м3 | D98: ='ФЭМ 0.9'!D97 -> 4922.3024 | E98: =F98-D98 -> -337.18918 | F98: ='ФЭМ 1.2'!D97 -> 4585.1132 | G98: =H98-F98 -> -348.2971 | H98: ='ФЭМ 1.5'!D97 -> 4236.8161
B99: Эксплоразведочное бурение | C99: п.м.
B100: Разведочное бурение | C100: п.м.
B101: в том числе по рудным залежам:
B102: РАСЧЕТ ДОХОДА ОТ РЕАЛИЗАЦИИ ТОВАРНОГО ПРОДУКТА
B103: Средняя цены реализации товарного продукта за весь период
...

Sheet ФЭМ 0.9
L1: 1
B2: ПРИЛОЖЕНИЕ ___ Таблица __
B3: Финансово-экономическая модель отработки минеральных ресурсов месторождения Артемьевское подземным способом (БОРТ 0.9)
E4: 2023 | F4: 2024 | G4: 2025 | H4: 2026 | I4: 2027 | J4: 2028 | K4: 2029 | L4: 2030 | M4: 2031 | N4: 2032 | O4: 2033 | P4: 2034 | Q4: 2035 | R4: 2036 | S4: 2037
B5: Показатели | C5: Ед.изм. | D5: Всего | F5: в том числе по годам
E6: -1 | F6: 1 | G6: =F6+1 -> 2 | H6: =G6+1 -> 3 | I6: =H6+1 -> 4 | J6: =I6+1 -> 5 | K6: =J6+1 -> 6 | L6: =K6+1 -> 7 | M6: =L6+1 -> 8 | N6: =M6+1 -> 9 | ... S6: =R6+1 -> 14
B7: Минеральные ресурсы | C7: тыс.т. | D7: ='Расч эксп запасов'!D6 -> 17729.408
B8: Содержание металла
B9: - медь | C9: % | D9: ='Расч эксп запасов'!E6 -> 2.0488878
B10: - цинк | C10: % | D10: ='Расч эксп запасов'!F6 -> 4.0424732
B11: - свинец | C11: % | D11: ='Расч эксп запасов'!G6 -> 1.2486675
B12: - золото | C12: г/т | D12: ='Расч эксп запасов'!H6 -> 0.84679021
B13: - серебро | C13: г/т | D13: ='Расч эксп запасов'!I6 -> 96.06135
B14: Количество металла
B15: - медь | C15: т. | D15: ='Расч эксп запасов'!J6 -> 363255.69
B16: - цинк | C16: т. | D16: ='Расч эксп запасов'!K6 -> 716706.59
B17: - свинец | C17: т. | D17: ='Расч эксп запасов'!L6 -> 221381.37
B18: - золото | C18: кг. | D18: ='Расч эксп запасов'!M6 -> 15013.089
B19: - серебро | C19: кг. | D19: ='Расч эксп запасов'!N6 -> 1703110.9
B20: Потери | C20: % | D20: ='Расч эксп запасов'!C11/100 -> 0.0754
B21: Разубоживание | C21: % | D21: ='Расч эксп запасов'!C16/100 -> 0.1213
B22: Эксплуатационная руда | C22: тыс. т | D22: =SUM(F22:S22) -> 18655.526 | F22: =календари!F6 -> 1250 | G22: =календари!G6 -> 1300 | H22: =календари!H6 -> 1400 | I22: =календари!I6 -> 1500 | J22: =календари!J6 -> 1500 | K22: =календари!K6 -> 1500 | L22: =календари!L6 -> 1500 | M22: =календари!M6 -> 1500 | ... S22: =календари!S6 -> 405.526
B23: Содержание в эксплуатационных запасах:
B24: - медь | C24: % | D24: =AVERAGE(F24:S24) -> 1.8003566 | F24: =F30/F22/10 -> 1.8003566 | G24: =G30/G22/10 -> 1.8003566 | H24: =H30/H22/10 -> 1.8003566 | I24: =I30/I22/10 -> 1.8003566 | J24: =J30/J22/10 -> 1.8003566 | K24: =K30/K22/10 -> 1.8003566 | L24: =L30/L22/10 -> 1.8003566 | M24: =M30/M22/10 -> 1.8003566 | ... S24: =S30/S22/10 -> 1.8003566
B25: - цинк | C25: % | D25: =AVERAGE(F25:S25) -> 3.5521218 | F25: =F31/F22/10 -> 3.5521218 | G25: =G31/G22/10 -> 3.5521218 | H25: =H31/H22/10 -> 3.5521218 | I25: =I31/I22/10 -> 3.5521218 | J25: =J31/J22/10 -> 3.5521218 | K25: =K31/K22/10 -> 3.5521218 | L25: =L31/L22/10 -> 3.5521218 | M25: =M31/M22/10 -> 3.5521218 | ... S25: =S31/S22/10 -> 3.5521218
B26: - свинец | C26: % | D26: =AVERAGE(F26:S26) -> 1.097203 | F26: =F32/F22/10 -> 1.097203 | G26: =G32/G22/10 -> 1.097203 | H26: =H32/H22/10 -> 1.097203 | I26: =I32/I22/10 -> 1.097203 | J26: =J32/J22/10 -> 1.097203 | K26: =K32/K22/10 -> 1.097203 | L26: =L32/L22/10 -> 1.097203 | M26: =M32/M22/10 -> 1.097203 | ... S26: =S32/S22/10 -> 1.097203
B27: - золото | C27: г/т | D27: =AVERAGE(F27:S27) -> 0.74406908 | F27: =F33/F22 -> 0.74406908 | G27: =G33/G22 -> 0.74406908 | H27: =H33/H22 -> 0.74406908 | I27: =I33/I22 -> 0.74406908 | J27: =J33/J22 -> 0.74406908 | K27: =K33/K22 -> 0.74406908 | L27: =L33/L22 -> 0.74406908 | M27: =M33/M22 -> 0.74406908 | ... S27: =S33/S22 -> 0.74406908
B28: - серебро | C28: г/т | D28: =AVERAGE(F28:S28) -> 84.409091 | F28: =F34/F22 -> 84.409091 | G28: =G34/G22 -> 84.409091 | H28: =H34/H22 -> 84.409091 | I28: =I34/I22 -> 84.409091 | J28: =J34/J22 -> 84.409091 | K28: =K34/K22 -> 84.409091 | L28: =L34/L22 -> 84.409091 | M28: =M34/M22 -> 84.409091 | ... S28: =S34/S22 -> 84.409091
B29: Количество металла в эксплуатационных запасах:
B30: - медь | C30: тонн | D30: =SUM(F30:S30) -> 335866 | F30: =календари!F12*1000 -> 22504.458 | G30: =календари!G12*1000 -> 23404.636 | H30: =календари!H12*1000 -> 25204.993 | I30: =календари!I12*1000 -> 27005.35 | J30: =календари!J12*1000 -> 27005.35 | K30: =календари!K12*1000 -> 27005.35 | L30: =календари!L12*1000 -> 27005.35 | M30: =календари!M12*1000 -> 27005.35 | ... S30: =календари!S12*1000 -> 7300.9142
B31: - цинк | C31: тонн | D31: =SUM(F31:S31) -> 662667 | F31: =календари!F13*1000 -> 44401.522 | G31: =календари!G13*1000 -> 46177.583 | H31: =календари!H13*1000 -> 49729.705 | I31: =календари!I13*1000 -> 53281.827 | J31: =календари!J13*1000 -> 53281.827 | K31: =календари!K13*1000 -> 53281.827 | L31: =календари!L13*1000 -> 53281.827 | M31: =календари!M13*1000 -> 53281.827 | ... S31: =календари!S13*1000 -> 14404.777
B32: - свинец | C32: тонн | D32: =SUM(F32:S32) -> 204689 | F32: =календари!F14*1000 -> 13715.038 | G32: =календари!G14*1000 -> 14263.64 | H32: =календари!H14*1000 -> 15360.843 | I32: =календари!I14*1000 -> 16458.046 | J32: =календари!J14*1000 -> 16458.046 | K32: =календари!K14*1000 -> 16458.046 | L32: =календари!L14*1000 -> 16458.046 | M32: =календари!M14*1000 -> 16458.046 | ... S32: =календари!S14*1000 -> 4449.4436
B33: - золото | C33: кг | D33: =SUM(F33:S33) -> 13881 | F33: =календари!F15 -> 930.08635 | G33: =календари!G15 -> 967.2898 | H33: =календари!H15 -> 1041.6967 | I33: =календари!I15 -> 1116.1036 | J33: =календари!J15 -> 1116.1036 | K33: =календари!K15 -> 1116.1036 | L33: =календари!L15 -> 1116.1036 | M33: =календари!M15 -> 1116.1036 | ... S33: =календари!S15 -> 301.73936
B34: - серебро | C34: кг | D34: =SUM(F34:S34) -> 1574696 | F34: =календари!F16 -> 105511.36 | G34: =календари!G16 -> 109731.82 | H34: =календари!H16 -> 118172.73 | I34: =календари!I16 -> 126613.64 | J34: =календари!J16 -> 126613.64 | K34: =календари!K16 -> 126613.64 | L34: =календари!L16 -> 126613.64 | M34: =календари!M16 -> 126613.64 | ... S34: =календари!S16 -> 34230.081
B35: ПЕРЕРАБОТКА
B36: Годовой объем руды, поступающей на ОФ | C36: тыс. т | D36: =SUM(F36:S36) -> 18655.526 | F36: =F22 -> 1250 | G36: =G22 -> 1300 | H36: =H22 -> 1400 | I36: =I22 -> 1500 | J36: =J22 -> 1500 | K36: =K22 -> 1500 | L36: =L22 -> 1500 | M36: =M22 -> 1500 | ... S36: =S22 -> 405.526
B37: Выход концентратов:
B38: -медного | C38: % | D38: ='Данные по переработке'!B3/100 -> 0.0715 | F38: =$D$38 -> 0.0715 | G38: =$D$38 -> 0.0715 | H38: =$D$38 -> 0.0715 | I38: =$D$38 -> 0.0715 | J38: =$D$38 -> 0.0715 | K38: =$D$38 -> 0.0715 | L38: =$D$38 -> 0.0715 | M38: =$D$38 -> 0.0715 | ... S38: =$D$38 -> 0.0715
B39: -свинцового | C39: % | D39: ='Данные по переработке'!B4/100 -> 0.0202 | F39: =$D$39 -> 0.0202 | G39: =$D$39 -> 0.0202 | H39: =$D$39 -> 0.0202 | I39: =$D$39 -> 0.0202 | J39: =$D$39 -> 0.0202 | K39: =$D$39 -> 0.0202 | L39: =$D$39 -> 0.0202 | M39: =$D$39 -> 0.0202 | ... S39: =$D$39 -> 0.0202
B40: -цинкового | C40: % | D40: ='Данные по переработке'!B5/100 -> 0.0814 | F40: =$D$40 -> 0.0814 | G40: =$D$40 -> 0.0814 | H40: =$D$40 -> 0.0814 | I40: =$D$40 -> 0.0814 | J40: =$D$40 -> 0.0814 | K40: =$D$40 -> 0.0814 | L40: =$D$40 -> 0.0814 | M40: =$D$40 -> 0.0814 | ... S40: =$D$40 -> 0.0814
B42: Количество концентратов:
B43: -медного | C43: тонн | D43: =SUM(F43:S43) -> 1333870.1 | F43: =F36*1000*F38 -> 89375 | G43: =G36*1000*G38 -> 92950 | H43: =H36*1000*H38 -> 100100 | I43: =I36*1000*I38 -> 107250 | J43: =J36*1000*J38 -> 107250 | K43: =K36*1000*K38 -> 107250 | L43: =L36*1000*L38 -> 107250 | M43: =M36*1000*M38 -> 107250 | ... S43: =S36*1000*S38 -> 28995.109
B44: -свинцового | C44: тонн | D44: =SUM(F44:S44) -> 376841.63 | F44: =F36*1000*F39 -> 25250 | G44: =G36*1000*G39 -> 26260 | H44: =H36*1000*H39 -> 28280 | I44: =I36*1000*I39 -> 30300 | J44: =J36*1000*J39 -> 30300 | K44: =K36*1000*K39 -> 30300 | L44: =L36*1000*L39 -> 30300 | M44: =M36*1000*M39 -> 30300 | ... S44: =S36*1000*S39 -> 8191.6252
B45: -цинкового | C45: тонн | D45: =SUM(F45:S45) -> 1518559.8 | F45: =F36*1000*F40 -> 101750 | G45: =G36*1000*G40 -> 105820 | H45: =H36*1000*H40 -> 113960 | I45: =I36*1000*I40 -> 122100 | J45: =J36*1000*J40 -> 122100 | K45: =K36*1000*K40 -> 122100 | L45: =L36*1000*L40 -> 122100 | M45: =M36*1000*M40 -> 122100 | ... S45: =S36*1000*S40 -> 33009.816
B46: Извлечение металлов из руды в концентраты:
B47: - в медный:
B48: - медь | C48: % | D48: ='Данные по переработке'!H3/100 -> 0.8765 | F48: =D48 -> 0.8765 | G48: =F48 -> 0.8765 | H48: =G48 -> 0.8765 | I48: =H48 -> 0.8765 | J48: =I48 -> 0.8765 | K48: =J48 -> 0.8765 | L48: =K48 -> 0.8765 | M48: =L48 -> 0.8765 | N48: =M48 -> 0.8765 | ... S48: =R48 -> 0.8765
B49: - золото | C49: % | D49: ='Данные по переработке'!K3/100 -> 0.49 | F49: =D49 -> 0.49 | G49: =F49 -> 0.49 | H49: =G49 -> 0.49 | I49: =H49 -> 0.49 | J49: =I49 -> 0.49 | K49: =J49 -> 0.49 | L49: =K49 -> 0.49 | M49: =L49 -> 0.49 | N49: =M49 -> 0.49 | ... S49: =R49 -> 0.49
B50: - серебро | C50: % | D50: ='Данные по переработке'!L3/100 -> 0.5827 | F50: =D50 -> 0.5827 | G50: =F50 -> 0.5827 | H50: =G50 -> 0.5827 | I50: =H50 -> 0.5827 | J50: =I50 -> 0.5827 | K50: =J50 -> 0.5827 | L50: =K50 -> 0.5827 | M50: =L50 -> 0.5827 | N50: =M50 -> 0.5827 | ... S50: =R50 -> 0.5827
B51: - в свинцовый:
B52: - свинец | C52: % | D52: ='Данные по переработке'!I4/100 -> 0.6524 | F52: =D52 -> 0.6524 | G52: =F52 -> 0.6524 | H52: =G52 -> 0.6524 | I52: =H52 -> 0.6524 | J52: =I52 -> 0.6524 | K52: =J52 -> 0.6524 | L52: =K52 -> 0.6524 | M52: =L52 -> 0.6524 | N52: =M52 -> 0.6524 | ... S52: =R52 -> 0.6524
B53: - золото | C53: % | D53: ='Данные по переработке'!K4/100 -> 0.1404 | F53: =D53 -> 0.1404 | G53: =F53 -> 0.1404 | H53: =G53 -> 0.1404 | I53: =H53 -> 0.1404 | J53: =I53 -> 0.1404 | K53: =J53 -> 0.1404 | L53: =K53 -> 0.1404 | M53: =L53 -> 0.1404 | N53: =M53 -> 0.1404 | ... S53: =R53 -> 0.1404
B54: - серебро | C54: % | D54: ='Данные по переработке'!L4/100 -> 0.093 | F54: =D54 -> 0.093 | G54: =F54 -> 0.093 | H54: =G54 -> 0.093 | I54: =H54 -> 0.093 | J54: =I54 -> 0.093 | K54: =J54 -> 0.093 | L54: =K54 -> 0.093 | M54: =L54 -> 0.093 | N54: =M54 -> 0.093 | ... S54: =R54 -> 0.093
B55: - в цинковый:
B56: - цинк | C56: % | D56: ='Данные по переработке'!J5/100 -> 0.8504 | F56: =D56 -> 0.8504 | G56: =F56 -> 0.8504 | H56: =G56 -> 0.8504 | I56: =H56 -> 0.8504 | J56: =I56 -> 0.8504 | K56: =J56 -> 0.8504 | L56: =K56 -> 0.8504 | M56: =L56 -> 0.8504 | N56: =M56 -> 0.8504 | ... S56: =R56 -> 0.8504
B57: - серебро | C57: % | D57: ='Данные по переработке'!L5/100 -> 0.1115 | F57: =D57 -> 0.1115 | G57: =F57 -> 0.1115 | H57: =G57 -> 0.1115 | I57: =H57 -> 0.1115 | J57: =I57 -> 0.1115 | K57: =J57 -> 0.1115 | L57: =K57 -> 0.1115 | M57: =L57 -> 0.1115 | N57: =M57 -> 0.1115 | ... S57: =R57 -> 0.1115
B58: Количество металлов в концентратах:
B59: - в медном:
B60: - медь | C60: тонн | D60: =SUM(F60:S60) -> 294386.55 | F60: =F30*F48 -> 19725.157 | G60: =G30*G48 -> 20514.164 | H60: =H30*H48 -> 22092.176 | I60: =I30*I48 -> 23670.189 | J60: =J30*J48 -> 23670.189 | K60: =K30*K48 -> 23670.189 | L60: =L30*L48 -> 23670.189 | M60: =M30*M48 -> 23670.189 | ... S60: =S30*S48 -> 6399.2513
B61: - золото | C61: кг | D61: =SUM(F61:S61) -> 6801.69 | F61: =F33*F49 -> 455.74231 | G61: =G33*G49 -> 473.972 | H61: =H33*H49 -> 510.43139 | I61: =I33*I49 -> 546.89077 | J61: =J33*J49 -> 546.89077 | K61: =K33*K49 -> 546.89077 | L61: =L33*L49 -> 546.89077 | M61: =M33*M49 -> 546.89077 | ... S61: =S33*S49 -> 147.85228
B62: - серебро | C62: кг | D62: =SUM(F62:S62) -> 917575.36 | F62: =F34*F50 -> 61481.472 | G62: =G34*G50 -> 63940.731 | H62: =H34*H50 -> 68859.249 | I62: =I34*I50 -> 73777.766 | J62: =J34*J50 -> 73777.766 | K62: =K34*K50 -> 73777.766 | L62: =L34*L50 -> 73777.766 | M62: =M34*M50 -> 73777.766 | ... S62: =S34*S50 -> 19945.868
B63: - в свинцовом:
B64: - свинец | C64: тонн | D64: =SUM(F64:S64) -> 133539.1 | F64: =F32*F52 -> 8947.6909 | G64: =G32*G52 -> 9305.5985 | H64: =H32*H52 -> 10021.414 | I64: =I32*I52 -> 10737.229 | J64: =J32*J52 -> 10737.229 | K64: =K32*K52 -> 10737.229 | L64: =L32*L52 -> 10737.229 | M64: =M32*M52 -> 10737.229 | ... S64: =S32*S52 -> 2902.817
B65: - золото | C65: кг | D65: =SUM(F65:S65) -> 1948.8924 | F65: =F33*F53 -> 130.58412 | G65: =G33*G53 -> 135.80749 | H65: =H33*H53 -> 146.25422 | I65: =I33*I53 -> 156.70095 | J65: =J33*J53 -> 156.70095 | K65: =K33*K53 -> 156.70095 | L65: =L33*L53 -> 156.70095 | M65: =M33*M53 -> 156.70095 | ... S65: =S33*S53 -> 42.364206
B66: - серебро | C66: кг | D66: =SUM(F66:S66) -> 146446.73 | F66: =F34*F54 -> 9812.5569 | G66: =G34*G54 -> 10205.059 | H66: =H34*H54 -> 10990.064 | I66: =I34*I54 -> 11775.068 | J66: =J34*J54 -> 11775.068 | K66: =K34*K54 -> 11775.068 | L66: =L34*L54 -> 11775.068 | M66: =M34*M54 -> 11775.068 | ... S66: =S34*S54 -> 3183.3976
B67: - в цинковом:
B68: - цинк | C68: тонн | D68: =SUM(F68:S68) -> 563532.02 | F68: =F31*F56 -> 37759.054 | G68: =G31*G56 -> 39269.417 | H68: =H31*H56 -> 42290.141 | I68: =I31*I56 -> 45310.865 | J68: =J31*J56 -> 45310.865 | K68: =K31*K56 -> 45310.865 | L68: =L31*L56 -> 45310.865 | M68: =M31*M56 -> 45310.865 | ... S68: =S31*S56 -> 12249.823
B69: - серебро | C69: кг | D69: =SUM(F69:S69) -> 175578.6 | F69: =F34*F57 -> 11764.517 | G69: =G34*G57 -> 12235.098 | H69: =H34*H57 -> 13176.259 | I69: =I34*I57 -> 14117.421 | J69: =J34*J57 -> 14117.421 | K69: =K34*K57 -> 14117.421 | L69: =L34*L57 -> 14117.421 | M69: =M34*M57 -> 14117.421 | ... S69: =S34*S57 -> 3816.6541
B70: Содержание металлов в концентратах:
B71: - в медном:
B72: - медь | C72: % | D72: =AVERAGE(F72:S72) -> 22.070106 | F72: =F60/F43*100 -> 22.070106 | G72: =G60/G43*100 -> 22.070106 | H72: =H60/H43*100 -> 22.070106 | I72: =I60/I43*100 -> 22.070106 | J72: =J60/J43*100 -> 22.070106 | K72: =K60/K43*100 -> 22.070106 | L72: =L60/L43*100 -> 22.070106 | M72: =M60/M43*100 -> 22.070106 | ... S72: =S60/S43*100 -> 22.070106
B73: - золото | C73: г/т | D73: =AVERAGE(F73:S73) -> 5.0992146 | F73: =F61/F43*1000 -> 5.0992146 | G73: =G61/G43*1000 -> 5.0992146 | H73: =H61/H43*1000 -> 5.0992146 | I73: =I61/I43*1000 -> 5.0992146 | J73: =J61/J43*1000 -> 5.0992146 | K73: =K61/K43*1000 -> 5.0992146 | L73: =L61/L43*1000 -> 5.0992146 | M73: =M61/M43*1000 -> 5.0992146 | ... S73: =S61/S43*1000 -> 5.0992146
B74: - серебро | C74: г/т | D74: =AVERAGE(F74:S74) -> 687.90458 | F74: =F62/F43*1000 -> 687.90458 | G74: =G62/G43*1000 -> 687.90458 | H74: =H62/H43*1000 -> 687.90458 | I74: =I62/I43*1000 -> 687.90458 | J74: =J62/J43*1000 -> 687.90458 | K74: =K62/K43*1000 -> 687.90458 | L74: =L62/L43*1000 -> 687.90458 | M74: =M62/M43*1000 -> 687.90458 | ... S74: =S62/S43*1000 -> 687.90458
B75: - в свинцовом:
B76: - свинец | C76: % | D76: =AVERAGE(F76:S76) -> 35.436399 | F76: =F64/F44*100 -> 35.436399 | G76: =G64/G44*100 -> 35.436399 | H76: =H64/H44*100 -> 35.436399 | I76: =I64/I44*100 -> 35.436399 | J76: =J64/J44*100 -> 35.436399 | K76: =K64/K44*100 -> 35.436399 | L76: =L64/L44*100 -> 35.436399 | M76: =M64/M44*100 -> 35.436399 | ... S76: =S64/S44*100 -> 35.436399
B77: - золото | C77: г/т | D77: =AVERAGE(F77:S77) -> 0.51716484 | F77: =F65/F44*100 -> 0.51716484 | G77: =G65/G44*100 -> 0.51716484 | H77: =H65/H44*100 -> 0.51716484 | I77: =I65/I44*100 -> 0.51716484 | J77: =J65/J44*100 -> 0.51716484 | K77: =K65/K44*100 -> 0.51716484 | L77: =L65/L44*100 -> 0.51716484 | M77: =M65/M44*100 -> 0.51716484 | ... S77: =S65/S44*100 -> 0.51716484
B78: - серебро | C78: г/т | D78: =AVERAGE(F78:S78) -> 38.861611 | F78: =F66/F44*100 -> 38.861611 | G78: =G66/G44*100 -> 38.861611 | H78: =H66/H44*100 -> 38.861611 | I78: =I66/I44*100 -> 38.861611 | J78: =J66/J44*100 -> 38.861611 | K78: =K66/K44*100 -> 38.861611 | L78: =L66/L44*100 -> 38.861611 | M78: =M66/M44*100 -> 38.861611 | ... S78: =S66/S44*100 -> 38.861611
B79: - в цинковом:
B80: - цинк | C80: % | D80: =AVERAGE(F80:S80) -> 37.109636 | F80: =F68/F45*100 -> 37.109636 | G80: =G68/G45*100 -> 37.109636 | H80: =H68/H45*100 -> 37.109636 | I80: =I68/I45*100 -> 37.109636 | J80: =J68/J45*100 -> 37.109636 | K80: =K68/K45*100 -> 37.109636 | L80: =L68/L45*100 -> 37.109636 | M80: =M68/M45*100 -> 37.109636 | ... S80: =S68/S45*100 -> 37.109636
B81: - серебро | C81: г/т | D81: =AVERAGE(F81:S81) -> 11.562179 | F81: =F69/F45*100 -> 11.562179 | G81: =G69/G45*100 -> 11.562179 | H81: =H69/H45*100 -> 11.562179 | I81: =I69/I45*100 -> 11.562179 | J81: =J69/J45*100 -> 11.562179 | K81: =K69/K45*100 -> 11.562179 | L81: =L69/L45*100 -> 11.562179 | M81: =M69/M45*100 -> 11.562179 | ... S81: =S69/S45*100 -> 11.562179
B82: Извлечение при металлургии:
B83: - меди катодной | C83: % | D83: ='И. Д.'!F47/100 -> 0.935 | F83: =D83 -> 0.935 | G83: =D83 -> 0.935 | H83: =G83 -> 0.935 | I83: =H83 -> 0.935 | J83: =I83 -> 0.935 | K83: =J83 -> 0.935 | L83: =K83 -> 0.935 | M83: =L83 -> 0.935 | N83: =M83 -> 0.935 | O83: =N83 -> 0.935 | ... S83: =R83 -> 0.935
B84: - золота аффинированного | C84: % | D84: ='И. Д.'!F48/100 -> 0.91 | F84: =D84 -> 0.91 | G84: =D84 -> 0.91 | H84: =G84 -> 0.91 | I84: =H84 -> 0.91 | J84: =I84 -> 0.91 | K84: =J84 -> 0.91 | L84: =K84 -> 0.91 | M84: =L84 -> 0.91 | N84: =M84 -> 0.91 | O84: =N84 -> 0.91 | ... S84: =R84 -> 0.91
B85: - серебра аффинированного | C85: % | D85: ='И. Д.'!F49/100 -> 0.9 | F85: =D85 -> 0.9 | G85: =D85 -> 0.9 | H85: =G85 -> 0.9 | I85: =H85 -> 0.9 | J85: =I85 -> 0.9 | K85: =J85 -> 0.9 | L85: =K85 -> 0.9 | M85: =L85 -> 0.9 | N85: =M85 -> 0.9 | O85: =N85 -> 0.9 | ... S85: =R85 -> 0.9
B86: Объем товарной продукции:
B87: - медь катодная | C87: тонн | D87: =SUM(F87:S87) -> 275251.42 | F87: =F60*F83 -> 18443.022 | G87: =G60*G83 -> 19180.743 | H87: =H60*H83 -> 20656.185 | I87: =I60*I83 -> 22131.627 | J87: =J60*J83 -> 22131.627 | K87: =K60*K83 -> 22131.627 | L87: =L60*L83 -> 22131.627 | M87: =M60*M83 -> 22131.627 | ... S87: =S60*S83 -> 5983.3
B88: - свинец в свинцовом концентрате | C88: тонн | D88: =SUM(F88:S88) -> 121520.58 | F88: =F64*F84 -> 8142.3987 | G88: =G64*G84 -> 8468.0946 | H88: =H64*H84 -> 9119.4865 | I88: =I64*I84 -> 9770.8784 | J88: =J64*J84 -> 9770.8784 | K88: =K64*K84 -> 9770.8784 | L88: =L64*L84 -> 9770.8784 | M88: =M64*M84 -> 9770.8784 | ... S88: =S64*S84 -> 2641.5635
B89: - цинк в цинковом концентрате | C89: тонн | D89: =SUM(F89:S89) -> 563532.02 | F89: =F68 -> 37759.054 | G89: =G68 -> 39269.417 | H89: =H68 -> 42290.141 | I89: =I68 -> 45310.865 | J89: =J68 -> 45310.865 | K89: =K68 -> 45310.865 | L89: =L68 -> 45310.865 | M89: =M68 -> 45310.865 | ... S89: =S68 -> 12249.823
B90: - золото аффинированное | C90: кг | D90: =SUM(F90:S90) -> 6189.5379 | F90: =F61*F84 -> 414.7255 | G90: =G61*G84 -> 431.31452 | H90: =H61*H84 -> 464.49256 | I90: =I61*I84 -> 497.6706 | J90: =J61*J84 -> 497.6706 | K90: =K61*K84 -> 497.6706 | L90: =L61*L84 -> 497.6706 | M90: =M61*M84 -> 497.6706 | ... S90: =S61*S84 -> 134.54558
B91: - серебро аффинированное | C91: кг | D91: =SUM(F91:S91) -> 825817.82 | F91: =F62*F85 -> 55333.325 | G91: =G62*G85 -> 57546.658 | H91: =H62*H85 -> 61973.324 | I91: =I62*I85 -> 66399.99 | J91: =J62*J85 -> 66399.99 | K91: =K62*K85 -> 66399.99 | L91: =L62*L85 -> 66399.99 | M91: =M62*M85 -> 66399.99 | ... S91: =S62*S85 -> 17951.281
B92: ГОРНО-ТЕХНИЧЕСКАЯ ЧАСТЬ
B93: Объемы горных работ ВСЕГО:
B94: - ГКР | C94: тыс. м3 | D94: =SUM(F94:S94) -> 56.863 | F94: =календари!F18 -> 47.497 | G94: =календари!G18 -> 9.366 | H94: =календари!H18 -> 0 | I94: =календари!I18 -> 0 | J94: =календари!J18 -> 0 | K94: =календари!K18 -> 0 | L94: =календари!L18 -> 0 | M94: =календари!M18 -> 0 | ... S94: =календари!S18 -> 0
B95: - очистная работы | C95: тыс. тонн | D95: =SUM(F95:S95) -> 18655.526 | F95: =F22 -> 1250 | G95: =G22 -> 1300 | H95: =H22 -> 1400 | I95: =I22 -> 1500 | J95: =J22 -> 1500 | K95: =K22 -> 1500 | L95: =L22 -> 1500 | M95: =M22 -> 1500 | ... S95: =S22 -> 405.526
B96: - ГПР+ГНР | C96: тыс. м3 | D96: =SUM(F96:S96) -> 826.4398 | F96: =календари!F17 -> 55.375 | G96: =календари!G17 -> 57.59 | H96: =календари!H17 -> 62.02 | I96: =календари!I17 -> 66.45 | J96: =календари!J17 -> 66.45 | K96: =календари!K17 -> 66.45 | L96: =календари!L17 -> 66.45 | M96: =календари!M17 -> 66.45 | ... S96: =календари!S17 -> 17.964802
B97: -закладка выработанного пространства | C97: тыс. м3 | D97: =SUM(F97:S97) -> 4922.3024 | F97: =F95/'И. Д.'!$F$134 -> 329.8153 | G97: =G95/'И. Д.'!$F$134 -> 343.00792 | H97: =H95/'И. Д.'!$F$134 -> 369.39314 | I97: =I95/'И. Д.'!$F$134 -> 395.77836 | J97: =J95/'И. Д.'!$F$134 -> 395.77836 | K97: =K95/'И. Д.'!$F$134 -> 395.77836 | L97: =L95/'И. Д.'!$F$134 -> 395.77836 | M97: =M95/'И. Д.'!$F$134 -> 395.77836 | ... S97: =S95/'И. Д.'!$F$134 -> 106.99894
B98: Эксплоразведочное бурение | C98: п.м. | D98: =SUM(F98:S98) -> 0
B99: Разведочное бурение | C99: п.м. | D99: =SUM(F99:S99) -> 0
B100: в том числе по рудным залежам:
B101: РАСЧЕТ ДОХОДА ОТ РЕАЛИЗАЦИИ ТОВАРНОГО ПРОДУКТА
...

Sheet Запасы
B3: Эксплуатационные запасы
B4: ПГР | C4: Геологические запасы | K4: Эксплуатационные запасы
C5: Руда | F5: Металл | M5: Руда | N5: Метал
C6: Объем, м3 | D6: Масса, т | E6: Об. вес, т/м3 | F6: Cu,% | G6: Zn,% | H6: Pb,% | I6: Au, г/т/кг | J6: Ag, г/т/кг | K6: Потери, % | L6: Разубоживание, % | M6: Всего руды | N6: Cu, %/т | O6: Zn,% | P6: Pb,% | Q6: Au, г/т | R6: Ag, г/т/кг
B7: Бортовое содержание 0,9
C8: =D8/E8 -> 4677944.2 | D8: 17729408 | E8: 3.79 | F8: 2.0488878 | G8: 4.0424732 | H8: 1.2486675 | I8: 0.84679021 | J8: 96.06135 | K8: 7.54 | L8: 12.13 | M8: =D8*((100-K8)/100)/((100-L8)/100) -> 18655526 | N8: =N9/$M8*100 -> 1.8003577 | O8: =O9/$M8*100 -> 3.5521212 | P8: =P9/$M8*100 -> 1.0972042 | Q8: =Q9/$M8*1000 -> 0.74407456 | R8: =R9/$M8*1000 -> 84.409108
F9: =$D8*F8/100 -> 363255.69 | G9: =$D8*G8/100 -> 716706.59 | H9: =$D8*H8/100 -> 221381.37 | I9: =$D8*I8/1000 -> 15013.089 | J9: =$D8*J8/1000 -> 1703110.9 | N9: =F9*((100-$K8)/100) -> 335866.21 | O9: =G9*((100-$K8)/100) -> 662666.91 | P9: =H9*((100-$K8)/100) -> 204689.21 | Q9: =I9*((100-$K8)/100) -> 13881.103 | R9: =J9*((100-$K8)/100) -> 1574696.3
B18: Итого по бортовому содержанию 0,9 | C18: =SUM(C8:C15) -> 4677944.2 | D18: =SUM(D8:D17) -> 17729408 | E18: 3.15 | F18: =F19/D18*100 -> 2.0488878 | G18: =G19/D18*100 -> 4.0424732 | H18: =H19/D18*100 -> 1.2486675 | I18: =I19/D18*1000 -> 0.84679021 | J18: =J19/D18*1000 -> 96.06135 | M18: =SUM(M8:M17) -> 18655526 | N18: =N19/M18*100 -> 1.8003577 | O18: =O19/M18*100 -> 3.5521212 | P18: =P19/M18*100 -> 1.0972042 | Q18: =Q19/M18*1000 -> 0.74407456 | R18: =R19/$M18*1000 -> 84.409108
F19: =F9+F11+F13+F15+F17 -> 363255.69 | G19: =G9+G11+G13+G15+G17 -> 716706.59 | H19: =H9+H11+H13+H15+H17 -> 221381.37 | I19: =I9+I11+I13+I15+I17 -> 15013.089 | J19: =J9+J11+J13+J15+J17 -> 1703110.9 | N19: =N9+N11+N13+N15+N17 -> 335866.21 | O19: =O9+O11+O13+O15+O17 -> 662666.91 | P19: =P9+P11+P13+P15+P17 -> 204689.21 | Q19: =Q9+Q11+Q13+Q15+Q17 -> 13881.103 | R19: =R9+R11+R13+R15+R17 -> 1574696.3
B20: Бортовое содержание 1,2
C21: =D21/E21 -> 4357494 | D21: 16514902 | E21: 3.79 | F21: 2.1399887 | G21: 4.3208042 | H21: 1.3333159 | I21: 0.8984065 | J21: 102.42636 | K21: 7.54 | L21: 12.13 | M21: =D21*((100-K21)/100)/((100-L21)/100) -> 17377579 | N21: =N22/$M21*100 -> 1.880408 | O21: =O22/$M21*100 -> 3.7966906 | P21: =P22/$M21*100 -> 1.1715846 | Q21: =Q22/$M21*1000 -> 0.78942979 | R21: =R22/$M21*1000 -> 90.002043
F22: =$D21*F21/100 -> 353417.03 | G22: =$D21*G21/100 -> 713576.58 | H22: =$D21*H21/100 -> 220195.81 | I22: =$D21*I21/1000 -> 14837.095 | J22: =$D21*J21/1000 -> 1691561.3 | N22: =F22*((100-$K21)/100) -> 326769.39 | O22: =G22*((100-$K21)/100) -> 659772.91 | P22: =H22*((100-$K21)/100) -> 203593.04 | Q22: =I22*((100-$K21)/100) -> 13718.378 | R22: =J22*((100-$K21)/100) -> 1564017.6
B29: Итого по бортовому содержанию 1,2 | C29: =SUM(C21:C28) -> 4357494 | D29: =SUM(D21:D28) -> 16514902 | E29: =E21 -> 3.79 | F29: =F30/D29*100 -> 2.1399887 | G29: =G30/D29*100 -> 4.3208042 | H29: =H30/D29*100 -> 1.3333159 | I29: =I30/D29*1000 -> 0.8984065 | J29: =J30/D29*1000 -> 102.42636 | M29: =SUM(M21:M28) -> 17377579 | N29: =N30/M29*100 -> 1.880408 | O29: =O30/M29*100 -> 3.7966906 | P29: =P30/M29*100 -> 1.1715846 | Q29: =Q30/M29*1000 -> 0.78942979 | R29: =R30/$M29*1000 -> 90.002043
F30: =F22+F24+F26+F28 -> 353417.03 | G30: =G22+G24+G26+G28 -> 713576.58 | H30: =H22+H24+H26+H28 -> 220195.81 | I30: =I22+I24+I26+I28 -> 14837.095 | J30: =J22+J24+J26+J28 -> 1691561.3 | N30: =N22+N24+N26+N28 -> 326769.39 | O30: =O22+O24+O26+O28 -> 659772.91 | P30: =P22+P24+P26+P28 -> 203593.04 | Q30: =Q22+Q24+Q26+Q28 -> 13718.378 | R30: =R22+R24+R26+R28 -> 1564017.6
B31: Бортовое содержание 1,5
C32: =D32/E32 -> 4026487.4 | D32: 15260387 | E32: 3.79 | F32: 2.2222738 | G32: 4.6357643 | H32: 1.4278682 | I32: 0.95466971 | J32: 109.43736 | K32: 7.54 | L32: 12.13 | M32: =D32*((100-K32)/100)/((100-L32)/100) -> 16057533 | N32: =N33/$M32*100 -> 1.952712 | O32: =O33/$M32*100 -> 4.0734461 | P32: =P33/$M32*100 -> 1.2546678 | Q32: =Q33/$M32*1000 -> 0.83886828 | R32: =R33/$M32*1000 -> 96.162608
F33: =$D32*F32/100 -> 339127.59 | G33: =$D32*G32/100 -> 707435.58 | H33: =$D32*H32/100 -> 217898.22 | I33: =$D32*I32/1000 -> 14568.63 | J33: =$D32*J32/1000 -> 1670056.5 | N33: =F33*((100-$K32)/100) -> 313557.37 | O33: =G33*((100-$K32)/100) -> 654094.94 | P33: =H33*((100-$K32)/100) -> 201468.69 | Q33: =I33*((100-$K32)/100) -> 13470.155 | R33: =J33*((100-$K32)/100) -> 1544134.2
B40: Итого по бортовому содержанию 1,5 | C40: =SUM(C32:C39) -> 4026487.4 | D40: =SUM(D32:D39) -> 15260387 | E40: =E32 -> 3.79 | F40: =F41/D40*100 -> 2.2222738 | G40: =G41/D40*100 -> 4.6357643 | H40: =H41/D40*100 -> 1.4278682 | I40: =I41/D40*1000 -> 0.95466971 | J40: =J41/D40*1000 -> 109.43736 | M40: =SUM(M32:M39) -> 16057533 | N40: =N41/M40*100 -> 1.952712 | O40: =O41/M40*100 -> 4.0734461 | P40: =P41/M40*100 -> 1.2546678 | Q40: =Q41/M40*1000 -> 0.83886828 | R40: =R41/$M40*1000 -> 96.162608
F41: =F33+F35+F37+F39 -> 339127.59 | G41: =G33+G35+G37+G39 -> 707435.58 | H41: =H33+H35+H37+H39 -> 217898.22 | I41: =I33+I35+I37+I39 -> 14568.63 | J41: =J33+J35+J37+J39 -> 1670056.5 | N41: =N33+N35+N37+N39 -> 313557.37 | O41: =O33+O35+O37+O39 -> 654094.94 | P41: =P33+P35+P37+P39 -> 201468.69 | Q41: =Q33+Q35+Q37+Q39 -> 13470.155 | R41: =R33+R35+R37+R39 -> 1544134.2
B75: Итого по месторождению | C75: =C18+C29+C40+C51+C60+C71+C73 -> 13061926 | D75: =D18+D29+D40+D51+D60+D71+D73 -> 49504698 | E75: =D75/C75 -> 3.79 | F75: =F76/D75*100 -> 2.1327275 | G75: =G76/D75*100 -> 4.3182139 | H75: =H76/D75*100 -> 1.3321471 | I75: =I76/D75*1000 -> 0.89726463 | J75: =J76/D75*1000 -> 102.30804 | M75: =M18+M29+M40+M51+M60+M71+M73 -> 52090638 | N75: =N76/M75*100 -> 1.8740277 | O75: =O76/M75*100 -> 3.7944146 | P75: =P76/M75*100 -> 1.1705577 | Q75: =Q76/M75*1000 -> 0.78842643 | R75: =R76/$M75*1000 -> 89.898077
F76: =F19+F30+F41+F52+F61+F72+F74 -> 1055800.3 | G76: =G19+G30+G41+G52+G61+G72+G74 -> 2137718.7 | H76: =H19+H30+H41+H52+H61+H72+H74 -> 659475.39 | I76: =I19+I30+I41+I52+I61+I72+I74 -> 44418.814 | J76: =J19+J30+J41+J52+J61+J72+J74 -> 5064728.7 | N76: =N19+N30+N41+N52+N61+N72+N74 -> 976192.97 | O76: =O19+O30+O41+O52+O61+O72+O74 -> 1976534.8 | P76: =P19+P30+P41+P52+P61+P72+P74 -> 609750.95 | Q76: =Q19+Q30+Q41+Q52+Q61+Q72+Q74 -> 41069.636 | R76: =R19+R30+R41+R52+R61+R72+R74 -> 4682848.2

Sheet ФЭМ 1.2
L1: 1
B2: ПРИЛОЖЕНИЕ ___ Таблица __
B3: Финансово-экономическая модель отработки минеральных ресурсов месторождения Артемьевское подземным способом (БОРТ 1.2)
E4: 2023 | F4: 2024 | G4: 2025 | H4: 2026 | I4: 2027 | J4: 2028 | K4: 2029 | L4: 2030 | M4: 2031 | N4: 2032 | O4: 2033 | P4: 2034 | Q4: 2035 | R4: 2036
B5: Показатели | C5: Ед.изм. | D5: Всего | F5: в том числе по годам
E6: -1 | F6: 1 | G6: =F6+1 -> 2 | H6: =G6+1 -> 3 | I6: =H6+1 -> 4 | J6: =I6+1 -> 5 | K6: =J6+1 -> 6 | L6: =K6+1 -> 7 | M6: =L6+1 -> 8 | N6: =M6+1 -> 9 | ... R6: =Q6+1 -> 13
B7: Минеральные ресурсы | C7: тыс.т. | D7: ='Расч эксп запасов'!D7 -> 16514.902
B8: Содержание металла
B9: - медь | C9: % | D9: ='Расч эксп запасов'!E7 -> 2.1399887
B10: - цинк | C10: % | D10: ='Расч эксп запасов'!F7 -> 4.3208042
B11: - свинец | C11: % | D11: ='Расч эксп запасов'!G7 -> 1.3333159
B12: - золото | C12: г/т | D12: ='Расч эксп запасов'!H7 -> 0.8984065
B13: - серебро | C13: г/т | D13: ='Расч эксп запасов'!I7 -> 102.42636
B14: Количество металла
B15: - медь | C15: т. | D15: ='Расч эксп запасов'!J7 -> 353417.03
B16: - цинк | C16: т. | D16: ='Расч эксп запасов'!K7 -> 713576.58
B17: - свинец | C17: т. | D17: ='Расч эксп запасов'!L7 -> 220195.81
B18: - золото | C18: кг. | D18: ='Расч эксп запасов'!M7 -> 14837.095
B19: - серебро | C19: кг. | D19: ='Расч эксп запасов'!N7 -> 1691561.3
B20: Потери | C20: % | D20: ='Расч эксп запасов'!C12/100 -> 0.0754
B21: Разубоживание | C21: % | D21: ='Расч эксп запасов'!C17/100 -> 0.1213
B22: Эксплуатационная руда | C22: тыс. т | D22: =SUM(F22:R22) -> 17377.579 | F22: =календари!F21 -> 1250 | G22: =календари!G21 -> 1300 | H22: =календари!H21 -> 1400 | I22: =календари!I21 -> 1500 | J22: =календари!J21 -> 1500 | K22: =календари!K21 -> 1500 | L22: =календари!L21 -> 1500 | M22: =календари!M21 -> 1500 | ... R22: =календари!R21 -> 627.579
B23: Содержание в эксплуатационных запасах:
B24: - медь | C24: % | D24: =AVERAGE(F24:R24) -> 1.8804058 | F24: =F30/F22/10 -> 1.8804058 | G24: =G30/G22/10 -> 1.8804058 | H24: =H30/H22/10 -> 1.8804058 | I24: =I30/I22/10 -> 1.8804058 | J24: =J30/J22/10 -> 1.8804058 | K24: =K30/K22/10 -> 1.8804058 | L24: =L30/L22/10 -> 1.8804058 | M24: =M30/M22/10 -> 1.8804058 | ... R24: =R30/R22/10 -> 1.8804058
B25: - цинк | C25: % | D25: =AVERAGE(F25:R25) -> 3.7966911 | F25: =F31/F22/10 -> 3.7966911 | G25: =G31/G22/10 -> 3.7966911 | H25: =H31/H22/10 -> 3.7966911 | I25: =I31/I22/10 -> 3.7966911 | J25: =J31/J22/10 -> 3.7966911 | K25: =K31/K22/10 -> 3.7966911 | L25: =L31/L22/10 -> 3.7966911 | M25: =M31/M22/10 -> 3.7966911 | ... R25: =R31/R22/10 -> 3.7966911
B26: - свинец | C26: % | D26: =AVERAGE(F26:R26) -> 1.1715844 | F26: =F32/F22/10 -> 1.1715844 | G26: =G32/G22/10 -> 1.1715844 | H26: =H32/H22/10 -> 1.1715844 | I26: =I32/I22/10 -> 1.1715844 | J26: =J32/J22/10 -> 1.1715844 | K26: =K32/K22/10 -> 1.1715844 | L26: =L32/L22/10 -> 1.1715844 | M26: =M32/M22/10 -> 1.1715844 | ... R26: =R32/R22/10 -> 1.1715844
B27: - золото | C27: г/т | D27: =AVERAGE(F27:R27) -> 0.78940801 | F27: =F33/F22 -> 0.78940801 | G27: =G33/G22 -> 0.78940801 | H27: =H33/H22 -> 0.78940801 | I27: =I33/I22 -> 0.78940801 | J27: =J33/J22 -> 0.78940801 | K27: =K33/K22 -> 0.78940801 | L27: =L33/L22 -> 0.78940801 | M27: =M33/M22 -> 0.78940801 | ... R27: =R33/R22 -> 0.78940801
B28: - серебро | C28: г/т | D28: =AVERAGE(F28:R28) -> 90.002065 | F28: =F34/F22 -> 90.002065 | G28: =G34/G22 -> 90.002065 | H28: =H34/H22 -> 90.002065 | I28: =I34/I22 -> 90.002065 | J28: =J34/J22 -> 90.002065 | K28: =K34/K22 -> 90.002065 | L28: =L34/L22 -> 90.002065 | M28: =M34/M22 -> 90.002065 | ... R28: =R34/R22 -> 90.002065
B29: Количество металла в эксплуатационных запасах:
B30: - медь | C30: тонн | D30: =SUM(F30:R30) -> 326769 | F30: =календари!F27*1000 -> 23505.072 | G30: =календари!G27*1000 -> 24445.275 | H30: =календари!H27*1000 -> 26325.681 | I30: =календари!I27*1000 -> 28206.087 | J30: =календари!J27*1000 -> 28206.087 | K30: =календари!K27*1000 -> 28206.087 | L30: =календари!L27*1000 -> 28206.087 | M30: =календари!M27*1000 -> 28206.087 | ... R30: =календари!R27*1000 -> 11801.032
B31: - цинк | C31: тонн | D31: =SUM(F31:R31) -> 659773 | F31: =календари!F28*1000 -> 47458.639 | G31: =календари!G28*1000 -> 49356.985 | H31: =календари!H28*1000 -> 53153.676 | I31: =календари!I28*1000 -> 56950.367 | J31: =календари!J28*1000 -> 56950.367 | K31: =календари!K28*1000 -> 56950.367 | L31: =календари!L28*1000 -> 56950.367 | M31: =календари!M28*1000 -> 56950.367 | ... R31: =календари!R28*1000 -> 23827.236
B32: - свинец | C32: тонн | D32: =SUM(F32:R32) -> 203593 | F32: =календари!F29*1000 -> 14644.805 | G32: =календари!G29*1000 -> 15230.597 | H32: =календари!H29*1000 -> 16402.181 | I32: =календари!I29*1000 -> 17573.766 | J32: =календари!J29*1000 -> 17573.766 | K32: =календари!K29*1000 -> 17573.766 | L32: =календари!L29*1000 -> 17573.766 | M32: =календари!M29*1000 -> 17573.766 | ... R32: =календари!R29*1000 -> 7352.6175
B33: - золото | C33: кг | D33: =SUM(F33:R33) -> 13718 | F33: =календари!F30 -> 986.76001 | G33: =календари!G30 -> 1026.2304 | H33: =календари!H30 -> 1105.1712 | I33: =календари!I30 -> 1184.112 | J33: =календари!J30 -> 1184.112 | K33: =календари!K30 -> 1184.112 | L33: =календари!L30 -> 1184.112 | M33: =календари!M30 -> 1184.112 | ... R33: =календари!R30 -> 495.41589
B34: - серебро | C34: кг | D34: =SUM(F34:R34) -> 1564018 | F34: =календари!F31 -> 112502.58 | G34: =календари!G31 -> 117002.68 | H34: =календари!H31 -> 126002.89 | I34: =календари!I31 -> 135003.1 | J34: =календари!J31 -> 135003.1 | K34: =календари!K31 -> 135003.1 | L34: =календари!L31 -> 135003.1 | M34: =календари!M31 -> 135003.1 | ... R34: =календари!R31 -> 56483.406
B35: ПЕРЕРАБОТКА
B36: Годовой объем руды, поступающей на ОФ | C36: тыс. т | D36: =SUM(F36:R36) -> 17377.579 | F36: =F22 -> 1250 | G36: =G22 -> 1300 | H36: =H22 -> 1400 | I36: =I22 -> 1500 | J36: =J22 -> 1500 | K36: =K22 -> 1500 | L36: =L22 -> 1500 | M36: =M22 -> 1500 | ... R36: =R22 -> 627.579
B37: Выход концентратов:
B38: -медного | C38: % | D38: ='Данные по переработке'!B3/100 -> 0.0715 | F38: =$D$38 -> 0.0715 | G38: =$D$38 -> 0.0715 | H38: =$D$38 -> 0.0715 | I38: =$D$38 -> 0.0715 | J38: =$D$38 -> 0.0715 | K38: =$D$38 -> 0.0715 | L38: =$D$38 -> 0.0715 | M38: =$D$38 -> 0.0715 | ... R38: =$D$38 -> 0.0715
B39: -свинцового | C39: % | D39: ='Данные по переработке'!B4/100 -> 0.0202 | F39: =$D$39 -> 0.0202 | G39: =$D$39 -> 0.0202 | H39: =$D$39 -> 0.0202 | I39: =$D$39 -> 0.0202 | J39: =$D$39 -> 0.0202 | K39: =$D$39 -> 0.0202 | L39: =$D$39 -> 0.0202 | M39: =$D$39 -> 0.0202 | ... R39: =$D$39 -> 0.0202
B40: -цинкового | C40: % | D40: ='Данные по переработке'!B5/100 -> 0.0814 | F40: =$D$40 -> 0.0814 | G40: =$D$40 -> 0.0814 | H40: =$D$40 -> 0.0814 | I40: =$D$40 -> 0.0814 | J40: =$D$40 -> 0.0814 | K40: =$D$40 -> 0.0814 | L40: =$D$40 -> 0.0814 | M40: =$D$40 -> 0.0814 | ... R40: =$D$40 -> 0.0814
B42: Количество концентратов:
B43: -медного | C43: тонн | D43: =SUM(F43:R43) -> 1242496.9 | F43: =F36*1000*F38 -> 89375 | G43: =G36*1000*G38 -> 92950 | H43: =H36*1000*H38 -> 100100 | I43: =I36*1000*I38 -> 107250 | J43: =J36*1000*J38 -> 107250 | K43: =K36*1000*K38 -> 107250 | L43: =L36*1000*L38 -> 107250 | M43: =M36*1000*M38 -> 107250 | ... R43: =R36*1000*R38 -> 44871.899
B44: -свинцового | C44: тонн | D44: =SUM(F44:R44) -> 351027.1 | F44: =F36*1000*F39 -> 25250 | G44: =G36*1000*G39 -> 26260 | H44: =H36*1000*H39 -> 28280 | I44: =I36*1000*I39 -> 30300 | J44: =J36*1000*J39 -> 30300 | K44: =K36*1000*K39 -> 30300 | L44: =L36*1000*L39 -> 30300 | M44: =M36*1000*M39 -> 30300 | ... R44: =R36*1000*R39 -> 12677.096
B45: -цинкового | C45: тонн | D45: =SUM(F45:R45) -> 1414534.9 | F45: =F36*1000*F40 -> 101750 | G45: =G36*1000*G40 -> 105820 | H45: =H36*1000*H40 -> 113960 | I45: =I36*1000*I40 -> 122100 | J45: =J36*1000*J40 -> 122100 | K45: =K36*1000*K40 -> 122100 | L45: =L36*1000*L40 -> 122100 | M45: =M36*1000*M40 -> 122100 | ... R45: =R36*1000*R40 -> 51084.931
B46: Извлечение металлов из руды в концентраты:
B47: - в медный:
B48: - медь | C48: % | D48: ='Данные по переработке'!H3/100 -> 0.8765 | F48: =D48 -> 0.8765 | G48: =F48 -> 0.8765 | H48: =G48 -> 0.8765 | I48: =H48 -> 0.8765 | J48: =I48 -> 0.8765 | K48: =J48 -> 0.8765 | L48: =K48 -> 0.8765 | M48: =L48 -> 0.8765 | N48: =M48 -> 0.8765 | ... R48: =Q48 -> 0.8765
B49: - золото | C49: % | D49: ='Данные по переработке'!K3/100 -> 0.49 | F49: =D49 -> 0.49 | G49: =F49 -> 0.49 | H49: =G49 -> 0.49 | I49: =H49 -> 0.49 | J49: =I49 -> 0.49 | K49: =J49 -> 0.49 | L49: =K49 -> 0.49 | M49: =L49 -> 0.49 | N49: =M49 -> 0.49 | ... R49: =Q49 -> 0.49
B50: - серебро | C50: % | D50: ='Данные по переработке'!L3/100 -> 0.5827 | F50: =D50 -> 0.5827 | G50: =F50 -> 0.5827 | H50: =G50 -> 0.5827 | I50: =H50 -> 0.5827 | J50: =I50 -> 0.5827 | K50: =J50 -> 0.5827 | L50: =K50 -> 0.5827 | M50: =L50 -> 0.5827 | N50: =M50 -> 0.5827 | ... R50: =Q50 -> 0.5827
B51: - в свинцовый:
B52: - свинец | C52: % | D52: ='Данные по переработке'!I4/100 -> 0.6524 | F52: =D52 -> 0.6524 | G52: =F52 -> 0.6524 | H52: =G52 -> 0.6524 | I52: =H52 -> 0.6524 | J52: =I52 -> 0.6524 | K52: =J52 -> 0.6524 | L52: =K52 -> 0.6524 | M52: =L52 -> 0.6524 | N52: =M52 -> 0.6524 | ... R52: =Q52 -> 0.6524
B53: - золото | C53: % | D53: ='Данные по переработке'!K4/100 -> 0.1404 | F53: =D53 -> 0.1404 | G53: =F53 -> 0.1404 | H53: =G53 -> 0.1404 | I53: =H53 -> 0.1404 | J53: =I53 -> 0.1404 | K53: =J53 -> 0.1404 | L53: =K53 -> 0.1404 | M53: =L53 -> 0.1404 | N53: =M53 -> 0.1404 | ... R53: =Q53 -> 0.1404
B54: - серебро | C54: % | D54: ='Данные по переработке'!L4/100 -> 0.093 | F54: =D54 -> 0.093 | G54: =F54 -> 0.093 | H54: =G54 -> 0.093 | I54: =H54 -> 0.093 | J54: =I54 -> 0.093 | K54: =J54 -> 0.093 | L54: =K54 -> 0.093 | M54: =L54 -> 0.093 | N54: =M54 -> 0.093 | ... R54: =Q54 -> 0.093
B55: - в цинковый:
B56: - цинк | C56: % | D56: ='Данные по переработке'!J5/100 -> 0.8504 | F56: =D56 -> 0.8504 | G56: =F56 -> 0.8504 | H56: =G56 -> 0.8504 | I56: =H56 -> 0.8504 | J56: =I56 -> 0.8504 | K56: =J56 -> 0.8504 | L56: =K56 -> 0.8504 | M56: =L56 -> 0.8504 | N56: =M56 -> 0.8504 | ... R56: =Q56 -> 0.8504
B57: - серебро | C57: % | D57: ='Данные по переработке'!L5/100 -> 0.1115 | F57: =D57 -> 0.1115 | G57: =F57 -> 0.1115 | H57: =G57 -> 0.1115 | I57: =H57 -> 0.1115 | J57: =I57 -> 0.1115 | K57: =J57 -> 0.1115 | L57: =K57 -> 0.1115 | M57: =L57 -> 0.1115 | N57: =M57 -> 0.1115 | ... R57: =Q57 -> 0.1115
B58: Количество металлов в концентратах:
B59: - в медном:
B60: - медь | C60: тонн | D60: =SUM(F60:R60) -> 286413.03 | F60: =F30*F48 -> 20602.196 | G60: =G30*G48 -> 21426.284 | H60: =H30*H48 -> 23074.459 | I60: =I30*I48 -> 24722.635 | J60: =J30*J48 -> 24722.635 | K60: =K30*K48 -> 24722.635 | L60: =L30*L48 -> 24722.635 | M60: =M30*M48 -> 24722.635 | ... R60: =R30*R48 -> 10343.604
B61: - золото | C61: кг | D61: =SUM(F61:R61) -> 6721.82 | F61: =F33*F49 -> 483.5124 | G61: =G33*G49 -> 502.8529 | H61: =H33*H49 -> 541.53389 | I61: =I33*I49 -> 580.21488 | J61: =J33*J49 -> 580.21488 | K61: =K33*K49 -> 580.21488 | L61: =L33*L49 -> 580.21488 | M61: =M33*M49 -> 580.21488 | ... R61: =R33*R49 -> 242.75378
B62: - серебро | C62: кг | D62: =SUM(F62:R62) -> 911353.29 | F62: =F34*F50 -> 65555.254 | G62: =G34*G50 -> 68177.464 | H62: =H34*H50 -> 73421.885 | I62: =I34*I50 -> 78666.305 | J62: =J34*J50 -> 78666.305 | K62: =K34*K50 -> 78666.305 | L62: =L34*L50 -> 78666.305 | M62: =M34*M50 -> 78666.305 | ... R62: =R34*R50 -> 32912.881
B63: - в свинцовом:
B64: - свинец | C64: тонн | D64: =SUM(F64:R64) -> 132824.07 | F64: =F32*F52 -> 9554.2706 | G64: =G32*G52 -> 9936.4414 | H64: =H32*H52 -> 10700.783 | I64: =I32*I52 -> 11465.125 | J64: =J32*J52 -> 11465.125 | K64: =K32*K52 -> 11465.125 | L64: =L32*L52 -> 11465.125 | M64: =M32*M52 -> 11465.125 | ... R64: =R32*R52 -> 4796.8477
B65: - золото | C65: кг | D65: =SUM(F65:R65) -> 1926.0072 | F65: =F33*F53 -> 138.54111 | G65: =G33*G53 -> 144.08275 | H65: =H33*H53 -> 155.16604 | I65: =I33*I53 -> 166.24933 | J65: =J33*J53 -> 166.24933 | K65: =K33*K53 -> 166.24933 | L65: =L33*L53 -> 166.24933 | M65: =M33*M53 -> 166.24933 | ... R65: =R33*R53 -> 69.556391
B66: - серебро | C66: кг | D66: =SUM(F66:R66) -> 145453.67 | F66: =F34*F54 -> 10462.74 | G66: =G34*G54 -> 10881.25 | H66: =H34*H54 -> 11718.269 | I66: =I34*I54 -> 12555.288 | J66: =J34*J54 -> 12555.288 | K66: =K34*K54 -> 12555.288 | L66: =L34*L54 -> 12555.288 | M66: =M34*M54 -> 12555.288 | ... R66: =R34*R54 -> 5252.9568
B67: - в цинковом:
B68: - цинк | C68: тонн | D68: =SUM(F68:R68) -> 561070.96 | F68: =F31*F56 -> 40358.827 | G68: =G31*G56 -> 41973.18 | H68: =H31*H56 -> 45201.886 | I68: =I31*I56 -> 48430.592 | J68: =J31*J56 -> 48430.592 | K68: =K31*K56 -> 48430.592 | L68: =L31*L56 -> 48430.592 | M68: =M31*M56 -> 48430.592 | ... R68: =R31*R56 -> 20262.682
B69: - серебро | C69: кг | D69: =SUM(F69:R69) -> 174388.01 | F69: =F34*F57 -> 12544.038 | G69: =G34*G57 -> 13045.799 | H69: =H34*H57 -> 14049.322 | I69: =I34*I57 -> 15052.845 | J69: =J34*J57 -> 15052.845 | K69: =K34*K57 -> 15052.845 | L69: =L34*L57 -> 15052.845 | M69: =M34*M57 -> 15052.845 | ... R69: =R34*R57 -> 6297.8998
B70: Содержание металлов в концентратах:
B71: - в медном:
B72: - медь | C72: % | D72: =AVERAGE(F72:R72) -> 23.051408 | F72: =F60/F43*100 -> 23.051408 | G72: =G60/G43*100 -> 23.051408 | H72: =H60/H43*100 -> 23.051408 | I72: =I60/I43*100 -> 23.051408 | J72: =J60/J43*100 -> 23.051408 | K72: =K60/K43*100 -> 23.051408 | L72: =L60/L43*100 -> 23.051408 | M72: =M60/M43*100 -> 23.051408 | ... R72: =R60/R43*100 -> 23.051408
B73: - золото | C73: г/т | D73: =AVERAGE(F73:R73) -> 5.409929 | F73: =F61/F43*1000 -> 5.409929 | G73: =G61/G43*1000 -> 5.409929 | H73: =H61/H43*1000 -> 5.409929 | I73: =I61/I43*1000 -> 5.409929 | J73: =J61/J43*1000 -> 5.409929 | K73: =K61/K43*1000 -> 5.409929 | L73: =L61/L43*1000 -> 5.409929 | M73: =M61/M43*1000 -> 5.409929 | ... R73: =R61/R43*1000 -> 5.409929
B74: - серебро | C74: г/т | D74: =AVERAGE(F74:R74) -> 733.48536 | F74: =F62/F43*1000 -> 733.48536 | G74: =G62/G43*1000 -> 733.48536 | H74: =H62/H43*1000 -> 733.48536 | I74: =I62/I43*1000 -> 733.48536 | J74: =J62/J43*1000 -> 733.48536 | K74: =K62/K43*1000 -> 733.48536 | L74: =L62/L43*1000 -> 733.48536 | M74: =M62/M43*1000 -> 733.48536 | ... R74: =R62/R43*1000 -> 733.48536
B75: - в свинцовом:
B76: - свинец | C76: % | D76: =AVERAGE(F76:R76) -> 37.838695 | F76: =F64/F44*100 -> 37.838695 | G76: =G64/G44*100 -> 37.838695 | H76: =H64/H44*100 -> 37.838695 | I76: =I64/I44*100 -> 37.838695 | J76: =J64/J44*100 -> 37.838695 | K76: =K64/K44*100 -> 37.838695 | L76: =L64/L44*100 -> 37.838695 | M76: =M64/M44*100 -> 37.838695 | ... R76: =R64/R44*100 -> 37.838695
B77: - золото | C77: г/т | D77: =AVERAGE(F77:R77) -> 0.54867764 | F77: =F65/F44*100 -> 0.54867764 | G77: =G65/G44*100 -> 0.54867764 | H77: =H65/H44*100 -> 0.54867764 | I77: =I65/I44*100 -> 0.54867764 | J77: =J65/J44*100 -> 0.54867764 | K77: =K65/K44*100 -> 0.54867764 | L77: =L65/L44*100 -> 0.54867764 | M77: =M65/M44*100 -> 0.54867764 | ... R77: =R65/R44*100 -> 0.54867764
B78: - серебро | C78: г/т | D78: =AVERAGE(F78:R78) -> 41.436594 | F78: =F66/F44*100 -> 41.436594 | G78: =G66/G44*100 -> 41.436594 | H78: =H66/H44*100 -> 41.436594 | I78: =I66/I44*100 -> 41.436594 | J78: =J66/J44*100 -> 41.436594 | K78: =K66/K44*100 -> 41.436594 | L78: =L66/L44*100 -> 41.436594 | M78: =M66/M44*100 -> 41.436594 | ... R78: =R66/R44*100 -> 41.436594
B79: - в цинковом:
B80: - цинк | C80: % | D80: =AVERAGE(F80:R80) -> 39.664695 | F80: =F68/F45*100 -> 39.664695 | G80: =G68/G45*100 -> 39.664695 | H80: =H68/H45*100 -> 39.664695 | I80: =I68/I45*100 -> 39.664695 | J80: =J68/J45*100 -> 39.664695 | K80: =K68/K45*100 -> 39.664695 | L80: =L68/L45*100 -> 39.664695 | M80: =M68/M45*100 -> 39.664695 | ... R80: =R68/R45*100 -> 39.664695
B81: - серебро | C81: г/т | D81: =AVERAGE(F81:R81) -> 12.328293 | F81: =F69/F45*100 -> 12.328293 | G81: =G69/G45*100 -> 12.328293 | H81: =H69/H45*100 -> 12.328293 | I81: =I69/I45*100 -> 12.328293 | J81: =J69/J45*100 -> 12.328293 | K81: =K69/K45*100 -> 12.328293 | L81: =L69/L45*100 -> 12.328293 | M81: =M69/M45*100 -> 12.328293 | ... R81: =R69/R45*100 -> 12.328293
B82: Извлечение при металлургии:
B83: - меди катодной | C83: % | D83: ='И. Д.'!F47/100 -> 0.935 | F83: =D83 -> 0.935 | G83: =D83 -> 0.935 | H83: =G83 -> 0.935 | I83: =H83 -> 0.935 | J83: =I83 -> 0.935 | K83: =J83 -> 0.935 | L83: =K83 -> 0.935 | M83: =L83 -> 0.935 | N83: =M83 -> 0.935 | O83: =N83 -> 0.935 | ... R83: =Q83 -> 0.935
B84: - золота аффинированного | C84: % | D84: ='И. Д.'!F48/100 -> 0.91 | F84: =D84 -> 0.91 | G84: =D84 -> 0.91 | H84: =G84 -> 0.91 | I84: =H84 -> 0.91 | J84: =I84 -> 0.91 | K84: =J84 -> 0.91 | L84: =K84 -> 0.91 | M84: =L84 -> 0.91 | N84: =M84 -> 0.91 | O84: =N84 -> 0.91 | ... R84: =Q84 -> 0.91
B85: - серебра аффинированного | C85: % | D85: ='И. Д.'!F49/100 -> 0.9 | F85: =D85 -> 0.9 | G85: =D85 -> 0.9 | H85: =G85 -> 0.9 | I85: =H85 -> 0.9 | J85: =I85 -> 0.9 | K85: =J85 -> 0.9 | L85: =K85 -> 0.9 | M85: =L85 -> 0.9 | N85: =M85 -> 0.9 | O85: =N85 -> 0.9 | ... R85: =Q85 -> 0.9
B86: Объем товарной продукции:
B87: - медь катодная | C87: тонн | D87: =SUM(F87:R87) -> 267796.18 | F87: =F60*F83 -> 19263.053 | G87: =G60*G83 -> 20033.575 | H87: =H60*H83 -> 21574.619 | I87: =I60*I83 -> 23115.664 | J87: =J60*J83 -> 23115.664 | K87: =K60*K83 -> 23115.664 | L87: =L60*L83 -> 23115.664 | M87: =M60*M83 -> 23115.664 | ... R87: =R60*R83 -> 9671.2701
B88: - свинец в свинцовом концентрате | C88: тонн | D88: =SUM(F88:R88) -> 120869.91 | F88: =F64*F84 -> 8694.3862 | G88: =G64*G84 -> 9042.1617 | H88: =H64*H84 -> 9737.7126 | I88: =I64*I84 -> 10433.263 | J88: =J64*J84 -> 10433.263 | K88: =K64*K84 -> 10433.263 | L88: =L64*L84 -> 10433.263 | M88: =M64*M84 -> 10433.263 | ... R88: =R64*R84 -> 4365.1314
B89: - цинк в цинковом концентрате | C89: тонн | D89: =SUM(F89:R89) -> 561070.96 | F89: =F68 -> 40358.827 | G89: =G68 -> 41973.18 | H89: =H68 -> 45201.886 | I89: =I68 -> 48430.592 | J89: =J68 -> 48430.592 | K89: =K68 -> 48430.592 | L89: =L68 -> 48430.592 | M89: =M68 -> 48430.592 | ... R89: =R68 -> 20262.682
B90: - золото аффинированное | C90: кг | D90: =SUM(F90:R90) -> 6116.8562 | F90: =F61*F84 -> 439.99629 | G90: =G61*G84 -> 457.59614 | H90: =H61*H84 -> 492.79584 | I90: =I61*I84 -> 527.99555 | J90: =J61*J84 -> 527.99555 | K90: =K61*K84 -> 527.99555 | L90: =L61*L84 -> 527.99555 | M90: =M61*M84 -> 527.99555 | ... R90: =R61*R84 -> 220.90594
B91: - серебро аффинированное | C91: кг | D91: =SUM(F91:R91) -> 820217.96 | F91: =F62*F85 -> 58999.729 | G91: =G62*G85 -> 61359.718 | H91: =H62*H85 -> 66079.696 | I91: =I62*I85 -> 70799.675 | J91: =J62*J85 -> 70799.675 | K91: =K62*K85 -> 70799.675 | L91: =L62*L85 -> 70799.675 | M91: =M62*M85 -> 70799.675 | ... R91: =R62*R85 -> 29621.593
B92: ГОРНО-ТЕХНИЧЕСКАЯ ЧАСТЬ
B93: Объемы горных работ ВСЕГО:
B94: - ГКР | C94: тыс. м3 | D94: =SUM(F94:R94) -> 56.863 | F94: =календари!F33 -> 47.497 | G94: =календари!G33 -> 9.366 | H94: =календари!H33 -> 0 | I94: =календари!I33 -> 0 | J94: =календари!J33 -> 0 | K94: =календари!K33 -> 0 | L94: =календари!L33 -> 0 | M94: =календари!M33 -> 0 | ... R94: =календари!R33 -> 0
B95: - очистная работы | C95: тыс. тонн | D95: =SUM(F95:R95) -> 17377.579 | F95: =F22 -> 1250 | G95: =G22 -> 1300 | H95: =H22 -> 1400 | I95: =I22 -> 1500 | J95: =J22 -> 1500 | K95: =K22 -> 1500 | L95: =L22 -> 1500 | M95: =M22 -> 1500 | ... R95: =R22 -> 627.579
B96: - ГПР+ГНР | C96: тыс. м3 | D96: =SUM(F96:R96) -> 769.82675 | F96: =календари!F32 -> 55.375 | G96: =календари!G32 -> 57.59 | H96: =календари!H32 -> 62.02 | I96: =календари!I32 -> 66.45 | J96: =календари!J32 -> 66.45 | K96: =календари!K32 -> 66.45 | L96: =календари!L32 -> 66.45 | M96: =календари!M32 -> 66.45 | ... R96: =календари!R32 -> 27.80175
B97: -закладка выработанного пространства | C97: тыс. м3 | D97: =SUM(F97:R97) -> 4585.1132 | F97: =F95/'И. Д.'!$G$134 -> 329.8153 | G97: =G95/'И. Д.'!$G$134 -> 343.00792 | H97: =H95/'И. Д.'!$G$134 -> 369.39314 | I97: =I95/'И. Д.'!$G$134 -> 395.77836 | J97: =J95/'И. Д.'!$G$134 -> 395.77836 | K97: =K95/'И. Д.'!$G$134 -> 395.77836 | L97: =L95/'И. Д.'!$G$134 -> 395.77836 | M97: =M95/'И. Д.'!$G$134 -> 395.77836 | ... R97: =R95/'И. Д.'!$G$134 -> 165.58813
B98: Эксплоразведочное бурение | C98: п.м. | D98: =SUM(F98:R98) -> 0
B99: Разведочное бурение | C99: п.м. | D99: =SUM(F99:R99) -> 0
B100: в том числе по рудным залежам:
B101: РАСЧЕТ ДОХОДА ОТ РЕАЛИЗАЦИИ ТОВАРНОГО ПРОДУКТА
...

Sheet ФЭМ 1.5
L1: 1
B2: ПРИЛОЖЕНИЕ ___ Таблица __
B3: Финансово-экономическая модель отработки минеральных ресурсов месторождения Артемьевское подземным способом (БОРТ 1.5)
E4: 2023 | F4: 2024 | G4: 2025 | H4: 2026 | I4: 2027 | J4: 2028 | K4: 2029 | L4: 2030 | M4: 2031 | N4: 2032 | O4: 2033 | P4: 2034 | Q4: 2035
B5: Показатели | C5: Ед.изм. | D5: Всего | F5: в том числе по годам
E6: -1 | F6: 1 | G6: =F6+1 -> 2 | H6: =G6+1 -> 3 | I6: =H6+1 -> 4 | J6: =I6+1 -> 5 | K6: =J6+1 -> 6 | L6: =K6+1 -> 7 | M6: =L6+1 -> 8 | N6: =M6+1 -> 9 | ... Q6: =P6+1 -> 12
B7: Минеральные ресурсы | C7: тыс.т. | D7: ='Расч эксп запасов'!D8 -> 15260.387
B8: Содержание металла
B9: - медь | C9: % | D9: ='Расч эксп запасов'!E8 -> 2.2222738
B10: - цинк | C10: % | D10: ='Расч эксп запасов'!F8 -> 4.6357643
B11: - свинец | C11: % | D11: ='Расч эксп запасов'!G8 -> 1.4278682
B12: - золото | C12: г/т | D12: ='Расч эксп запасов'!H8 -> 0.95466971
B13: - серебро | C13: г/т | D13: ='Расч эксп запасов'!I8 -> 109.43736
B14: Количество металла
B15: - медь | C15: т. | D15: ='Расч эксп запасов'!J8 -> 339127.59
B16: - цинк | C16: т. | D16: ='Расч эксп запасов'!K8 -> 707435.58
B17: - свинец | C17: т. | D17: ='Расч эксп запасов'!L8 -> 217898.22
B18: - золото | C18: кг. | D18: ='Расч эксп запасов'!M8 -> 14568.63
B19: - серебро | C19: кг. | D19: ='Расч эксп запасов'!N8 -> 1670056.5
B20: Потери | C20: % | D20: ='Расч эксп запасов'!C13/100 -> 0.0754
B21: Разубоживание | C21: % | D21: ='Расч эксп запасов'!C18/100 -> 0.1213
B22: Эксплуатационная руда | C22: тыс. т | D22: =SUM(F22:Q22) -> 16057.533 | F22: =календари!F36 -> 1250 | G22: =календари!G36 -> 1300 | H22: =календари!H36 -> 1400 | I22: =календари!I36 -> 1500 | J22: =календари!J36 -> 1500 | K22: =календари!K36 -> 1500 | L22: =календари!L36 -> 1500 | M22: =календари!M36 -> 1500 | ... Q22: =календари!Q36 -> 607.533
B23: Содержание в эксплуатационных запасах:
B24: - медь | C24: % | D24: =AVERAGE(F24:Q24) -> 2.0144242 | F24: =F30/F22/10 -> 1.9527097 | G24: =G30/G22/10 -> 1.8804058 | H24: =H30/H22/10 -> 1.8804058 | I24: =I30/I22/10 -> 1.8804058 | J24: =J30/J22/10 -> 1.8804058 | K24: =K30/K22/10 -> 1.8804058 | L24: =L30/L22/10 -> 1.8804058 | M24: =M30/M22/10 -> 1.8804058 | ... Q24: =Q30/Q22/10 -> 2.47612
B25: - цинк | C25: % | D25: =AVERAGE(F25:Q25) -> 4.0781825 | F25: =F31/F22/10 -> 4.0734464 | G25: =G31/G22/10 -> 3.7966911 | H25: =H31/H22/10 -> 3.7966911 | I25: =I31/I22/10 -> 3.7966911 | J25: =J31/J22/10 -> 3.7966911 | K25: =K31/K22/10 -> 3.7966911 | L25: =L31/L22/10 -> 3.7966911 | M25: =M31/M22/10 -> 3.7966911 | ... Q25: =Q31/Q22/10 -> 4.9994863
B26: - свинец | C26: % | D26: =AVERAGE(F26:Q26) -> 1.2582541 | F26: =F32/F22/10 -> 1.2546697 | G26: =G32/G22/10 -> 1.1715844 | H26: =H32/H22/10 -> 1.1715844 | I26: =I32/I22/10 -> 1.1715844 | J26: =J32/J22/10 -> 1.1715844 | K26: =K32/K22/10 -> 1.1715844 | L26: =L32/L22/10 -> 1.1715844 | M26: =M32/M22/10 -> 1.1715844 | ... Q26: =Q32/Q22/10 -> 1.5427434
B27: - золото | C27: г/т | D27: =AVERAGE(F27:Q27) -> 0.84726132 | F27: =F33/F22 -> 0.83885862 | G27: =G33/G22 -> 0.78940801 | H27: =H33/H22 -> 0.78940801 | I27: =I33/I22 -> 0.78940801 | J27: =J33/J22 -> 0.78940801 | K27: =K33/K22 -> 0.78940801 | L27: =L33/L22 -> 0.78940801 | M27: =M33/M22 -> 0.78940801 | ... Q27: =Q33/Q22 -> 1.0394932
B28: - серебро | C28: г/т | D28: =AVERAGE(F28:Q28) -> 96.64159 | F28: =F34/F22 -> 96.162592 | G28: =G34/G22 -> 90.002065 | H28: =H34/H22 -> 90.002065 | I28: =I34/I22 -> 90.002065 | J28: =J34/J22 -> 90.002065 | K28: =K34/K22 -> 90.002065 | L28: =L34/L22 -> 90.002065 | M28: =M34/M22 -> 90.002065 | ... Q28: =Q34/Q22 -> 118.5148
B29: Количество металла в эксплуатационных запасах:
B30: - медь | C30: тонн | D30: =SUM(F30:Q30) -> 315871.77 | F30: =календари!F42*1000 -> 24408.871 | G30: =календари!G27*1000 -> 24445.275 | H30: =календари!H27*1000 -> 26325.681 | I30: =календари!I27*1000 -> 28206.087 | J30: =календари!J27*1000 -> 28206.087 | K30: =календари!K27*1000 -> 28206.087 | L30: =календари!L27*1000 -> 28206.087 | M30: =календари!M27*1000 -> 28206.087 | N30: =календари!N27*1000 -> 28206.087 | ... Q30: =календари!Q27*1000 -> 15043.246
B31: - цинк | C31: тонн | D31: =SUM(F31:Q31) -> 639405.2 | F31: =календари!F43*1000 -> 50918.08 | G31: =календари!G28*1000 -> 49356.985 | H31: =календари!H28*1000 -> 53153.676 | I31: =календари!I28*1000 -> 56950.367 | J31: =календари!J28*1000 -> 56950.367 | K31: =календари!K28*1000 -> 56950.367 | L31: =календари!L28*1000 -> 56950.367 | M31: =календари!M28*1000 -> 56950.367 | N31: =календари!N28*1000 -> 56950.367 | ... Q31: =календари!Q28*1000 -> 30373.529
B32: - свинец | C32: тонн | D32: =SUM(F32:Q32) -> 197278.95 | F32: =календари!F44*1000 -> 15683.371 | G32: =календари!G29*1000 -> 15230.597 | H32: =календари!H29*1000 -> 16402.181 | I32: =календари!I29*1000 -> 17573.766 | J32: =календари!J29*1000 -> 17573.766 | K32: =календари!K29*1000 -> 17573.766 | L32: =календари!L29*1000 -> 17573.766 | M32: =календари!M29*1000 -> 17573.766 | N32: =календари!N29*1000 -> 17573.766 | ... Q32: =календари!Q29*1000 -> 9372.675
B33: - золото | C33: кг | D33: =SUM(F33:Q33) -> 13284.397 | F33: =календари!F45 -> 1048.5733 | G33: =календари!G30 -> 1026.2304 | H33: =календари!H30 -> 1105.1712 | I33: =календари!I30 -> 1184.112 | J33: =календари!J30 -> 1184.112 | K33: =календари!K30 -> 1184.112 | L33: =календари!L30 -> 1184.112 | M33: =календари!M30 -> 1184.112 | N33: =календари!N30 -> 1184.112 | ... Q33: =календари!Q30 -> 631.52641
B34: - серебро | C34: кг | D34: =SUM(F34:Q34) -> 1515235.3 | F34: =календари!F46 -> 120203.24 | G34: =календари!G31 -> 117002.68 | H34: =календари!H31 -> 126002.89 | I34: =календари!I31 -> 135003.1 | J34: =календари!J31 -> 135003.1 | K34: =календари!K31 -> 135003.1 | L34: =календари!L31 -> 135003.1 | M34: =календари!M31 -> 135003.1 | N34: =календари!N31 -> 135003.1 | ... Q34: =календари!Q31 -> 72001.652
B35: ПЕРЕРАБОТКА
B36: Годовой объем руды, поступающей на ОФ | C36: тыс. т | D36: =SUM(F36:Q36) -> 16057.533 | F36: =F22 -> 1250 | G36: =G22 -> 1300 | H36: =H22 -> 1400 | I36: =I22 -> 1500 | J36: =J22 -> 1500 | K36: =K22 -> 1500 | L36: =L22 -> 1500 | M36: =M22 -> 1500 | ... Q36: =Q22 -> 607.533
B37: Выход концентратов:
B38: -медного | C38: % | D38: ='Данные по переработке'!B3/100 -> 0.0715 | F38: =$D$38 -> 0.0715 | G38: =$D$38 -> 0.0715 | H38: =$D$38 -> 0.0715 | I38: =$D$38 -> 0.0715 | J38: =$D$38 -> 0.0715 | K38: =$D$38 -> 0.0715 | L38: =$D$38 -> 0.0715 | M38: =$D$38 -> 0.0715 | ... Q38: =$D$38 -> 0.0715
B39: -свинцового | C39: % | D39: ='Данные по переработке'!B4/100 -> 0.0202 | F39: =$D$39 -> 0.0202 | G39: =$D$39 -> 0.0202 | H39: =$D$39 -> 0.0202 | I39: =$D$39 -> 0.0202 | J39: =$D$39 -> 0.0202 | K39: =$D$39 -> 0.0202 | L39: =$D$39 -> 0.0202 | M39: =$D$39 -> 0.0202 | ... Q39: =$D$39 -> 0.0202
B40: -цинкового | C40: % | D40: ='Данные по переработке'!B5/100 -> 0.0814 | F40: =$D$40 -> 0.0814 | G40: =$D$40 -> 0.0814 | H40: =$D$40 -> 0.0814 | I40: =$D$40 -> 0.0814 | J40: =$D$40 -> 0.0814 | K40: =$D$40 -> 0.0814 | L40: =$D$40 -> 0.0814 | M40: =$D$40 -> 0.0814 | ... Q40: =$D$40 -> 0.0814
B42: Количество концентратов:
B43: -медного | C43: тонн | D43: =SUM(F43:Q43) -> 1148113.6 | F43: =F36*1000*F38 -> 89375 | G43: =G36*1000*G38 -> 92950 | H43: =H36*1000*H38 -> 100100 | I43: =I36*1000*I38 -> 107250 | J43: =J36*1000*J38 -> 107250 | K43: =K36*1000*K38 -> 107250 | L43: =L36*1000*L38 -> 107250 | M43: =M36*1000*M38 -> 107250 | ... Q43: =Q36*1000*Q38 -> 43438.61
B44: -свинцового | C44: тонн | D44: =SUM(F44:Q44) -> 324362.17 | F44: =F36*1000*F39 -> 25250 | G44: =G36*1000*G39 -> 26260 | H44: =H36*1000*H39 -> 28280 | I44: =I36*1000*I39 -> 30300 | J44: =J36*1000*J39 -> 30300 | K44: =K36*1000*K39 -> 30300 | L44: =L36*1000*L39 -> 30300 | M44: =M36*1000*M39 -> 30300 | ... Q44: =Q36*1000*Q39 -> 12272.167
B45: -цинкового | C45: тонн | D45: =SUM(F45:Q45) -> 1307083.2 | F45: =F36*1000*F40 -> 101750 | G45: =G36*1000*G40 -> 105820 | H45: =H36*1000*H40 -> 113960 | I45: =I36*1000*I40 -> 122100 | J45: =J36*1000*J40 -> 122100 | K45: =K36*1000*K40 -> 122100 | L45: =L36*1000*L40 -> 122100 | M45: =M36*1000*M40 -> 122100 | ... Q45: =Q36*1000*Q40 -> 49453.186
B46: Извлечение металлов из руды в концентраты:
B47: - в медный:
B48: - медь | C48: % | D48: ='Данные по переработке'!H3/100 -> 0.8765 | F48: =D48 -> 0.8765 | G48: =F48 -> 0.8765 | H48: =G48 -> 0.8765 | I48: =H48 -> 0.8765 | J48: =I48 -> 0.8765 | K48: =J48 -> 0.8765 | L48: =K48 -> 0.8765 | M48: =L48 -> 0.8765 | N48: =M48 -> 0.8765 | ... Q48: =P48 -> 0.8765
B49: - золото | C49: % | D49: ='Данные по переработке'!K3/100 -> 0.49 | F49: =D49 -> 0.49 | G49: =F49 -> 0.49 | H49: =G49 -> 0.49 | I49: =H49 -> 0.49 | J49: =I49 -> 0.49 | K49: =J49 -> 0.49 | L49: =K49 -> 0.49 | M49: =L49 -> 0.49 | N49: =M49 -> 0.49 | ... Q49: =P49 -> 0.49
B50: - серебро | C50: % | D50: ='Данные по переработке'!L3/100 -> 0.5827 | F50: =D50 -> 0.5827 | G50: =F50 -> 0.5827 | H50: =G50 -> 0.5827 | I50: =H50 -> 0.5827 | J50: =I50 -> 0.5827 | K50: =J50 -> 0.5827 | L50: =K50 -> 0.5827 | M50: =L50 -> 0.5827 | N50: =M50 -> 0.5827 | ... Q50: =P50 -> 0.5827
B51: - в свинцовый:
B52: - свинец | C52: % | D52: ='Данные по переработке'!I4/100 -> 0.6524 | F52: =D52 -> 0.6524 | G52: =F52 -> 0.6524 | H52: =G52 -> 0.6524 | I52: =H52 -> 0.6524 | J52: =I52 -> 0.6524 | K52: =J52 -> 0.6524 | L52: =K52 -> 0.6524 | M52: =L52 -> 0.6524 | N52: =M52 -> 0.6524 | ... Q52: =P52 -> 0.6524
B53: - золото | C53: % | D53: ='Данные по переработке'!K4/100 -> 0.1404 | F53: =D53 -> 0.1404 | G53: =F53 -> 0.1404 | H53: =G53 -> 0.1404 | I53: =H53 -> 0.1404 | J53: =I53 -> 0.1404 | K53: =J53 -> 0.1404 | L53: =K53 -> 0.1404 | M53: =L53 -> 0.1404 | N53: =M53 -> 0.1404 | ... Q53: =P53 -> 0.1404
B54: - серебро | C54: % | D54: ='Данные по переработке'!L4/100 -> 0.093 | F54: =D54 -> 0.093 | G54: =F54 -> 0.093 | H54: =G54 -> 0.093 | I54: =H54 -> 0.093 | J54: =I54 -> 0.093 | K54: =J54 -> 0.093 | L54: =K54 -> 0.093 | M54: =L54 -> 0.093 | N54: =M54 -> 0.093 | ... Q54: =P54 -> 0.093
B55: - в цинковый:
B56: - цинк | C56: % | D56: ='Данные по переработке'!J5/100 -> 0.8504 | F56: =D56 -> 0.8504 | G56: =F56 -> 0.8504 | H56: =G56 -> 0.8504 | I56: =H56 -> 0.8504 | J56: =I56 -> 0.8504 | K56: =J56 -> 0.8504 | L56: =K56 -> 0.8504 | M56: =L56 -> 0.8504 | N56: =M56 -> 0.8504 | ... Q56: =P56 -> 0.8504
B57: - серебро | C57: % | D57: ='Данные по переработке'!L5/100 -> 0.1115 | F57: =D57 -> 0.1115 | G57: =F57 -> 0.1115 | H57: =G57 -> 0.1115 | I57: =H57 -> 0.1115 | J57: =I57 -> 0.1115 | K57: =J57 -> 0.1115 | L57: =K57 -> 0.1115 | M57: =L57 -> 0.1115 | N57: =M57 -> 0.1115 | ... Q57: =P57 -> 0.1115
B58: Количество металлов в концентратах:
B59: - в медном:
B60: - медь | C60: тонн | D60: =SUM(F60:Q60) -> 276861.6 | F60: =F30*F48 -> 21394.375 | G60: =G30*G48 -> 21426.284 | H60: =H30*H48 -> 23074.459 | I60: =I30*I48 -> 24722.635 | J60: =J30*J48 -> 24722.635 | K60: =K30*K48 -> 24722.635 | L60: =L30*L48 -> 24722.635 | M60: =M30*M48 -> 24722.635 | ... Q60: =Q30*Q48 -> 13185.405
B61: - золото | C61: кг | D61: =SUM(F61:Q61) -> 6509.3547 | F61: =F33*F49 -> 513.80091 | G61: =G33*G49 -> 502.8529 | H61: =H33*H49 -> 541.53389 | I61: =I33*I49 -> 580.21488 | J61: =J33*J49 -> 580.21488 | K61: =K33*K49 -> 580.21488 | L61: =L33*L49 -> 580.21488 | M61: =M33*M49 -> 580.21488 | ... Q61: =Q33*Q49 -> 309.44794
B62: - серебро | C62: кг | D62: =SUM(F62:Q62) -> 882927.58 | F62: =F34*F50 -> 70042.428 | G62: =G34*G50 -> 68177.464 | H62: =H34*H50 -> 73421.885 | I62: =I34*I50 -> 78666.305 | J62: =J34*J50 -> 78666.305 | K62: =K34*K50 -> 78666.305 | L62: =L34*L50 -> 78666.305 | M62: =M34*M50 -> 78666.305 | ... Q62: =Q34*Q50 -> 41955.363
B63: - в свинцовом:
B64: - свинец | C64: тонн | D64: =SUM(F64:Q64) -> 128704.79 | F64: =F32*F52 -> 10231.831 | G64: =G32*G52 -> 9936.4414 | H64: =H32*H52 -> 10700.783 | I64: =I32*I52 -> 11465.125 | J64: =J32*J52 -> 11465.125 | K64: =K32*K52 -> 11465.125 | L64: =L32*L52 -> 11465.125 | M64: =M32*M52 -> 11465.125 | ... Q64: =Q32*Q52 -> 6114.7332
B65: - золото | C65: кг | D65: =SUM(F65:Q65) -> 1865.1294 | F65: =F33*F53 -> 147.21969 | G65: =G33*G53 -> 144.08275 | H65: =H33*H53 -> 155.16604 | I65: =I33*I53 -> 166.24933 | J65: =J33*J53 -> 166.24933 | K65: =K33*K53 -> 166.24933 | L65: =L33*L53 -> 166.24933 | M65: =M33*M53 -> 166.24933 | ... Q65: =Q33*Q53 -> 88.666307
B66: - серебро | C66: кг | D66: =SUM(F66:Q66) -> 140916.88 | F66: =F34*F54 -> 11178.901 | G66: =G34*G54 -> 10881.25 | H66: =H34*H54 -> 11718.269 | I66: =I34*I54 -> 12555.288 | J66: =J34*J54 -> 12555.288 | K66: =K34*K54 -> 12555.288 | L66: =L34*L54 -> 12555.288 | M66: =M34*M54 -> 12555.288 | ... Q66: =Q34*Q54 -> 6696.1537
B67: - в цинковом:
B68: - цинк | C68: тонн | D68: =SUM(F68:Q68) -> 543750.19 | F68: =F31*F56 -> 43300.735 | G68: =G31*G56 -> 41973.18 | H68: =H31*H56 -> 45201.886 | I68: =I31*I56 -> 48430.592 | J68: =J31*J56 -> 48430.592 | K68: =K31*K56 -> 48430.592 | L68: =L31*L56 -> 48430.592 | M68: =M31*M56 -> 48430.592 | ... Q68: =Q31*Q56 -> 25829.649
B69: - серебро | C69: кг | D69: =SUM(F69:Q69) -> 168948.73 | F69: =F34*F57 -> 13402.661 | G69: =G34*G57 -> 13045.799 | H69: =H34*H57 -> 14049.322 | I69: =I34*I57 -> 15052.845 | J69: =J34*J57 -> 15052.845 | K69: =K34*K57 -> 15052.845 | L69: =L34*L57 -> 15052.845 | M69: =M34*M57 -> 15052.845 | ... Q69: =Q34*Q57 -> 8028.1842
B70: Содержание металлов в концентратах:
B71: - в медном:
B72: - медь | C72: % | D72: =AVERAGE(F72:Q72) -> 24.694305 | F72: =F60/F43*100 -> 23.937763 | G72: =G60/G43*100 -> 23.051408 | H72: =H60/H43*100 -> 23.051408 | I72: =I60/I43*100 -> 23.051408 | J72: =J60/J43*100 -> 23.051408 | K72: =K60/K43*100 -> 23.051408 | L72: =L60/L43*100 -> 23.051408 | M72: =M60/M43*100 -> 23.051408 | ... Q72: =Q60/Q43*100 -> 30.354115
B73: - золото | C73: г/т | D73: =AVERAGE(F73:Q73) -> 5.8064063 | F73: =F61/F43*1000 -> 5.7488213 | G73: =G61/G43*1000 -> 5.409929 | H73: =H61/H43*1000 -> 5.409929 | I73: =I61/I43*1000 -> 5.409929 | J73: =J61/J43*1000 -> 5.409929 | K73: =K61/K43*1000 -> 5.409929 | L73: =L61/L43*1000 -> 5.409929 | M73: =M61/M43*1000 -> 5.409929 | ... Q73: =Q61/Q43*1000 -> 7.1237994
B74: - серебро | C74: г/т | D74: =AVERAGE(F74:Q74) -> 787.59517 | F74: =F62/F43*1000 -> 783.6915 | G74: =G62/G43*1000 -> 733.48536 | H74: =H62/H43*1000 -> 733.48536 | I74: =I62/I43*1000 -> 733.48536 | J74: =J62/J43*1000 -> 733.48536 | K74: =K62/K43*1000 -> 733.48536 | L74: =L62/L43*1000 -> 733.48536 | M74: =M62/M43*1000 -> 733.48536 | ... Q74: =Q62/Q43*1000 -> 965.85418
B75: - в свинцовом:
B76: - свинец | C76: % | D76: =AVERAGE(F76:Q76) -> 40.637869 | F76: =F64/F44*100 -> 40.522104 | G76: =G64/G44*100 -> 37.838695 | H76: =H64/H44*100 -> 37.838695 | I76: =I64/I44*100 -> 37.838695 | J76: =J64/J44*100 -> 37.838695 | K76: =K64/K44*100 -> 37.838695 | L76: =L64/L44*100 -> 37.838695 | M76: =M64/M44*100 -> 37.838695 | ... Q76: =Q64/Q44*100 -> 49.826028
B77: - золото | C77: г/т | D77: =AVERAGE(F77:Q77) -> 0.58888856 | F77: =F65/F44*100 -> 0.58304827 | G77: =G65/G44*100 -> 0.54867764 | H77: =H65/H44*100 -> 0.54867764 | I77: =I65/I44*100 -> 0.54867764 | J77: =J65/J44*100 -> 0.54867764 | K77: =K65/K44*100 -> 0.54867764 | L77: =L65/L44*100 -> 0.54867764 | M77: =M65/M44*100 -> 0.54867764 | ... Q77: =Q65/Q44*100 -> 0.72249921
B78: - серебро | C78: г/т | D78: =AVERAGE(F78:Q78) -> 44.493405 | F78: =F66/F44*100 -> 44.272877 | G78: =G66/G44*100 -> 41.436594 | H78: =H66/H44*100 -> 41.436594 | I78: =I66/I44*100 -> 41.436594 | J78: =J66/J44*100 -> 41.436594 | K78: =K66/K44*100 -> 41.436594 | L78: =L66/L44*100 -> 41.436594 | M78: =M66/M44*100 -> 41.436594 | ... Q78: =Q66/Q44*100 -> 54.563745
B79: - в цинковом:
B80: - цинк | C80: % | D80: =AVERAGE(F80:Q80) -> 42.605484 | F80: =F68/F45*100 -> 42.556005 | G80: =G68/G45*100 -> 39.664695 | H80: =H68/H45*100 -> 39.664695 | I80: =I68/I45*100 -> 39.664695 | J80: =J68/J45*100 -> 39.664695 | K80: =K68/K45*100 -> 39.664695 | L80: =L68/L45*100 -> 39.664695 | M80: =M68/M45*100 -> 39.664695 | ... Q80: =Q68/Q45*100 -> 52.230505
B81: - серебро | C81: г/т | D81: =AVERAGE(F81:Q81) -> 13.237761 | F81: =F69/F45*100 -> 13.172149 | G81: =G69/G45*100 -> 12.328293 | H81: =H69/H45*100 -> 12.328293 | I81: =I69/I45*100 -> 12.328293 | J81: =J69/J45*100 -> 12.328293 | K81: =K69/K45*100 -> 12.328293 | L81: =L69/L45*100 -> 12.328293 | M81: =M69/M45*100 -> 12.328293 | ... Q81: =Q69/Q45*100 -> 16.233907
B82: Извлечение при металлургии:
B83: - меди катодной | C83: % | D83: ='И. Д.'!F47/100 -> 0.935 | F83: =D83 -> 0.935 | G83: =D83 -> 0.935 | H83: =G83 -> 0.935 | I83: =H83 -> 0.935 | J83: =I83 -> 0.935 | K83: =J83 -> 0.935 | L83: =K83 -> 0.935 | M83: =L83 -> 0.935 | N83: =M83 -> 0.935 | O83: =N83 -> 0.935 | ... Q83: =P83 -> 0.935
B84: - золота аффинированного | C84: % | D84: ='И. Д.'!F48/100 -> 0.91 | F84: =D84 -> 0.91 | G84: =D84 -> 0.91 | H84: =G84 -> 0.91 | I84: =H84 -> 0.91 | J84: =I84 -> 0.91 | K84: =J84 -> 0.91 | L84: =K84 -> 0.91 | M84: =L84 -> 0.91 | N84: =M84 -> 0.91 | O84: =N84 -> 0.91 | ... Q84: =P84 -> 0.91
B85: - серебра аффинированного | C85: % | D85: ='И. Д.'!F49/100 -> 0.9 | F85: =D85 -> 0.9 | G85: =D85 -> 0.9 | H85: =G85 -> 0.9 | I85: =H85 -> 0.9 | J85: =I85 -> 0.9 | K85: =J85 -> 0.9 | L85: =K85 -> 0.9 | M85: =L85 -> 0.9 | N85: =M85 -> 0.9 | O85: =N85 -> 0.9 | ... Q85: =P85 -> 0.9
B86: Объем товарной продукции:
B87: - медь катодная | C87: тонн | D87: =SUM(F87:Q87) -> 258865.6 | F87: =F60*F83 -> 20003.741 | G87: =G60*G83 -> 20033.575 | H87: =H60*H83 -> 21574.619 | I87: =I60*I83 -> 23115.664 | J87: =J60*J83 -> 23115.664 | K87: =K60*K83 -> 23115.664 | L87: =L60*L83 -> 23115.664 | M87: =M60*M83 -> 23115.664 | ... Q87: =Q60*Q83 -> 12328.354
B88: - свинец в свинцовом концентрате | C88: тонн | D88: =SUM(F88:Q88) -> 117121.36 | F88: =F64*F84 -> 9310.9665 | G88: =G64*G84 -> 9042.1617 | H88: =H64*H84 -> 9737.7126 | I88: =I64*I84 -> 10433.263 | J88: =J64*J84 -> 10433.263 | K88: =K64*K84 -> 10433.263 | L88: =L64*L84 -> 10433.263 | M88: =M64*M84 -> 10433.263 | ... Q88: =Q64*Q84 -> 5564.4072
B89: - цинк в цинковом концентрате | C89: тонн | D89: =SUM(F89:Q89) -> 543750.19 | F89: =F68 -> 43300.735 | G89: =G68 -> 41973.18 | H89: =H68 -> 45201.886 | I89: =I68 -> 48430.592 | J89: =J68 -> 48430.592 | K89: =K68 -> 48430.592 | L89: =L68 -> 48430.592 | M89: =M68 -> 48430.592 | ... Q89: =Q68 -> 25829.649
B90: - золото аффинированное | C90: кг | D90: =SUM(F90:Q90) -> 5923.5128 | F90: =F61*F84 -> 467.55882 | G90: =G61*G84 -> 457.59614 | H90: =H61*H84 -> 492.79584 | I90: =I61*I84 -> 527.99555 | J90: =J61*J84 -> 527.99555 | K90: =K61*K84 -> 527.99555 | L90: =L61*L84 -> 527.99555 | M90: =M61*M84 -> 527.99555 | ... Q90: =Q61*Q84 -> 281.59762
B91: - серебро аффинированное | C91: кг | D91: =SUM(F91:Q91) -> 794634.82 | F91: =F62*F85 -> 63038.185 | G91: =G62*G85 -> 61359.718 | H91: =H62*H85 -> 66079.696 | I91: =I62*I85 -> 70799.675 | J91: =J62*J85 -> 70799.675 | K91: =K62*K85 -> 70799.675 | L91: =L62*L85 -> 70799.675 | M91: =M62*M85 -> 70799.675 | ... Q91: =Q62*Q85 -> 37759.826
B92: ГОРНО-ТЕХНИЧЕСКАЯ ЧАСТЬ
B93: Объемы горных работ ВСЕГО:
B94: - ГКР | C94: тыс. м3 | D94: =SUM(F94:Q94) -> 56.863 | F94: =календари!F48 -> 47.497 | G94: =календари!G48 -> 9.366 | H94: =календари!H48 -> 0 | I94: =календари!I48 -> 0 | J94: =календари!J48 -> 0 | K94: =календари!K48 -> 0 | L94: =календари!L48 -> 0 | M94: =календари!M48 -> 0 | ... Q94: =календари!Q48 -> 0
B95: - очистная работы | C95: тыс. тонн | D95: =SUM(F95:Q95) -> 16057.533 | F95: =F22 -> 1250 | G95: =G22 -> 1300 | H95: =H22 -> 1400 | I95: =I22 -> 1500 | J95: =J22 -> 1500 | K95: =K22 -> 1500 | L95: =L22 -> 1500 | M95: =M22 -> 1500 | ... Q95: =Q22 -> 607.533
B96: - ГПР+ГНР | C96: тыс. м3 | D96: =SUM(F96:Q96) -> 711.34871 | F96: =календари!F47 -> 55.375 | G96: =календари!G47 -> 57.59 | H96: =календари!H47 -> 62.02 | I96: =календари!I47 -> 66.45 | J96: =календари!J47 -> 66.45 | K96: =календари!K47 -> 66.45 | L96: =календари!L47 -> 66.45 | M96: =календари!M47 -> 66.45 | ... Q96: =календари!Q47 -> 26.913712
B97: -закладка выработанного пространства | C97: тыс. м3 | D97: =SUM(F97:Q97) -> 4236.8161 | F97: =F95/'И. Д.'!$H$134 -> 329.8153 | G97: =G95/'И. Д.'!$H$134 -> 343.00792 | H97: =H95/'И. Д.'!$H$134 -> 369.39314 | I97: =I95/'И. Д.'!$H$134 -> 395.77836 | J97: =J95/'И. Д.'!$H$134 -> 395.77836 | K97: =K95/'И. Д.'!$H$134 -> 395.77836 | L97: =L95/'И. Д.'!$H$134 -> 395.77836 | M97: =M95/'И. Д.'!$H$134 -> 395.77836 | ... Q97: =Q95/'И. Д.'!$H$134 -> 160.29894
B98: Эксплоразведочное бурение | C98: п.м. | D98: =SUM(F98:Q98) -> 0
B99: Разведочное бурение | C99: п.м. | D99: =SUM(F99:Q99) -> 0
B100: в том числе по рудным залежам:
B101: РАСЧЕТ ДОХОДА ОТ РЕАЛИЗАЦИИ ТОВАРНОГО ПРОДУКТА
...

Sheet Расч эксп запасов
B2: Расчёт эксплуатационных запасов
B4: Тип | C4: Потери | D4: Руда, тыс.т | E4: Содержание | J4: Запасы металлов
C5: Разуб. | E5: Cu, % | F5: Zn,% | G5: Pb, % | H5: Au, г/т | I5: Ag, г/т | J5: Cu, тонн | K5: Zn, тонн | L5: Pb, тонн | M5: Au, кг | N5: Ag, кг
B6: Бортовое содержание 0,9 | D6: =Запасы!D18/1000 -> 17729.408 | E6: =J6/D6/10 -> 2.0488878 | F6: =K6/D6/10 -> 4.0424732 | G6: =L6/D6/10 -> 1.2486675 | H6: =M6/D6 -> 0.84679021 | I6: =N6/D6 -> 96.06135 | J6: 363255.69 | K6: 716706.59 | L6: 221381.37 | M6: 15013.089 | N6: 1703110.9
B7: Бортовое содержание 1,2 | D7: =Запасы!D29/1000 -> 16514.902 | E7: =J7/D7/10 -> 2.1399887 | F7: =K7/D7/10 -> 4.3208042 | G7: =L7/D7/10 -> 1.3333159 | H7: =M7/D7 -> 0.8984065 | I7: =N7/D7 -> 102.42636 | J7: 353417.03 | K7: 713576.58 | L7: 220195.81 | M7: 14837.095 | N7: 1691561.3
B8: Бортовое содержание 1,5 | D8: =Запасы!D40/1000 -> 15260.387 | E8: =J8/D8/10 -> 2.2222738 | F8: =K8/D8/10 -> 4.6357643 | G8: =L8/D8/10 -> 1.4278682 | H8: =M8/D8 -> 0.95466971 | I8: =N8/D8 -> 109.43736 | J8: 339127.59 | K8: 707435.58 | L8: 217898.22 | M8: 14568.63 | N8: 1670056.5
B9: Извлекаемые запасы
B10: Потери
B11: Бортовое содержание 0,9 | C11: =Запасы!K8 -> 7.54 | D11: =D6*(1-C11/100) -> 16392.611 | E11: =E6 -> 2.0488878 | F11: =F6 -> 4.0424732 | G11: =G6 -> 1.2486675 | H11: =H6 -> 0.84679021 | I11: =I6 -> 96.06135 | J11: =J6*(1-C11/100) -> 335866.21 | K11: =K6*(1-C11/100) -> 662666.91 | L11: =L6*(1-C11/100) -> 204689.21 | M11: =M6*(1-C11/100) -> 13881.103 | N11: =N6*(1-C11/100) -> 1574696.3
B12: Бортовое содержание 1,2 | C12: =Запасы!K21 -> 7.54 | D12: =D7*(1-C12/100) -> 15269.678 | E12: =E7 -> 2.1399887 | F12: =F7 -> 4.3208042 | G12: =G7 -> 1.3333159 | H12: =H7 -> 0.8984065 | I12: =I7 -> 102.42636 | J12: =J7*(1-C12/100) -> 326769.39 | K12: =K7*(1-C12/100) -> 659772.91 | L12: =L7*(1-C12/100) -> 203593.04 | M12: =M7*(1-C12/100) -> 13718.378 | N12: =N7*(1-C12/100) -> 1564017.6
B13: Бортовое содержание 1,5 | C13: =Запасы!K32 -> 7.54 | D13: =D8*(1-C13/100) -> 14109.754 | E13: =E8 -> 2.2222738 | F13: =F8 -> 4.6357643 | G13: =G8 -> 1.4278682 | H13: =H8 -> 0.95466971 | I13: =I8 -> 109.43736 | J13: =J8*(1-C13/100) -> 313557.37 | K13: =K8*(1-C13/100) -> 654094.94 | L13: =L8*(1-C13/100) -> 201468.69 | M13: =M8*(1-C13/100) -> 13470.155 | N13: =N8*(1-C13/100) -> 1544134.2
B14: Эксплуатационные запасы
B15: Разубоживание
B16: Бортовое содержание 0,9 | C16: =Запасы!L8 -> 12.13 | D16: =D6*(1-C11/100)/(1-C16/100) -> 18655.526 | E16: =J16/D16/10 -> 1.8003577 | F16: =K16/D16/10 -> 3.5521212 | G16: =L16/D16/10 -> 1.0972042 | H16: =M16/D16 -> 0.74407456 | I16: =N16/D16 -> 84.409108 | J16: =J11 -> 335866.21 | K16: =K11 -> 662666.91 | L16: =L11 -> 204689.21 | M16: =M11 -> 13881.103 | N16: =N11 -> 1574696.3
B17: Бортовое содержание 1,2 | C17: =Запасы!L21 -> 12.13 | D17: =D7*(1-C12/100)/(1-C17/100) -> 17377.579 | E17: =J17/D17/10 -> 1.880408 | F17: =K17/D17/10 -> 3.7966906 | G17: =L17/D17/10 -> 1.1715846 | H17: =M17/D17 -> 0.78942979 | I17: =N17/D17 -> 90.002043 | J17: =J12 -> 326769.39 | K17: =K12 -> 659772.91 | L17: =L12 -> 203593.04 | M17: =M12 -> 13718.378 | N17: =N12 -> 1564017.6
B18: Бортовое содержание 1,5 | C18: =Запасы!L32 -> 12.13 | D18: =D8*(1-C13/100)/(1-C18/100) -> 16057.533 | E18: =J18/D18/10 -> 1.952712 | F18: =K18/D18/10 -> 4.0734461 | G18: =L18/D18/10 -> 1.2546678 | H18: =M18/D18 -> 0.83886828 | I18: =N18/D18 -> 96.162608 | J18: =J13 -> 313557.37 | K18: =K13 -> 654094.94 | L18: =L13 -> 201468.69 | M18: =M13 -> 13470.155 | N18: =N13 -> 1544134.2

Sheet календари
B2: Показатель | C2: Ед.изм. | D2: Всего | F2: Годы отработки
F3: 2024 | G3: 2025 | H3: 2026 | I3: 2027 | J3: 2028 | K3: 2029 | L3: 2030 | M3: 2031 | N3: 2032 | O3: 2033 | P3: 2034 | Q3: 2035 | R3: 2036 | S3: 2037
E4: -1 | F4: 1 | G4: 2 | H4: 3 | I4: 4 | J4: 5 | K4: 6 | L4: 7 | M4: 8 | N4: 9 | O4: 10 | P4: 11 | Q4: 12 | R4: 13 | S4: 14
B5: Бортовое содержание 0,9
B6: Добыча руды | C6: тыс.т | D6: =SUM(F6:S6) -> 18655.526 | F6: 1250 | G6: 1300 | H6: 1400 | I6: 1500 | J6: 1500 | K6: 1500 | L6: 1500 | M6: 1500 | N6: 1500 | O6: 1500 | P6: 1500 | Q6: 1500 | R6: 800 | S6: 405.526
B7: Содержание Cu | C7: % | D7: 1.8003577 | F7: =$D7 -> 1.8003577 | G7: =$D7 -> 1.8003577 | H7: =$D7 -> 1.8003577 | I7: =$D7 -> 1.8003577 | J7: =$D7 -> 1.8003577 | K7: =$D7 -> 1.8003577 | L7: =$D7 -> 1.8003577 | M7: =$D7 -> 1.8003577 | ... S7: =$D7 -> 1.8003577
B8: Содержание Zn | C8: % | D8: 3.5521212 | F8: =$D8 -> 3.5521212 | G8: =$D8 -> 3.5521212 | H8: =$D8 -> 3.5521212 | I8: =$D8 -> 3.5521212 | J8: =$D8 -> 3.5521212 | K8: =$D8 -> 3.5521212 | L8: =$D8 -> 3.5521212 | M8: =$D8 -> 3.5521212 | ... S8: =$D8 -> 3.5521212
B9: Содержание Pb | C9: % | D9: 1.0972042 | F9: =$D9 -> 1.0972042 | G9: =$D9 -> 1.0972042 | H9: =$D9 -> 1.0972042 | I9: =$D9 -> 1.0972042 | J9: =$D9 -> 1.0972042 | K9: =$D9 -> 1.0972042 | L9: =$D9 -> 1.0972042 | M9: =$D9 -> 1.0972042 | ... S9: =$D9 -> 1.0972042
B10: Содержание Au | C10: г/т | D10: 0.74407456 | F10: =$D10 -> 0.74407456 | G10: =$D10 -> 0.74407456 | H10: =$D10 -> 0.74407456 | I10: =$D10 -> 0.74407456 | J10: =$D10 -> 0.74407456 | K10: =$D10 -> 0.74407456 | L10: =$D10 -> 0.74407456 | M10: =$D10 -> 0.74407456 | ... S10: =$D10 -> 0.74407456
B11: Содержание Ag | C11: г/т | D11: 84.409108 | F11: =$D11 -> 84.409108 | G11: =$D11 -> 84.409108 | H11: =$D11 -> 84.409108 | I11: =$D11 -> 84.409108 | J11: =$D11 -> 84.409108 | K11: =$D11 -> 84.409108 | L11: =$D11 -> 84.409108 | M11: =$D11 -> 84.409108 | ... S11: =$D11 -> 84.409108
B12: Количество металла Cu | C12: тыс.тонн | D12: 335.866 | F12: =F6/$D6*$D12 -> 22.504458 | G12: =G6/$D6*$D12 -> 23.404636 | H12: =H6/$D6*$D12 -> 25.204993 | I12: =I6/$D6*$D12 -> 27.00535 | J12: =J6/$D6*$D12 -> 27.00535 | K12: =K6/$D6*$D12 -> 27.00535 | L12: =L6/$D6*$D12 -> 27.00535 | M12: =M6/$D6*$D12 -> 27.00535 | ... S12: =S6/$D6*$D12 -> 7.3009142
B13: Количество металла Zn | C13: тыс.тонн | D13: 662.667 | F13: =F6/$D6*$D13 -> 44.401522 | G13: =G6/$D6*$D13 -> 46.177583 | H13: =H6/$D6*$D13 -> 49.729705 | I13: =I6/$D6*$D13 -> 53.281827 | J13: =J6/$D6*$D13 -> 53.281827 | K13: =K6/$D6*$D13 -> 53.281827 | L13: =L6/$D6*$D13 -> 53.281827 | M13: =M6/$D6*$D13 -> 53.281827 | ... S13: =S6/$D6*$D13 -> 14.404777
B14: Количество металла Pb | C14: тыс.тонн | D14: 204.689 | F14: =F6/$D6*$D14 -> 13.715038 | G14: =G6/$D6*$D14 -> 14.26364 | H14: =H6/$D6*$D14 -> 15.360843 | I14: =I6/$D6*$D14 -> 16.458046 | J14: =J6/$D6*$D14 -> 16.458046 | K14: =K6/$D6*$D14 -> 16.458046 | L14: =L6/$D6*$D14 -> 16.458046 | M14: =M6/$D6*$D14 -> 16.458046 | ... S14: =S6/$D6*$D14 -> 4.4494436
B15: Количество металла Au | C15: кг | D15: 13881 | F15: =F6/$D6*$D15 -> 930.08635 | G15: =G6/$D6*$D15 -> 967.2898 | H15: =H6/$D6*$D15 -> 1041.6967 | I15: =I6/$D6*$D15 -> 1116.1036 | J15: =J6/$D6*$D15 -> 1116.1036 | K15: =K6/$D6*$D15 -> 1116.1036 | L15: =L6/$D6*$D15 -> 1116.1036 | M15: =M6/$D6*$D15 -> 1116.1036 | ... S15: =S6/$D6*$D15 -> 301.73936
B16: Количество металла Ag | C16: кг | D16: 1574696 | F16: =F6/$D6*$D16 -> 105511.36 | G16: =G6/$D6*$D16 -> 109731.82 | H16: =H6/$D6*$D16 -> 118172.73 | I16: =I6/$D6*$D16 -> 126613.64 | J16: =J6/$D6*$D16 -> 126613.64 | K16: =K6/$D6*$D16 -> 126613.64 | L16: =L6/$D6*$D16 -> 126613.64 | M16: =M6/$D6*$D16 -> 126613.64 | ... S16: =S6/$D6*$D16 -> 34230.081
B17: Горно-подготовительные работы | C17: тыс.м3 | D17: =SUM(F17:S17) -> 826.4398 | F17: =F6*44.3/1000 -> 55.375 | G17: =G6*44.3/1000 -> 57.59 | H17: =H6*44.3/1000 -> 62.02 | I17: =I6*44.3/1000 -> 66.45 | J17: =J6*44.3/1000 -> 66.45 | K17: =K6*44.3/1000 -> 66.45 | L17: =L6*44.3/1000 -> 66.45 | M17: =M6*44.3/1000 -> 66.45 | ... S17: =S6*44.3/1000 -> 17.964802
B18: Горно-капитальные работы | C18: тыс.м3 | D18: 65.986 | F18: 47.497 | G18: 9.366
B20: Бортовое содержание 1,2
B21: Добыча руды | C21: тыс.т | D21: =SUM(F21:S21) -> 17377.579 | F21: 1250 | G21: 1300 | H21: 1400 | I21: 1500 | J21: 1500 | K21: 1500 | L21: 1500 | M21: 1500 | N21: 1500 | O21: 1500 | P21: 1500 | Q21: 800 | R21: 627.579
B22: Содержание Cu | C22: % | D22: 1.88319 | F22: =$D22 -> 1.88319 | G22: =$D22 -> 1.88319 | H22: =$D22 -> 1.88319 | I22: =$D22 -> 1.88319 | J22: =$D22 -> 1.88319 | K22: =$D22 -> 1.88319 | L22: =$D22 -> 1.88319 | M22: =$D22 -> 1.88319 | ... R22: =$D22 -> 1.88319
B23: Содержание Zn | C23: % | D23: 3.8023077 | F23: =$D23 -> 3.8023077 | G23: =$D23 -> 3.8023077 | H23: =$D23 -> 3.8023077 | I23: =$D23 -> 3.8023077 | J23: =$D23 -> 3.8023077 | K23: =$D23 -> 3.8023077 | L23: =$D23 -> 3.8023077 | M23: =$D23 -> 3.8023077 | ... R23: =$D23 -> 3.8023077
B24: Содержание Pb | C24: % | D24: 1.173318 | F24: =$D24 -> 1.173318 | G24: =$D24 -> 1.173318 | H24: =$D24 -> 1.173318 | I24: =$D24 -> 1.173318 | J24: =$D24 -> 1.173318 | K24: =$D24 -> 1.173318 | L24: =$D24 -> 1.173318 | M24: =$D24 -> 1.173318 | ... R24: =$D24 -> 1.173318
B25: Содержание Au | C25: г/т | D25: 0.79059772 | F25: =$D25 -> 0.79059772 | G25: =$D25 -> 0.79059772 | H25: =$D25 -> 0.79059772 | I25: =$D25 -> 0.79059772 | J25: =$D25 -> 0.79059772 | K25: =$D25 -> 0.79059772 | L25: =$D25 -> 0.79059772 | M25: =$D25 -> 0.79059772 | ... R25: =$D25 -> 0.79059772
B26: Содержание Ag | C26: г/т | D26: 90.135197 | F26: =$D26 -> 90.135197 | G26: =$D26 -> 90.135197 | H26: =$D26 -> 90.135197 | I26: =$D26 -> 90.135197 | J26: =$D26 -> 90.135197 | K26: =$D26 -> 90.135197 | L26: =$D26 -> 90.135197 | M26: =$D26 -> 90.135197 | ... R26: =$D26 -> 90.135197
B27: Количество металла Cu | C27: тыс.тонн | D27: 326.769 | F27: =F21/$D21*$D27 -> 23.505072 | G27: =G21/$D21*$D27 -> 24.445275 | H27: =H21/$D21*$D27 -> 26.325681 | I27: =I21/$D21*$D27 -> 28.206087 | J27: =J21/$D21*$D27 -> 28.206087 | K27: =K21/$D21*$D27 -> 28.206087 | L27: =L21/$D21*$D27 -> 28.206087 | M27: =M21/$D21*$D27 -> 28.206087 | ... R27: =R21/$D21*$D27 -> 11.801032
B28: Количество металла Zn | C28: тыс.тонн | D28: 659.773 | F28: =F21/$D21*$D28 -> 47.458639 | G28: =G21/$D21*$D28 -> 49.356985 | H28: =H21/$D21*$D28 -> 53.153676 | I28: =I21/$D21*$D28 -> 56.950367 | J28: =J21/$D21*$D28 -> 56.950367 | K28: =K21/$D21*$D28 -> 56.950367 | L28: =L21/$D21*$D28 -> 56.950367 | M28: =M21/$D21*$D28 -> 56.950367 | ... R28: =R21/$D21*$D28 -> 23.827236
B29: Количество металла Pb | C29: тыс.тонн | D29: 203.593 | F29: =F21/$D21*$D29 -> 14.644805 | G29: =G21/$D21*$D29 -> 15.230597 | H29: =H21/$D21*$D29 -> 16.402181 | I29: =I21/$D21*$D29 -> 17.573766 | J29: =J21/$D21*$D29 -> 17.573766 | K29: =K21/$D21*$D29 -> 17.573766 | L29: =L21/$D21*$D29 -> 17.573766 | M29: =M21/$D21*$D29 -> 17.573766 | ... R29: =R21/$D21*$D29 -> 7.3526175
B30: Количество металла Au | C30: кг | D30: 13718 | F30: =F21/$D21*$D30 -> 986.76001 | G30: =G21/$D21*$D30 -> 1026.2304 | H30: =H21/$D21*$D30 -> 1105.1712 | I30: =I21/$D21*$D30 -> 1184.112 | J30: =J21/$D21*$D30 -> 1184.112 | K30: =K21/$D21*$D30 -> 1184.112 | L30: =L21/$D21*$D30 -> 1184.112 | M30: =M21/$D21*$D30 -> 1184.112 | ... R30: =R21/$D21*$D30 -> 495.41589
B31: Количество металла Ag | C31: кг | D31: 1564018 | F31: =F21/$D21*$D31 -> 112502.58 | G31: =G21/$D21*$D31 -> 117002.68 | H31: =H21/$D21*$D31 -> 126002.89 | I31: =I21/$D21*$D31 -> 135003.1 | J31: =J21/$D21*$D31 -> 135003.1 | K31: =K21/$D21*$D31 -> 135003.1 | L31: =L21/$D21*$D31 -> 135003.1 | M31: =M21/$D21*$D31 -> 135003.1 | ... R31: =R21/$D21*$D31 -> 56483.406
B32: Горно-подготовительные работы | C32: тыс.м3 | D32: =SUM(F32:S32) -> 769.82675 | F32: =F21*44.3/1000 -> 55.375 | G32: =G21*44.3/1000 -> 57.59 | H32: =H21*44.3/1000 -> 62.02 | I32: =I21*44.3/1000 -> 66.45 | J32: =J21*44.3/1000 -> 66.45 | K32: =K21*44.3/1000 -> 66.45 | L32: =L21*44.3/1000 -> 66.45 | M32: =M21*44.3/1000 -> 66.45 | ... R32: =R21*44.3/1000 -> 27.80175
B33: Горно-капитальные работы | C33: тыс.м3 | D33: 65.986 | F33: 47.497 | G33: 9.366
B35: Бортовое содержание 1,5
B36: Добыча руды | C36: тыс.т | D36: =SUM(F36:S36) -> 16057.533 | F36: 1250 | G36: 1300 | H36: 1400 | I36: 1500 | J36: 1500 | K36: 1500 | L36: 1500 | M36: 1500 | N36: 1500 | O36: 1500 | P36: 1000 | Q36: 607.533
B37: Содержание Cu | C37: % | D37: 1.952712 | F37: =$D37 -> 1.952712 | G37: =$D37 -> 1.952712 | H37: =$D37 -> 1.952712 | I37: =$D37 -> 1.952712 | J37: =$D37 -> 1.952712 | K37: =$D37 -> 1.952712 | L37: =$D37 -> 1.952712 | M37: =$D37 -> 1.952712 | ... Q37: =$D37 -> 1.952712
B38: Содержание Zn | C38: % | D38: 4.0734461 | F38: =$D38 -> 4.0734461 | G38: =$D38 -> 4.0734461 | H38: =$D38 -> 4.0734461 | I38: =$D38 -> 4.0734461 | J38: =$D38 -> 4.0734461 | K38: =$D38 -> 4.0734461 | L38: =$D38 -> 4.0734461 | M38: =$D38 -> 4.0734461 | ... Q38: =$D38 -> 4.0734461
B39: Содержание Pb | C39: % | D39: 1.2546678 | F39: =$D39 -> 1.2546678 | G39: =$D39 -> 1.2546678 | H39: =$D39 -> 1.2546678 | I39: =$D39 -> 1.2546678 | J39: =$D39 -> 1.2546678 | K39: =$D39 -> 1.2546678 | L39: =$D39 -> 1.2546678 | M39: =$D39 -> 1.2546678 | ... Q39: =$D39 -> 1.2546678
B40: Содержание Au | C40: г/т | D40: 0.83886828 | F40: =$D40 -> 0.83886828 | G40: =$D40 -> 0.83886828 | H40: =$D40 -> 0.83886828 | I40: =$D40 -> 0.83886828 | J40: =$D40 -> 0.83886828 | K40: =$D40 -> 0.83886828 | L40: =$D40 -> 0.83886828 | M40: =$D40 -> 0.83886828 | ... Q40: =$D40 -> 0.83886828
B41: Содержание Ag | C41: г/т | D41: 96.162608 | F41: =$D41 -> 96.162608 | G41: =$D41 -> 96.162608 | H41: =$D41 -> 96.162608 | I41: =$D41 -> 96.162608 | J41: =$D41 -> 96.162608 | K41: =$D41 -> 96.162608 | L41: =$D41 -> 96.162608 | M41: =$D41 -> 96.162608 | ... Q41: =$D41 -> 96.162608
B42: Количество металла Cu | C42: тыс.тонн | D42: 313.557 | F42: =F36/$D36*$D42 -> 24.408871 | G42: =G36/$D36*$D42 -> 25.385226 | H42: =H36/$D36*$D42 -> 27.337935 | I42: =I36/$D36*$D42 -> 29.290645 | J42: =J36/$D36*$D42 -> 29.290645 | K42: =K36/$D36*$D42 -> 29.290645 | L42: =L36/$D36*$D42 -> 29.290645 | M42: =M36/$D36*$D42 -> 29.290645 | ... Q42: =Q36/$D36*$D42 -> 11.863356
B43: Количество металла Zn | C43: тыс.тонн | D43: 654.095 | F43: =F36/$D36*$D43 -> 50.91808 | G43: =G36/$D36*$D43 -> 52.954803 | H43: =H36/$D36*$D43 -> 57.02825 | I43: =I36/$D36*$D43 -> 61.101696 | J43: =J36/$D36*$D43 -> 61.101696 | K43: =K36/$D36*$D43 -> 61.101696 | L43: =L36/$D36*$D43 -> 61.101696 | M43: =M36/$D36*$D43 -> 61.101696 | ... Q43: =Q36/$D36*$D43 -> 24.747531
B44: Количество металла Pb | C44: тыс.тонн | D44: 201.469 | F44: =F36/$D36*$D44 -> 15.683371 | G44: =G36/$D36*$D44 -> 16.310706 | H44: =H36/$D36*$D44 -> 17.565376 | I44: =I36/$D36*$D44 -> 18.820045 | J44: =J36/$D36*$D44 -> 18.820045 | K44: =K36/$D36*$D44 -> 18.820045 | L44: =L36/$D36*$D44 -> 18.820045 | M44: =M36/$D36*$D44 -> 18.820045 | ... Q44: =Q36/$D36*$D44 -> 7.6225324
B45: Количество металла Au | C45: кг | D45: 13470 | F45: =F36/$D36*$D45 -> 1048.5733 | G45: =G36/$D36*$D45 -> 1090.5162 | H45: =H36/$D36*$D45 -> 1174.4021 | I45: =I36/$D36*$D45 -> 1258.2879 | J45: =J36/$D36*$D45 -> 1258.2879 | K45: =K36/$D36*$D45 -> 1258.2879 | L45: =L36/$D36*$D45 -> 1258.2879 | M45: =M36/$D36*$D45 -> 1258.2879 | ... Q45: =Q36/$D36*$D45 -> 509.6343
B46: Количество металла Ag | C46: кг | D46: 1544134 | F46: =F36/$D36*$D46 -> 120203.24 | G46: =G36/$D36*$D46 -> 125011.37 | H46: =H36/$D36*$D46 -> 134627.63 | I46: =I36/$D36*$D46 -> 144243.89 | J46: =J36/$D36*$D46 -> 144243.89 | K46: =K36/$D36*$D46 -> 144243.89 | L46: =L36/$D36*$D46 -> 144243.89 | M46: =M36/$D36*$D46 -> 144243.89 | ... Q46: =Q36/$D36*$D46 -> 58421.948
B47: Горно-подготовительные работы | C47: тыс.м3 | D47: =SUM(F47:S47) -> 711.34871 | F47: =F36*44.3/1000 -> 55.375 | G47: =G36*44.3/1000 -> 57.59 | H47: =H36*44.3/1000 -> 62.02 | I47: =I36*44.3/1000 -> 66.45 | J47: =J36*44.3/1000 -> 66.45 | K47: =K36*44.3/1000 -> 66.45 | L47: =L36*44.3/1000 -> 66.45 | M47: =M36*44.3/1000 -> 66.45 | ... Q47: =Q36*44.3/1000 -> 26.913712
B48: Горно-капитальные работы | C48: тыс.м3 | D48: 65.986 | F48: 47.497 | G48: 9.366

Sheet Данные по переработке
A1: Наименование | B1: Выход | C1: Содержание, %, г/т | H1: Извлечение от руды, %, г/т
A2: продуктов | B2: % | C2: Cu | D2: Pb | E2: Zn | F2: Au | G2: Ag | H2: Cu | I2: Pb | J2: Zn | K2: Au | L2: Ag
A3: Cu концентрат | B3: 7.15 | C3: 25.73 | D3: 3.2 | E3: 4 | F3: 5.48 | G3: 832.76 | H3: 87.65 | I3: 16.47 | J3: 5.64 | K3: 49 | L3: 58.27
A4: Pb концентрат | B4: 2.02 | C4: 4.5 | D4: 45 | E4: 11 | F4: 5.58 | G4: 470.71 | H4: 4.32 | I4: 65.24 | J4: 4.37 | K4: 14.04 | L4: 9.3
A5: Zn концентрат | B5: 8.14 | C5: 1.1 | D5: 1.7 | E5: 53 | F5: 0.87 | G5: 140.13 | H5: 4.26 | I5: 9.95 | J5: 85.04 | K5: 8.84 | L5: 11.15
A6: Отвальные хвосты | B6: 82.69 | C6: 0.1 | D6: 0.14 | E6: 0.3 | F6: 0.27 | G6: 26.31 | H6: 3.77 | I6: 8.34 | J6: 4.95 | K6: 28.12 | L6: 21.28
A7: Руда | B7: 100 | C7: 2.1 | D7: 1.39 | E7: 5.07 | F7: 0.8 | G7: 102.24 | H7: 100 | I7: 100 | J7: 100 | K7: 100 | L7: 100

Sheet цены и инфл
C2: Прогнозные цены на металлы согласно допущениям по Группе (Group Project assumptions)
D3: 2024 | E3: 2025 | F3: 2026 | G3: 2027 | H3: 2028 | I3: 2029 | J3: 2030 | K3: 2031 | L3: 2032 | M3: 2033 | N3: 2034 | O3: 2035 г. | P3: 2036 г. | Q3: 2037 г. | R3: 2038 г. | S3: 2039 г. | T3: 2040 г.
B4: Медь катодная | C4: $/тн | D4: 8600 | E4: 9500 | F4: 9200 | G4: 8551.2141 | H4: 8722.2383 | I4: 8896.6831 | J4: 9074.6168 | K4: 9256.1091 | L4: 9441.2313 | M4: 9630.0559 | N4: 9822.657 | O4: 10019.11 | P4: 10219.492 | Q4: 10423.882 | R4: 10632.36 | S4: 10845.007 | T4: 11061.907
B5: Цинк | C5: $/тн | D5: 2600 | E5: 2600 | F5: 2800 | G5: 2706.0804 | H5: 2760.202 | I5: 2815.406 | J5: 2871.7142 | K5: 2929.1485 | L5: 2987.7314 | M5: 3047.486 | N5: 3108.4358 | O5: 3170.6045 | P5: 3234.0166 | Q5: 3298.6969 | R5: 3364.6708 | S5: 3431.9643 | T5: 3500.6035
B6: Золото | C6: $/тр.унц | D6: 1900 | E6: 1600 | F6: 1600 | G6: 1623.6482 | H6: 1656.1212 | I6: 1689.2436 | J6: 1723.0285 | K6: 1757.4891 | L6: 1792.6389 | M6: 1828.4916 | N6: 1865.0615 | O6: 1902.3627 | P6: 1940.4099 | Q6: 1979.2181 | R6: 2018.8025 | S6: 2059.1786 | T6: 2100.3621
B7: Серебро | C7: $/тр.унц | D7: 23 | E7: 21 | F7: 21 | G7: 22.731075 | H7: 23.185697 | I7: 23.649411 | J7: 24.122399 | K7: 24.604847 | L7: 25.096944 | M7: 25.598883 | N7: 26.11086 | O7: 26.633078 | P7: 27.165739 | Q7: 27.709054 | R7: 28.263235 | S7: 28.8285 | T7: 29.40507
B8: Свинец | C8: $/тн | D8: 2000 | E8: 2000 | F8: 2000 | G8: 1948.3779 | H8: 1987.3454 | I8: 2027.0924 | J8: 2067.6342 | K8: 2108.9869 | L8: 2151.1666 | M8: 2194.19 | N8: 2238.0738 | O8: 2282.8352 | P8: 2328.4919 | Q8: 2375.0618 | R8: 2422.563 | S8: 2471.0143 | T8: 2520.4346
C15: Цены на товарную продукцию для расчета доходов
B16: Медь катодная | C16: $/тн | D16: 8084 | E16: =D16/D4*E4 -> 8930 | F16: =E16/E4*F4 -> 8648 | G16: =F16/F4*G4 -> 8038.1412 | H16: =G16/G4*H4 -> 8198.904 | I16: =H16/H4*I4 -> 8362.8821 | J16: =I16/I4*J4 -> 8530.1398 | K16: =J16/J4*K4 -> 8700.7426 | L16: =K16/K4*L4 -> 8874.7574 | ... T16: =S16/S4*T4 -> 10398.193
B17: Золото в слитках | C17: $/тр.унц | D17: 1898.67 | E17: =D17/D6*E6 -> 1598.88 | F17: =E17/E6*F6 -> 1598.88 | G17: =F17/F6*G6 -> 1622.5117 | H17: =G17/G6*H6 -> 1654.9619 | I17: =H17/H6*I6 -> 1688.0612 | J17: =I17/I6*J6 -> 1721.8224 | K17: =J17/J6*K6 -> 1756.2588 | L17: =K17/K6*L6 -> 1791.384 | ... T17: =S17/S6*T6 -> 2098.8919
B18: Золото в слитках | C18: $/гр | D18: 61.043658 | E18: =D18/D6*E6 -> 51.405186 | F18: =E18/E6*F6 -> 51.405186 | G18: =F18/F6*G6 -> 52.164962 | H18: =G18/G6*H6 -> 53.208261 | I18: =H18/H6*I6 -> 54.272426 | J18: =I18/I6*J6 -> 55.357875 | K18: =J18/J6*K6 -> 56.465033 | L18: =K18/K6*L6 -> 57.594333 | ... T18: =S18/S6*T6 -> 67.480941
B19: Серебро в слитках | C19: $/тр.унц | D19: 22.563 | E19: =D19/D7*E7 -> 20.601 | F19: =E19/E7*F7 -> 20.601 | G19: =F19/F7*G7 -> 22.299185 | H19: =G19/G7*H7 -> 22.745169 | I19: =H19/H7*I7 -> 23.200072 | J19: =I19/I7*J7 -> 23.664073 | K19: =J19/J7*K7 -> 24.137355 | L19: =K19/K7*L7 -> 24.620102 | ... T19: =S19/S7*T7 -> 28.846373
B20: Серебро в слитках | C20: $/кг | D20: 725.41729 | E20: =D20/D7*E7 -> 662.33753 | F20: =E20/E7*F7 -> 662.33753 | G20: =F20/F7*G7 -> 716.93544 | H20: =G20/G7*H7 -> 731.27415 | I20: =H20/H7*I7 -> 745.89964 | J20: =I20/I7*J7 -> 760.81763 | K20: =J20/J7*K7 -> 776.03398 | L20: =K20/K7*L7 -> 791.55466 | ... T20: =S20/S7*T7 -> 927.43244
B21: Цинк в цинковом концентрате | C21: $/тн Zn | D21: 1482.077 | E21: =D21/D5*E5 -> 1482.077 | F21: =E21/E5*F5 -> 1596.0829 | G21: =F21/F5*G5 -> 1542.546 | H21: =G21/G5*H5 -> 1573.3969 | I21: =H21/H5*I5 -> 1604.8648 | J21: =I21/I5*J5 -> 1636.9621 | K21: =J21/J5*K5 -> 1669.7014 | L21: =K21/K5*L5 -> 1703.0954 | ... T21: =S21/S5*T5 -> 1995.4477
B22: Свинец в свинцовом концентрате | C22: $/тн Pb | D22: 1998.5127 | E22: 1946.357 | F22: 1946.357 | G22: 1944.4088 | H22: 1985.7201 | I22: 2034.1289 | J22: 2083.5059 | K22: 2133.8705 | L22: 2185.2423 | M22: 2237.6416 | N22: 2291.0888 | O22: =N22/N8*O8 -> 2336.9106 | P22: =O22/O8*P8 -> 2383.6488 | Q22: =P22/P8*Q8 -> 2431.3218 | R22: =Q22/Q8*R8 -> 2479.9482 | S22: =R22/R8*S8 -> 2529.5472 | T22: =S22/S8*T8 -> 2580.1382
C24: Инфляция
C25: ед. изм | D25: 2024 | E25: 2025 | F25: 2026 | G25: 2027 | H25: 2028 | I25: 2029 | J25: 2030 | K25: 2031 | L25: 2032 | M25: 2033 | N25: 2034 | O25: 2035 | P25: 2036 | Q25: 2037 | R25: 2038 | S25: 2039 | T25: 2040
B26: INFLATION ASSUMPTIONS (nominal)
B27: United States | C27: % | D27: 0.02 | E27: 0.02 | F27: 0.02 | G27: 0.02 | H27: 0.02 | I27: 0.02 | J27: 0.02 | K27: 0.02 | L27: 0.02 | M27: 0.02 | N27: 0.02 | O27: 0.02 | P27: 0.02 | Q27: 0.02 | R27: 0.02 | S27: 0.02 | T27: 0.02
B28: Operations:
B29: East Region operations | C29: % | D29: 0 | E29: 0.008 | F29: 0.031 | G29: 0.037 | H29: 0.02 | I29: 0.02 | J29: 0.02 | K29: 0.02 | L29: 0.02 | M29: 0.02 | N29: 0.02 | O29: 0.02 | P29: 0.02 | Q29: 0.02 | R29: 0.02 | S29: 0.02 | T29: 0.02
B31: Capital expenditure | C31: % | D31: 0 | E31: 0.02 | F31: 0.026 | G31: 0.026 | H31: 0.02 | I31: 0.02 | J31: 0.02 | K31: 0.02 | L31: 0.02 | M31: 0.02 | N31: 0.02 | O31: 0.02 | P31: 0.02 | Q31: 0.02 | R31: 0.02 | S31: 0.02 | T31: 0.02

Sheet Инфл. тенге
C2: МРП | E2: Курс доллара, тг | F2: мрп к курсу
B3: 2011 | C3: 1512 | E3: 146.1 | F3: =C3/E3 -> 10.349076
B4: 2012 | C4: 1618 | D4: =ROUND(C4/C3-1,4) -> 0.0701 | E4: 150.2 | F4: =C4/E4 -> 10.772304
B5: 2013 | C5: 1731 | D5: =ROUND(C5/C4-1,4) -> 0.0698 | E5: 153.8 | F5: =C5/E5 -> 11.254876
B6: 2014 | C6: 1852 | D6: =ROUND(C6/C5-1,4) -> 0.0699 | E6: 182.1 | F6: =C6/E6 -> 10.170236
B7: 2015 | C7: 1982 | D7: =ROUND(C7/C6-1,4) -> 0.0702 | E7: 187.5 | F7: =C7/E7 -> 10.570667
B8: 2016 | C8: 2121 | D8: =ROUND(C8/C7-1,4) -> 0.0701 | E8: 353.7 | F8: =C8/E8 -> 5.9966073
B9: 2017 | C9: 2269 | D9: =ROUND(C9/C8-1,4) -> 0.0698 | E9: 335.2 | F9: =C9/E9 -> 6.7690931
B10: 2018 | C10: 2405 | D10: =ROUND(C10/C9-1,4) -> 0.0599 | E10: 349.7 | F10: =C10/E10 -> 6.8773234
B11: 2019 | C11: 2525 | D11: =ROUND(C11/C10-1,4) -> 0.0499 | E11: 382.75 | F11: =C11/E11 -> 6.5969954
B12: 2020 | C12: 2651 | D12: =ROUND(C12/C11-1,4) -> 0.0499 | E12: 413 | F12: =C12/E12 -> 6.4188862
B13: 2021 | C13: 2917 | D13: =ROUND(C13/C12-1,4) -> 0.1003 | E13: 426 | F13: =C13/E13 -> 6.8474178
B14: 2022 | C14: 3063 | D14: =ROUND(C14/C13-1,4) -> 0.0501 | E14: 460.5 | F14: =C14/E14 -> 6.6514658
B15: 2023 | C15: 3450 | D15: =ROUND(C15/C14-1,4) -> 0.1263 | E15: 456.3 | F15: =C15/E15 -> 7.5608153
... B20: 2028 | C20: 4552 | D20: =ROUND(C20/C19-1,4) -> 0.0501 | E20: 450 | F20: =C20/E20 -> 10.115556

Sheet П и Р для залежей
A1: Залежи | B1: Потери | C1: Разубож
A2: Кам | B2: 7 | C2: 12.2
A3: Талов | B3: 7.72 | C3: 12.78
A4: Осн | B4: 7.2 | C4: 12.9
A5: Промеж | B5: 11.4 | C5: 13.6
A6: Восточ | B6: 7.2 | C6: 12.3
A7: Юго-Вост | B7: 6.2 | C7: 10.9
A8: Запад | B8: 7.4 | C8: 11.3
A9: Центр | B9: 7.4 | C9: 11.3
A10: Итого | B10: 7.54 | C10: 12.13

Sheet изв металл
A1: Продолжение приложения Б
A2: Таблица Б6 - Показатели извлечения на металлургическом переделе
A4: Извлечение металлов на металлургическом переделе в готовую продукцию, в зависимости от содержания Ме в сырье
A6: Металл | B6: Содержание в сырье,%:
B7: min | C7: max | D7: Извлечение, %
A8: Cu | C8: 14.99 | D8: Zос = (Y – 1,5%) / Y*100, где Y – факт сод меди, %
B9: 15 | C9: 17.99 | D9: 92.5
B10: 18 | C10: 19.99 | D10: 93
B11: 20 | C11: 22 | D11: 93.5
B12: 22.01 | C12: и выше | D12: 94
A14: Металл | B14: Содержание в сырье,г/т: | D14: Извлечение, % | E14: Извлечение до Шламов Медеэлектр, %
B15: min | C15: max
A16: Au | B16: 0 | C16: 1 | D16: 0 | E16: 0
B17: 1.1 | C17: 3 | D17: 90 | E17: 91.27
B18: 3.1 | C18: 5 | D18: 92 | E18: 93.3
B19: 5.1 | C19: 8 | D19: 93.5 | E19: 94.82
B20: 8.1 | C20: 10 | D20: 94.5 | E20: 95.84
B21: 10.1 | C21: и выше | D21: 95 | E21: 96.34
A23: Металл | B23: Содержание в сырье,г/т: | D23: Извлечение, % | E23: Извлечение до Шламов Медеэлектр, %
B24: min | C24: max
A25: Ag | C25: 29.9 | D25: 0 | E25: 0
B26: 30 | C26: и выше | D26: 90 | E26: 92.78

Sheet ОС
D2: ОС НОФ (тыс. тенге) | E2: ОС АШ (тыс. тенге) | F2: Всего | G2: ОС НОФ (kUSD) | H2: ОС АШ (kUSD) | I2: Всего
A3: группа 1. Здания и сооружения | B3: % | C3: 0.1 | D3: 9.2626613e+09 | E3: 42176406277 | F3: =D3+E3 -> 5.1439068e+10 | G3: =D3/1000/'Инфл. тенге'!$E$15 -> 20299.499 | H3: =E3/1000/'Инфл. тенге'!$E$15 -> 92431.309 | I3: =G3+H3 -> 112730.81
A4: группа 2. Производственное оборудование | B4: % | C4: 0.25 | D4: 4.1103538e+09 | E4: 11402856975 | F4: =D4+E4 -> 1.5513211e+10 | G4: =D4/1000/'Инфл. тенге'!$E$15 -> 9008.0075 | H4: =E4/1000/'Инфл. тенге'!$E$15 -> 24989.825 | I4: =G4+H4 -> 33997.832
A5: группа 3. Компьютеры и оборудование для обработки информации | B5: % | C5: 0.4 | D5: 65103987 | E5: 1.5448742e+08 | F5: =D5+E5 -> 2.1959141e+08 | G5: =D5/1000/'Инфл. тенге'!$E$15 -> 142.67803 | H5: =E5/1000/'Инфл. тенге'!$E$15 -> 338.56546 | I5: =G5+H5 -> 481.2435
A6: группа 4. Фиксированные активы не включенные в другие группы | B6: % | C6: 0.15 | D6: 3364753871 | E6: 959904149 | F6: =D6+E6 -> 4324658020 | G6: =D6/1000/'Инфл. тенге'!$E$15 -> 7373.9949 | H6: =E6/1000/'Инфл. тенге'!$E$15 -> 2103.669 | I6: =G6+H6 -> 9477.6639
A7: ГКР | B7: % | C7: 0.25 | F7: =D7+E7 -> 0 | G7: =D7/1000/'Инфл. тенге'!$E$15 -> 0 | H7: =E7/1000/'Инфл. тенге'!$E$15 -> 0 | I7: =G7+H7 -> 0
A8: Итого: | D8: =D3+D4+D5+D6+D7 -> 1.6802873e+10 | E8: =E3+E4+E5+E6+E7 -> 5.4693655e+10 | F8: =D8+E8 -> 7.1496528e+10 | G8: =D8/1000/'Инфл. тенге'!$E$15 -> 36824.179 | H8: =E8/1000/'Инфл. тенге'!$E$15 -> 119863.37 | I8: =G8+H8 -> 156687.55

Sheet Аморт ОС
A1: Приложение __
A2: Расчет амортизационных отчислений
A3: Наименование показателей | B3: Ед.изм. | C3: Всего
D4: 2023 | E4: 2024 | F4: 2025 | G4: 2026 | H4: 2027 | I4: 2028 | J4: 2029 | K4: 2030 | L4: 2031 | M4: 2032 | N4: 2033 | O4: 2034 | P4: 2035 | Q4: 2036 | R4: 2037
D5: -1 | E5: 1 | F5: 2 | G5: 3 | H5: 4 | I5: 5 | J5: 6 | K5: 7 | L5: 8 | M5: 9 | N5: 10 | O5: 11 | P5: 12 | Q5: 13 | R5: 14
A6: 1. Рудник
A7: 1. 1 Горно-капитальные работы: | B7: тыс.USD | C7: =SUM(D7:R7) -> 0
A8: стоимостной баланс на начало года | B8: тыс.USD | E8: =D11+E7 -> 0 | F8: =E11+F7 -> 0 | G8: =F11+G7 -> 0 | H8: =G11+H7 -> 0 | I8: =H11+I7 -> 0 | J8: =I11+J7 -> 0 | K8: =J11+K7 -> 0 | L8: =K11+L7 -> 0 | ... R8: =Q11+R7 -> 0
A9: норма амортизации | B9: тыс.USD | E9: 0.25 | F9: 0.25 | G9: 0.25 | H9: 0.25 | I9: 0.25 | J9: 0.25 | K9: 0.25 | L9: 0.25 | M9: 0.25 | N9: 0.25 | O9: 0.25 | P9: 0.25 | Q9: 0.25 | R9: 0.25
A10: сумма амортизации по группе | B10: тыс.USD | C10: =SUM(D10:R10) -> 0 | E10: =E8*E9 -> 0 | F10: =F8*F9 -> 0 | G10: =G8*G9 -> 0 | H10: =H8*H9 -> 0 | I10: =I8*I9 -> 0 | J10: =J8*J9 -> 0 | K10: =K8*K9 -> 0 | L10: =L8*L9 -> 0 | ... R10: =R8*R9 -> 0
A11: стоимостной баланс на конец года | B11: тыс.USD | E11: =E8-E10 -> 0 | F11: =F8-F10 -> 0 | G11: =G8-G10 -> 0 | H11: =H8-H10 -> 0 | I11: =I8-I10 -> 0 | J11: =J8-J10 -> 0 | K11: =K8-K10 -> 0 | L11: =L8-L10 -> 0 | ... R11: =R8-R10 -> 0
A12: 1.2 Здания и сооружения: | B12: тыс.USD | C12: =SUM(D12:R12) -> 0
A13: стоимостной баланс на начало года | B13: тыс.USD | E13: =D16+E12 -> 112730.81 | F13: =E16+F12 -> 101457.73 | G13: =F16+G12 -> 91311.954 | H13: =G16+H12 -> 82180.759 | I13: =H16+I12 -> 73962.683 | J13: =I16+J12 -> 66566.415 | K13: =J16+K12 -> 59909.773 | L13: =K16+L12 -> 53918.796 | ... R13: =Q16+R12 -> 28654.659
A14: норма амортизации | B14: тыс.USD | E14: 0.1 | F14: 0.1 | G14: 0.1 | H14: 0.1 | I14: 0.1 | J14: 0.1 | K14: 0.1 | L14: 0.1 | M14: 0.1 | N14: 0.1 | O14: 0.1 | P14: 0.1 | Q14: 0.1 | R14: 0.1
A15: сумма амортизации по группе | B15: тыс.USD | C15: =SUM(D15:R15) -> 112730.81 | E15: =E13*E14 -> 11273.081 | F15: =F13*F14 -> 10145.773 | G15: =G13*G14 -> 9131.1954 | H15: =H13*H14 -> 8218.0759 | I15: =I13*I14 -> 7396.2683 | J15: =J13*J14 -> 6656.6415 | K15: =K13*K14 -> 5990.9773 | L15: =L13*L14 -> 5391.8796 | ... Q15: =Q13*Q14 -> 3183.851 | R15: =R13 -> 28654.659
A16: стоимостной баланс на конец года | B16: тыс.USD | D16: =ОС!I3 -> 112730.81 | E16: =E13-E15 -> 101457.73 | F16: =F13-F15 -> 91311.954 | G16: =G13-G15 -> 82180.759 | H16: =H13-H15 -> 73962.683 | I16: =I13-I15 -> 66566.415 | J16: =J13-J15 -> 59909.773 | K16: =K13-K15 -> 53918.796 | L16: =L13-L15 -> 48526.916 | ... R16: =R13-R15 -> 0
A17: 1.3 Производственные оборудования: | B17: тыс.USD | C17: =SUM(D17:R17) -> 0
A18: стоимостной баланс на начало года | B18: тыс.USD | E18: =D21+E17 -> 33997.832 | F18: =E21+F17 -> 25498.374 | G18: =F21+G17 -> 19123.781 | H18: =G21+H17 -> 14342.835 | I18: =H21+I17 -> 10757.127 | J18: =I21+J17 -> 8067.8449 | K18: =J21+K17 -> 6050.8837 | L18: =K21+L17 -> 4538.1628 | ... R18: =Q21+R17 -> 807.69547
A19: норма амортизации | B19: тыс.USD | E19: 0.25 | F19: =E19 -> 0.25 | G19: =F19 -> 0.25 | H19: =G19 -> 0.25 | I19: =H19 -> 0.25 | J19: =I19 -> 0.25 | K19: =J19 -> 0.25 | L19: =K19 -> 0.25 | M19: =L19 -> 0.25 | ... R19: =Q19 -> 0.25
A20: сумма амортизации по группе | B20: тыс.USD | C20: =SUM(D20:R20) -> 33997.832 | E20: =E18*E19 -> 8499.458 | F20: =F18*F19 -> 6374.5935 | G20: =G18*G19 -> 4780.9451 | H20: =H18*H19 -> 3585.7089 | I20: =I18*I19 -> 2689.2816 | J20: =J18*J19 -> 2016.9612 | K20: =K18*K19 -> 1512.7209 | L20: =L18*L19 -> 1134.5407 | ... Q20: =Q18*Q19 -> 269.23182 | R20: =R18 -> 807.69547
A21: стоимостной баланс на конец года | B21: тыс.USD | D21: =ОС!I4 -> 33997.832 | E21: =E18-E20 -> 25498.374 | F21: =F18-F20 -> 19123.781 | G21: =G18-G20 -> 14342.835 | H21: =H18-H20 -> 10757.127 | I21: =I18-I20 -> 8067.8449 | J21: =J18-J20 -> 6050.8837 | K21: =K18-K20 -> 4538.1628 | L21: =L18-L20 -> 3403.6221 | ... R21: =R18-R20 -> 0
A22: 1.4 Компьютеры и оборудование для обработки информации | B22: тыс.USD | C22: =SUM(D22:R22) -> 0
A23: стоимостной баланс на начало года | B23: тыс.USD | E23: =D26+E22 -> 481.2435 | F23: =E26+F22 -> 288.7461 | G23: =F26+G22 -> 173.24766 | H23: =G26+H22 -> 103.9486 | I23: =H26+I22 -> 62.369157 | J23: =I26+J22 -> 37.421494 | K23: =J26+K22 -> 22.452897 | L23: =K26+L22 -> 13.471738 | ... R23: =Q26+R22 -> 0.62853741
A24: норма амортизации | B24: тыс.USD | E24: 0.4 | F24: =E24 -> 0.4 | G24: =F24 -> 0.4 | H24: =G24 -> 0.4 | I24: =H24 -> 0.4 | J24: =I24 -> 0.4 | K24: =J24 -> 0.4 | L24: =K24 -> 0.4 | M24: =L24 -> 0.4 | ... R24: =Q24 -> 0.4
A25: сумма амортизации по группе | B25: тыс.USD | C25: =SUM(D25:R25) -> 481.2435 | E25: =E23*E24 -> 192.4974 | F25: =F23*F24 -> 115.49844 | G25: =G23*G24 -> 69.299064 | H25: =H23*H24 -> 41.579438 | I25: =I23*I24 -> 24.947663 | J25: =J23*J24 -> 14.968598 | K25: =K23*K24 -> 8.9811586 | L25: =L23*L24 -> 5.3886952 | ... Q25: =Q23*Q24 -> 0.41902494 | R25: =R23 -> 0.62853741
A26: стоимостной баланс на конец года | B26: тыс.USD | D26: =ОС!I5 -> 481.2435 | E26: =E23-E25 -> 288.7461 | F26: =F23-F25 -> 173.24766 | G26: =G23-G25 -> 103.9486 | H26: =H23-H25 -> 62.369157 | I26: =I23-I25 -> 37.421494 | J26: =J23-J25 -> 22.452897 | K26: =K23-K25 -> 13.471738 | L26: =L23-L25 -> 8.0830428 | ... R26: =R23-R25 -> 0
A27: 1.5 Фиксированные активы не включенные в другие группы | B27: тыс.USD | C27: =SUM(D27:R27) -> 0
A28: стоимостной баланс на начало года | B28: тыс.USD | E28: =D31+E27 -> 9477.6639 | F28: =E31+F27 -> 8056.0143 | G28: =F31+G27 -> 6847.6121 | H28: =G31+H27 -> 5820.4703 | I28: =H31+I27 -> 4947.3998 | J28: =I31+J27 -> 4205.2898 | K28: =J31+K27 -> 3574.4963 | L28: =K31+L27 -> 3038.3219 | ... R28: =Q31+R27 -> 1145.9016
A29: норма амортизации | B29: тыс.USD | E29: =[3]Макро!C35 -> 0.15 | F29: =E29 -> 0.15 | G29: =F29 -> 0.15 | H29: =G29 -> 0.15 | I29: =H29 -> 0.15 | J29: =I29 -> 0.15 | K29: =J29 -> 0.15 | L29: =K29 -> 0.15 | M29: =L29 -> 0.15 | ... R29: =Q29 -> 0.15
A30: сумма амортизации по группе | B30: тыс.USD | C30: =SUM(D30:R30) -> 9477.6639 | E30: =E28*E29 -> 1421.6496 | F30: =F28*F29 -> 1208.4021 | G30: =G28*G29 -> 1027.1418 | H30: =H28*H29 -> 873.07055 | I30: =I28*I29 -> 742.10997 | J30: =J28*J29 -> 630.79347 | K30: =K28*K29 -> 536.17445 | L30: =L28*L29 -> 455.74828 | ... Q30: =Q28*Q29 -> 202.21793 | R30: =R28 -> 1145.9016
A31: стоимостной баланс на конец года | B31: тыс.USD | D31: =ОС!I6 -> 9477.6639 | E31: =E28-E30 -> 8056.0143 | F31: =F28-F30 -> 6847.6121 | G31: =G28-G30 -> 5820.4703 | H31: =H28-H30 -> 4947.3998 | I31: =I28-I30 -> 4205.2898 | J31: =J28-J30 -> 3574.4963 | K31: =K28-K30 -> 3038.3219 | L31: =L28-L30 -> 2582.5736 | ... R31: =R28-R30 -> 0
A32: 1.6 Специальная группа | B32: тыс.USD | C32: =SUM(D32:Q32) -> 0
A33: стоимостной баланс на начало года | B33: тыс.USD | E33: =D36+E32 -> 0 | F33: =E36+F32 -> 0 | G33: =F36+G32 -> 0 | H33: =G36+H32 -> 0 | I33: =H36+I32 -> 0 | J33: =I36+J32 -> 0 | K33: =J36+K32 -> 0 | L33: =K36+L32 -> 0 | ... R33: =Q36+R32 -> 0
A34: норма амортизации | B34: тыс.USD | E34: 0.25 | F34: =E34 -> 0.25 | G34: =F34 -> 0.25 | H34: =G34 -> 0.25 | I34: =H34 -> 0.25 | J34: =I34 -> 0.25 | K34: =J34 -> 0.25 | L34: =K34 -> 0.25 | M34: =L34 -> 0.25 | ... R34: =Q34 -> 0.25
A35: сумма амортизации по группе | B35: тыс.USD | C35: =SUM(D35:Q35) -> 0 | E35: =E33*E34 -> 0 | F35: =F33*F34 -> 0 | G35: =G33*G34 -> 0 | H35: =H33*H34 -> 0 | I35: =I33*I34 -> 0 | J35: =J33*J34 -> 0 | K35: =K33*K34 -> 0 | L35: =L33*L34 -> 0 | ... R35: =R33*R34 -> 0
A36: стоимостной баланс на конец года | B36: тыс.USD | E36: =E33-E35 -> 0 | F36: =F33-F35 -> 0 | G36: =G33-G35 -> 0 | H36: =H33-H35 -> 0 | I36: =I33-I35 -> 0 | J36: =J33-J35 -> 0 | K36: =K33-K35 -> 0 | L36: =L33-L35 -> 0 | ... R36: =R33-R35 -> 0
A38: 1.6 Итого амортизационные отчисления рудника: | B38: тыс.USD | C38: =SUM(D38:R38) -> 156687.55 | D38: =SUM(D10,D15,D20,D25,D30+D35) -> 0 | E38: =SUM(E10,E15,E20,E25,E30+E35) -> 21386.686 | F38: =SUM(F10,F15,F20,F25,F30+F35) -> 17844.267 | G38: =SUM(G10,G15,G20,G25,G30+G35) -> 15008.581 | H38: =SUM(H10,H15,H20,H25,H30+H35) -> 12718.435 | I38: =SUM(I10,I15,I20,I25,I30+I35) -> 10852.608 | J38: =SUM(J10,J15,J20,J25,J30+J35) -> 9319.3648 | K38: =SUM(K10,K15,K20,K25,K30+K35) -> 8048.8539 | ... R38: =SUM(R10,R15,R20,R25,R30+R35) -> 30608.884
A40: сумма стоимостной баланс на конец года | B40: тыс.USD | D40: =SUM(D11,D16,D21,D26,D31,D36) -> 156687.55 | E40: =SUM(E11,E16,E21,E26,E31,E36) -> 135300.86 | F40: =SUM(F11,F16,F21,F26,F31,F36) -> 117456.59 | G40: =SUM(G11,G16,G21,G26,G31,G36) -> 102448.01 | H40: =SUM(H11,H16,H21,H26,H31,H36) -> 89729.579 | I40: =SUM(I11,I16,I21,I26,I31,I36) -> 78876.971 | J40: =SUM(J11,J16,J21,J26,J31,J36) -> 69557.606 | K40: =SUM(K11,K16,K21,K26,K31,K36) -> 61508.752 | ... R40: =SUM(R11,R16,R21,R26,R31,R36) -> 0
A42: Расчет среднегодовой балансовой стоимости зданий и сооружений для расчета налога на имущество | C42: =C15 -> 112730.81
A43: Стоимость имущества, облагаемого налогом на имущество
A44: 40544 | E44: =E13 -> 112730.81 | F44: =F13 -> 101457.73 | G44: =G13 -> 91311.954 | H44: =H13 -> 82180.759 | I44: =I13 -> 73962.683 | J44: =J13 -> 66566.415 | K44: =K13 -> 59909.773 | L44: =L13 -> 53918.796 | ... R44: =R13 -> 28654.659
A45: 40575 | E45: =E44-E44*10%/12 -> 111791.38 | F45: =F44-F44*10%/12 -> 100612.25 | G45: =G44-G44*10%/12 -> 90551.021 | H45: =H44-H44*10%/12 -> 81495.919 | I45: =I44-I44*10%/12 -> 73346.327 | J45: =J44-J44*10%/12 -> 66011.695 | K45: =K44-K44*10%/12 -> 59410.525 | L45: =L44-L44*10%/12 -> 53469.473 | ... R45: =R44-R44*10%/12 -> 28415.87
A46: 40603 | E46: =E45-E44*10%/12 -> 110851.96 | F46: =F45-F44*10%/12 -> 99766.765 | G46: =G45-G44*10%/12 -> 89790.088 | H46: =H45-H44*10%/12 -> 80811.08 | I46: =I45-I44*10%/12 -> 72729.972 | J46: =J45-J44*10%/12 -> 65456.974 | K46: =K45-K44*10%/12 -> 58911.277 | L46: =L45-L44*10%/12 -> 53020.149 | ... R46: =R45-R44*10%/12 -> 28177.081
A47: 40634 | E47: =E46-E44*10%/12 -> 109912.54 | F47: =F46-F44*10%/12 -> 98921.284 | G47: =G46-G44*10%/12 -> 89029.156 | H47: =H46-H44*10%/12 -> 80126.24 | I47: =I46-I44*10%/12 -> 72113.616 | J47: =J46-J44*10%/12 -> 64902.254 | K47: =K46-K44*10%/12 -> 58412.029 | L47: =L46-L44*10%/12 -> 52570.826 | ... R47: =R46-R44*10%/12 -> 27938.292
A48: 40664 | E48: =E47-E44*10%/12 -> 108973.11 | F48: =F47-F44*10%/12 -> 98075.803 | G48: =G47-G44*10%/12 -> 88268.223 | H48: =H47-H44*10%/12 -> 79441.4 | I48: =I47-I44*10%/12 -> 71497.26 | J48: =J47-J44*10%/12 -> 64347.534 | K48: =K47-K44*10%/12 -> 57912.781 | L48: =L47-L44*10%/12 -> 52121.503 | ... R48: =R47-R44*10%/12 -> 27699.504
A49: 40695 | E49: =E48-E44*10%/12 -> 108033.69 | F49: =F48-F44*10%/12 -> 97230.322 | G49: =G48-G44*10%/12 -> 87507.29 | H49: =H48-H44*10%/12 -> 78756.561 | I49: =I48-I44*10%/12 -> 70880.905 | J49: =J48-J44*10%/12 -> 63792.814 | K49: =K48-K44*10%/12 -> 57413.533 | L49: =L48-L44*10%/12 -> 51672.179 | ... R49: =R48-R44*10%/12 -> 27460.715
A50: 40725 | E50: =E49-E44*10%/12 -> 107094.27 | F50: =F49-F44*10%/12 -> 96384.841 | G50: =G49-G44*10%/12 -> 86746.357 | H50: =H49-H44*10%/12 -> 78071.721 | I50: =I49-I44*10%/12 -> 70264.549 | J50: =J49-J44*10%/12 -> 63238.094 | K50: =K49-K44*10%/12 -> 56914.285 | L50: =L49-L44*10%/12 -> 51222.856 | ... R50: =R49-R44*10%/12 -> 27221.926
A51: 40756 | E51: =E50-E44*10%/12 -> 106154.84 | F51: =F50-F44*10%/12 -> 95539.36 | G51: =G50-G44*10%/12 -> 85985.424 | H51: =H50-H44*10%/12 -> 77386.881 | I51: =I50-I44*10%/12 -> 69648.193 | J51: =J50-J44*10%/12 -> 62683.374 | K51: =K50-K44*10%/12 -> 56415.036 | L51: =L50-L44*10%/12 -> 50773.533 | ... R51: =R50-R44*10%/12 -> 26983.137
A52: 40787 | E52: =E51-E44*10%/12 -> 105215.42 | F52: =F51-F44*10%/12 -> 94693.879 | G52: =G51-G44*10%/12 -> 85224.491 | H52: =H51-H44*10%/12 -> 76702.042 | I52: =I51-I44*10%/12 -> 69031.837 | J52: =J51-J44*10%/12 -> 62128.654 | K52: =K51-K44*10%/12 -> 55915.788 | L52: =L51-L44*10%/12 -> 50324.21 | ... R52: =R51-R44*10%/12 -> 26744.348
A53: 40817 | E53: =E52-E44*10%/12 -> 104276 | F53: =F52-F44*10%/12 -> 93848.398 | G53: =G52-G44*10%/12 -> 84463.558 | H53: =H52-H44*10%/12 -> 76017.202 | I53: =I52-I44*10%/12 -> 68415.482 | J53: =J52-J44*10%/12 -> 61573.934 | K53: =K52-K44*10%/12 -> 55416.54 | L53: =L52-L44*10%/12 -> 49874.886 | ... R53: =R52-R44*10%/12 -> 26505.559
A54: 40848 | E54: =E53-E44*10%/12 -> 103336.57 | F54: =F53-F44*10%/12 -> 93002.916 | G54: =G53-G44*10%/12 -> 83702.625 | H54: =H53-H44*10%/12 -> 75332.362 | I54: =I53-I44*10%/12 -> 67799.126 | J54: =J53-J44*10%/12 -> 61019.214 | K54: =K53-K44*10%/12 -> 54917.292 | L54: =L53-L44*10%/12 -> 49425.563 | ... R54: =R53-R44*10%/12 -> 26266.771
A55: 40878 | E55: =E54-E44*10%/12 -> 102397.15 | F55: =F54-F44*10%/12 -> 92157.435 | G55: =G54-G44*10%/12 -> 82941.692 | H55: =H54-H44*10%/12 -> 74647.523 | I55: =I54-I44*10%/12 -> 67182.77 | J55: =J54-J44*10%/12 -> 60464.493 | K55: =K54-K44*10%/12 -> 54418.044 | L55: =L54-L44*10%/12 -> 48976.24 | ... R55: =R54-R44*10%/12 -> 26027.982
A56: 40909 | E56: =E55-E44*10%/12 -> 101457.73 | F56: =F55-F44*10%/12 -> 91311.954 | G56: =G55-G44*10%/12 -> 82180.759 | H56: =H55-H44*10%/12 -> 73962.683 | I56: =I55-I44*10%/12 -> 66566.415 | J56: =J55-J44*10%/12 -> 59909.773 | K56: =K55-K44*10%/12 -> 53918.796 | L56: =L55-L44*10%/12 -> 48526.916 | ... R56: =R55-R44*10%/12 -> 25789.193
A57: Среднегодовая балансовая стоимость зданий и сооружений, облагаемая налогом на имущество | E57: =SUM(E44:E56)/13 -> 107094.27 | F57: =SUM(F44:F56)/13 -> 96384.841 | G57: =SUM(G44:G56)/13 -> 86746.357 | H57: =SUM(H44:H56)/13 -> 78071.721 | I57: =SUM(I44:I56)/13 -> 70264.549 | J57: =SUM(J44:J56)/13 -> 63238.094 | K57: =SUM(K44:K56)/13 -> 56914.285 | L57: =SUM(L44:L56)/13 -> 51222.856 | ... R57: =SUM(R44:R56)/13 -> 27221.926
A58: ставка налога на имущество | E58: 0.015 | F58: 0.015 | G58: 0.015 | H58: 0.015 | I58: 0.015 | J58: 0.015 | K58: 0.015 | L58: 0.015 | M58: 0.015 | N58: 0.015 | O58: 0.015 | P58: 0.015 | Q58: 0.015 | R58: 0.015
A59: налог на имущество | E59: =E57*E58 -> 1606.414 | F59: =F57*F58 -> 1445.7726 | G59: =G57*G58 -> 1301.1953 | H59: =H57*H58 -> 1171.0758 | I59: =I57*I58 -> 1053.9682 | J59: =J57*J58 -> 948.57141 | K59: =K57*K58 -> 853.71427 | L59: =L57*L58 -> 768.34284 | ... R59: =R57*R58 -> 408.32889

Sheet Аморт ГКР
B1: Приложение __
B2: Расчет амортизационных отчислений
A3: ВАРИАНТЫ ТЭО | B3: Наименование показателей | C3: Ед.изм. | D3: Всего | F3: Годы отработки
E4: 2023 | F4: 2024 | G4: 2025 | H4: 2026 | I4: 2027 | J4: 2028 | K4: 2029 | L4: 2030 | M4: 2031 | N4: 2032 | O4: 2033 | P4: 2034 | Q4: 2035 | R4: 2036 | S4: 2037
E5: -1 | F5: 1 | G5: 2 | H5: 3 | I5: 4 | J5: 5 | K5: 6 | L5: 7 | M5: 8 | N5: 9 | O5: 10 | P5: 11 | Q5: 12 | R5: 13 | S5: 14
B6: ='[4]В1_ФЭМ 3,4, новая ИТОГ'!B29 -> Эксплуатационная руда | C6: ='[4]В1_ФЭМ 3,4, новая ИТОГ'!C29 -> тыс. т | D6: ='ФЭМ 0.9'!D22 -> 18655.526 | F6: =D6 -> 18655.526 | G6: =F6-F7 -> 17405.526 | H6: =G6-G7 -> 16105.526 | I6: =H6-H7 -> 14705.526 | J6: =I6-I7 -> 13205.526 | K6: =J6-J7 -> 11705.526 | L6: =K6-K7 -> 10205.526 | M6: =L6-L7 -> 8705.526 | N6: =M6-M7 -> 7205.526 | ... S6: =R6-R7 -> 405.526
B7: Добыча | C7: тыс. т | D7: ='ФЭМ 0.9'!D22 -> 18655.526 | F7: ='ФЭМ 0.9'!F22 -> 1250 | G7: ='ФЭМ 0.9'!G22 -> 1300 | H7: ='ФЭМ 0.9'!H22 -> 1400 | I7: ='ФЭМ 0.9'!I22 -> 1500 | J7: ='ФЭМ 0.9'!J22 -> 1500 | K7: ='ФЭМ 0.9'!K22 -> 1500 | L7: ='ФЭМ 0.9'!L22 -> 1500 | M7: ='ФЭМ 0.9'!M22 -> 1500 | ... S7: ='ФЭМ 0.9'!S22 -> 405.526
B8: норма амортизации | C8: % | F8: =F7/F6 -> 0.067004275 | G8: =G7/G6 -> 0.074688924 | H8: =H7/H6 -> 0.086926686 | I8: =I7/I6 -> 0.10200247 | J8: =J7/J6 -> 0.11358881 | K8: =K7/K6 -> 0.1281446 | L8: =L7/L6 -> 0.1469792 | M8: =M7/M6 -> 0.17230435 | ... S8: =S7/S6 -> 1
A9: ВАРИАНТ 1 | B9: Горно-капитальные работы | C9: тыс.USD | D9: =SUM(F9:S9) -> 22745.2 | F9: =календари!F18*'И. Д.'!F85 -> 18998.8 | G9: =календари!G18*'И. Д.'!F85 -> 3746.4
B10: стоимостной баланс на начало года | C10: тыс.USD | F10: =F9 -> 18998.8 | G10: =F13+G9 -> 21472.199 | H10: =G13+H9 -> 19868.464 | I10: =H13+I9 -> 18141.364 | J10: =I13+J9 -> 16290.9 | K10: =J13+K9 -> 14440.436 | L10: =K13+L9 -> 12589.972 | M10: =L13+M9 -> 10739.508 | N10: =M13+N9 -> 8889.0442 | ... S10: =R13+S9 -> 500.27417
B11: норма амортизации | C11: тыс.USD | F11: =F8 -> 0.067004275 | G11: =G8 -> 0.074688924 | H11: =H8 -> 0.086926686 | I11: =I8 -> 0.10200247 | J11: =J8 -> 0.11358881 | K11: =K8 -> 0.1281446 | L11: =L8 -> 0.1469792 | M11: =M8 -> 0.17230435 | ... S11: =S8 -> 1
B12: сумма амортизации по группе | C12: тыс.USD | D12: =SUM(F12:S12) -> 22745.2 | F12: =F10*F11 -> 1273.0008 | G12: =G10*G11 -> 1603.7354 | H12: =H10*H11 -> 1727.0997 | I12: =I10*I11 -> 1850.464 | J12: =J10*J11 -> 1850.464 | K12: =K10*K11 -> 1850.464 | L12: =L10*L11 -> 1850.464 | M12: =M10*M11 -> 1850.464 | ... S12: =S10*S11 -> 500.27417
B13: стоимостной баланс на конец года | C13: тыс.USD | F13: =F10-F12 -> 17725.799 | G13: =G10-G12 -> 19868.464 | H13: =H10-H12 -> 18141.364 | I13: =I10-I12 -> 16290.9 | J13: =J10-J12 -> 14440.436 | K13: =K10-K12 -> 12589.972 | L13: =L10-L12 -> 10739.508 | M13: =M10-M12 -> 8889.0442 | ... S13: =S10-S12 -> 2.0463631e-12
B14: ='[4]В1_ФЭМ 3,4, новая ИТОГ'!B44 -> Добыча руды | C14: тыс. т | D14: ='ФЭМ 1.2'!D22 -> 17377.579 | F14: =D14 -> 17377.579 | G14: =F14-F15 -> 16127.579 | H14: =G14-G15 -> 14827.579 | I14: =H14-H15 -> 13427.579 | J14: =I14-I15 -> 11927.579 | K14: =J14-J15 -> 10427.579 | L14: =K14-K15 -> 8927.579 | M14: =L14-L15 -> 7427.579 | N14: =M14-M15 -> 5927.579 | ... R14: =Q14-Q15 -> 627.579
B15: Добыча | C15: тыс. т | D15: ='[4]В2_ФЭМ РТ2,новая'!D27 -> 5134.9394 | F15: ='ФЭМ 1.2'!F22 -> 1250 | G15: ='ФЭМ 1.2'!G22 -> 1300 | H15: ='ФЭМ 1.2'!H22 -> 1400 | I15: ='ФЭМ 1.2'!I22 -> 1500 | J15: ='ФЭМ 1.2'!J22 -> 1500 | K15: ='ФЭМ 1.2'!K22 -> 1500 | L15: ='ФЭМ 1.2'!L22 -> 1500 | M15: ='ФЭМ 1.2'!M22 -> 1500 | ... R15: ='ФЭМ 1.2'!R22 -> 627.579
B16: норма амортизации | C16: % | F16: =F15/F14 -> 0.071931769 | G16: =G15/G14 -> 0.080607263 | H16: =H15/H14 -> 0.094418651 | I16: =I15/I14 -> 0.11171038 | J16: =J15/J14 -> 0.12575897 | K16: =K15/K14 -> 0.14384931 | L16: =L15/L14 -> 0.16801868 | M16: =M15/M14 -> 0.20195006 | ... R16: =R15/R14 -> 1
A17: ВАРИАНТ 2 | B17: Горно-капитальные работы | C17: тыс.USD | D17: =SUM(F17:R17) -> 22745.2 | F17: =календари!F33*'И. Д.'!$F$85 -> 18998.8 | G17: =календари!G33*'И. Д.'!$F$85 -> 3746.4
B18: стоимостной баланс на начало года | C18: тыс.USD | F18: =F17 -> 18998.8 | G18: =F21+G17 -> 21378.583 | H18: =G21+H17 -> 19655.314 | I18: =H21+I17 -> 17799.485 | J18: =I21+J17 -> 15811.098 | K18: =J21+K17 -> 13822.711 | L18: =K21+L17 -> 11834.323 | M18: =L21+M17 -> 9845.9361 | N18: =M21+N17 -> 7857.5487 | ... R18: =Q21+R17 -> 831.91343
B19: норма амортизации | C19: тыс.USD | F19: =F16 -> 0.071931769 | G19: =G16 -> 0.080607263 | H19: =H16 -> 0.094418651 | I19: =I16 -> 0.11171038 | J19: =J16 -> 0.12575897 | K19: =K16 -> 0.14384931 | L19: =L16 -> 0.16801868 | M19: =M16 -> 0.20195006 | ... R19: =R16 -> 1
B20: сумма амортизации по группе | C20: тыс.USD | D20: =SUM(G20:R20) -> 21378.583 | F20: =F18*F19 -> 1366.6173 | G20: =G18*G19 -> 1723.269 | H20: =H18*H19 -> 1855.8282 | I20: =I18*I19 -> 1988.3873 | J20: =J18*J19 -> 1988.3873 | K20: =K18*K19 -> 1988.3873 | L20: =L18*L19 -> 1988.3873 | M20: =M18*M19 -> 1988.3873 | ... R20: =R18*R19 -> 831.91343
B21: стоимостной баланс на конец года | C21: тыс.USD | F21: =F18-F20 -> 17632.183 | G21: =G18-G20 -> 19655.314 | H21: =H18-H20 -> 17799.485 | I21: =I18-I20 -> 15811.098 | J21: =J18-J20 -> 13822.711 | K21: =K18-K20 -> 11834.323 | L21: =L18-L20 -> 9845.9361 | M21: =M18-M20 -> 7857.5487 | ... R21: =R18-R20 -> 2.1600499e-12
B22: ='[4]В1_ФЭМ 3,4, новая ИТОГ'!B59 -> Содержание | C22: тыс. т | D22: ='ФЭМ 1.5'!D22 -> 16057.533 | F22: =D22 -> 16057.533 | G22: =F22-F23 -> 14807.533 | H22: =G22-G23 -> 13507.533 | I22: =H22-H23 -> 12107.533 | J22: =I22-I23 -> 10607.533 | K22: =J22-J23 -> 9107.533 | L22: =K22-K23 -> 7607.533 | M22: =L22-L23 -> 6107.533 | N22: =M22-M23 -> 4607.533 | ... Q22: =P22-P23 -> 607.533
B23: Добыча | C23: тыс. т | D23: ='[4]В3_ФЭМ РТ2,ЮВ,Основ'!D28 -> 3056.0024 | F23: ='ФЭМ 1.5'!F22 -> 1250 | G23: ='ФЭМ 1.5'!G22 -> 1300 | H23: ='ФЭМ 1.5'!H22 -> 1400 | I23: ='ФЭМ 1.5'!I22 -> 1500 | J23: ='ФЭМ 1.5'!J22 -> 1500 | K23: ='ФЭМ 1.5'!K22 -> 1500 | L23: ='ФЭМ 1.5'!L22 -> 1500 | M23: ='ФЭМ 1.5'!M22 -> 1500 | ... Q23: ='ФЭМ 1.5'!Q22 -> 607.533
B24: норма амортизации | C24: % | F24: =F23/F22 -> 0.077845084 | G24: =G23/G22 -> 0.087793152 | H24: =H23/H22 -> 0.10364587 | I24: =I23/I22 -> 0.12388981 | J24: =J23/J22 -> 0.14140894 | K24: =K23/K22 -> 0.16469883 | L24: =L23/L22 -> 0.19717299 | M24: =M23/M22 -> 0.24559835 | ... Q24: =Q23/Q22 -> 1
A25: ВАРИАНТ 3 | B25: Горно-капитальные работы | C25: тыс.USD | D25: =SUM(F25:R25) -> 22745.2 | F25: =календари!F48*'И. Д.'!H85 -> 18998.8 | G25: =календари!G48*'И. Д.'!H85 -> 3746.4
B26: стоимостной баланс на начало года | C26: тыс.USD | F26: =F25 -> 18998.8 | G26: =F29+G25 -> 21266.237 | H26: =G29+H25 -> 19399.207 | I26: =H29+I25 -> 17388.559 | J26: =I29+J25 -> 15234.294 | K26: =J29+K25 -> 13080.029 | L26: =K29+L25 -> 10925.763 | M26: =L29+M25 -> 8771.4978 | N26: =M29+N25 -> 6617.2325 | ... Q26: =P29+Q25 -> 872.52486
B27: норма амортизации | C27: тыс.USD | F27: =F24 -> 0.077845084 | G27: =G24 -> 0.087793152 | H27: =H24 -> 0.10364587 | I27: =I24 -> 0.12388981 | J27: =J24 -> 0.14140894 | K27: =K24 -> 0.16469883 | L27: =L24 -> 0.19717299 | M27: =M24 -> 0.24559835 | ... Q27: =Q24 -> 1
B28: сумма амортизации по группе | C28: тыс.USD | D28: =SUM(G28:R28) -> 21266.237 | F28: =F26*F27 -> 1478.9632 | G28: =G26*G27 -> 1867.03 | H28: =H26*H27 -> 2010.6477 | I28: =I26*I27 -> 2154.2653 | J28: =J26*J27 -> 2154.2653 | K28: =K26*K27 -> 2154.2653 | L28: =L26*L27 -> 2154.2653 | M28: =M26*M27 -> 2154.2653 | ... Q28: =Q26*Q27 -> 872.52486
B29: стоимостной баланс на конец года | C29: тыс.USD | F29: =F26-F28 -> 17519.837 | G29: =G26-G28 -> 19399.207 | H29: =H26-H28 -> 17388.559 | I29: =I26-I28 -> 15234.294 | J29: =J26-J28 -> 13080.029 | K29: =K26-K28 -> 10925.763 | L29: =L26-L28 -> 8771.4978 | M29: =M26-M28 -> 6617.2325 | ... Q29: =Q26-Q28 -> 0

Sheet Обнов об.1 оч
T2: 400 | U2: $
A3: Сумма затрат на замену дополнительного оборудования
B4: (1 очередь) | E4: 1 | F4: 2 | H4: 3 | I4: 4 | J4: 5 | K4: 6 | L4: 7 | M4: 8 | N4: 9 | O4: 10 | P4: 11 | Q4: 12 | R4: 13 | S4: 14
B5: Наименование оборудования | C5: Единица измерений | D5: Стоимость 1 ед. обору- дования | E5: Годы эксплуатации | T5: Итого сумма затрат
E6: 2022 | F6: 2023 | H6: 2024 | I6: 2025 | J6: 2026 | K6: 2027 | L6: 2028 | M6: 2029 | N6: 2030 | O6: 2031 | P6: 2032 | Q6: 2033 | R6: 2034 | S6: 2035
B7: 1 | C7: 2 | D7: 3 | E7: 4 | F7: 5 | H7: 6 | I7: 7 | J7: 8 | K7: 9 | L7: 10 | M7: 11 | N7: 12 | O7: 13 | P7: 14 | Q7: 15 | R7: 16 | S7: 17
A8: Оборудование на подготовительно-очистные работы
A9: Перфоратор | B9: ПТ-48 (бурение вертикальных шпуров)
B10: - расстановочное количество | C10: шт | E10: ='[5]Гр.замены (КГЦМ)'!D14 -> 1 | F10: ='[5]Гр.замены (КГЦМ)'!E14 -> 1 | H10: ='[5]Гр.замены (КГЦМ)'!F14 -> 1 | I10: ='[5]Гр.замены (КГЦМ)'!G14 -> 1 | J10: ='[5]Гр.замены (КГЦМ)'!H14 -> 1 | K10: ='[5]Гр.замены (КГЦМ)'!I14 -> 1 | L10: ='[5]Гр.замены (КГЦМ)'!J14 -> 1 | M10: ='[5]Гр.замены (КГЦМ)'!K14 -> 1 | N10: ='[5]Гр.замены (КГЦМ)'!L14 -> 1 | O10: ='[5]Гр.замены (КГЦМ)'!M14 -> 1 | ... S10: ='[5]Гр.замены (КГЦМ)'!Q14 -> 0
B11: - оборудование на замену | C11: шт | E11: ='[5]Гр.замены (КГЦМ)'!D15 -> 0 | F11: ='[5]Гр.замены (КГЦМ)'!E15 -> 1 | H11: ='[5]Гр.замены (КГЦМ)'!F15 -> 1 | I11: ='[5]Гр.замены (КГЦМ)'!G15 -> 1 | J11: ='[5]Гр.замены (КГЦМ)'!H15 -> 1 | K11: ='[5]Гр.замены (КГЦМ)'!I15 -> 1 | L11: ='[5]Гр.замены (КГЦМ)'!J15 -> 1 | M11: ='[5]Гр.замены (КГЦМ)'!K15 -> 1 | N11: ='[5]Гр.замены (КГЦМ)'!L15 -> 1 | O11: ='[5]Гр.замены (КГЦМ)'!M15 -> 1 | ... S11: ='[5]Гр.замены (КГЦМ)'!Q15 -> 0
B12: - сумма на замену | C12: тыс. тенге | D12: ='[6]46104020_К9'!$G$23/1000 -> 316.53579 | E12: =$D12*E11 -> 0 | F12: =$D12*F11 -> 316.53579 | H12: =$D12*H11 -> 316.53579 | I12: =$D12*I11 -> 316.53579 | J12: =$D12*J11 -> 316.53579 | K12: =$D12*K11 -> 316.53579 | L12: =$D12*L11 -> 316.53579 | M12: =$D12*M11 -> 316.53579 | N12: =$D12*N11 -> 316.53579 | O12: =$D12*O11 -> 316.53579 | ... S12: =$D12*S11 -> 0 | T12: =SUM(E12:S12) -> 3481.8937
A13: Перфоратор | B13: ПП-63 (бурение горизонтальных шпуров)
B14: - расстановочное количество | C14: шт | E14: ='[5]Гр.замены (КГЦМ)'!D18 -> 2 | F14: ='[5]Гр.замены (КГЦМ)'!E18 -> 2 | H14: ='[5]Гр.замены (КГЦМ)'!F18 -> 2 | I14: ='[5]Гр.замены (КГЦМ)'!G18 -> 2 | J14: ='[5]Гр.замены (КГЦМ)'!H18 -> 2 | K14: ='[5]Гр.замены (КГЦМ)'!I18 -> 2 | L14: ='[5]Гр.замены (КГЦМ)'!J18 -> 2 | M14: ='[5]Гр.замены (КГЦМ)'!K18 -> 2 | N14: ='[5]Гр.замены (КГЦМ)'!L18 -> 2 | O14: ='[5]Гр.замены (КГЦМ)'!M18 -> 2 | ... S14: ='[5]Гр.замены (КГЦМ)'!Q18 -> 0
B15: - оборудование на замену | C15: шт | E15: ='[5]Гр.замены (КГЦМ)'!D19 -> 0 | F15: ='[5]Гр.замены (КГЦМ)'!E19 -> 2 | H15: ='[5]Гр.замены (КГЦМ)'!F19 -> 2 | I15: ='[5]Гр.замены (КГЦМ)'!G19 -> 2 | J15: ='[5]Гр.замены (КГЦМ)'!H19 -> 2 | K15: ='[5]Гр.замены (КГЦМ)'!I19 -> 2 | L15: ='[5]Гр.замены (КГЦМ)'!J19 -> 2 | M15: ='[5]Гр.замены (КГЦМ)'!K19 -> 2 | N15: ='[5]Гр.замены (КГЦМ)'!L19 -> 2 | O15: ='[5]Гр.замены (КГЦМ)'!M19 -> 2 | ... S15: ='[5]Гр.замены (КГЦМ)'!Q19 -> 0
B16: - сумма на замену | C16: тыс. тенге | D16: ='[6]46104020_К9'!$G$27/1000 -> 221.51658 | E16: =$D16*E15 -> 0 | F16: =$D16*F15 -> 443.03316 | H16: =$D16*H15 -> 443.03316 | I16: =$D16*I15 -> 443.03316 | J16: =$D16*J15 -> 443.03316 | K16: =$D16*K15 -> 443.03316 | L16: =$D16*L15 -> 443.03316 | M16: =$D16*M15 -> 443.03316 | N16: =$D16*N15 -> 443.03316 | O16: =$D16*O15 -> 443.03316 | ... S16: =$D16*S15 -> 0 | T16: =SUM(E16:S16) -> 4651.8482
A17: Вентилятор местного проветривания | B17: ESN9-750, ESN 9-450, ВМ-12, TLT
B18: - расстановочное количество | C18: шт | E18: ='[5]Гр.замены (КГЦМ)'!D24 -> 1 | F18: ='[5]Гр.замены (КГЦМ)'!E24 -> 2 | H18: ='[5]Гр.замены (КГЦМ)'!F24 -> 3 | I18: ='[5]Гр.замены (КГЦМ)'!G24 -> 3 | J18: ='[5]Гр.замены (КГЦМ)'!H24 -> 3 | K18: ='[5]Гр.замены (КГЦМ)'!I24 -> 3 | L18: ='[5]Гр.замены (КГЦМ)'!J24 -> 4 | M18: ='[5]Гр.замены (КГЦМ)'!K24 -> 4 | N18: ='[5]Гр.замены (КГЦМ)'!L24 -> 4 | O18: ='[5]Гр.замены (КГЦМ)'!M24 -> 4 | ... S18: ='[5]Гр.замены (КГЦМ)'!Q24 -> 1
B19: - оборудование на замену | C19: шт | E19: ='[5]Гр.замены (КГЦМ)'!D25 -> 0 | F19: ='[5]Гр.замены (КГЦМ)'!E25 -> 0 | H19: ='[5]Гр.замены (КГЦМ)'!F25 -> 0 | I19: ='[5]Гр.замены (КГЦМ)'!G25 -> 1 | J19: ='[5]Гр.замены (КГЦМ)'!H25 -> 0 | K19: ='[5]Гр.замены (КГЦМ)'!I25 -> 1 | L19: ='[5]Гр.замены (КГЦМ)'!J25 -> 0 | M19: ='[5]Гр.замены (КГЦМ)'!K25 -> 1 | N19: ='[5]Гр.замены (КГЦМ)'!L25 -> 1 | O19: ='[5]Гр.замены (КГЦМ)'!M25 -> 1 | ... S19: ='[5]Гр.замены (КГЦМ)'!Q25 -> 0
B20: - сумма на замену | C20: тыс. тенге | D20: ='[6]46104020_К9'!$G$35/1000 -> 38982.24 | E20: =$D20*E19 -> 0 | F20: =$D20*F19 -> 0 | H20: =$D20*H19 -> 0 | I20: =$D20*I19 -> 38982.24 | J20: =$D20*J19 -> 0 | K20: =$D20*K19 -> 38982.24 | L20: =$D20*L19 -> 0 | M20: =$D20*M19 -> 38982.24 | N20: =$D20*N19 -> 38982.24 | O20: =$D20*O19 -> 38982.24 | ... S20: =$D20*S19 -> 0 | T20: =SUM(E20:S20) -> 233893.44
A21: Вентилятор местного проветривания | B21: ВМ-8
B22: - расстановочное количество | C22: шт | E22: ='[5]Гр.замены (КГЦМ)'!D35 -> 0 | F22: ='[5]Гр.замены (КГЦМ)'!E35 -> 0 | H22: ='[5]Гр.замены (КГЦМ)'!F35 -> 1 | I22: ='[5]Гр.замены (КГЦМ)'!G35 -> 1 | J22: ='[5]Гр.замены (КГЦМ)'!H35 -> 1 | K22: ='[5]Гр.замены (КГЦМ)'!I35 -> 1 | L22: ='[5]Гр.замены (КГЦМ)'!J35 -> 1 | M22: ='[5]Гр.замены (КГЦМ)'!K35 -> 1 | N22: ='[5]Гр.замены (КГЦМ)'!L35 -> 1 | O22: ='[5]Гр.замены (КГЦМ)'!M35 -> 1 | ... S22: ='[5]Гр.замены (КГЦМ)'!Q35 -> 0 | V22: Федорова ждет ответ заказчика
B23: - оборудование на замену | C23: шт | E23: ='[5]Гр.замены (КГЦМ)'!D36 -> 0 | F23: ='[5]Гр.замены (КГЦМ)'!E36 -> 0 | H23: ='[5]Гр.замены (КГЦМ)'!F36 -> 0 | I23: ='[5]Гр.замены (КГЦМ)'!G36 -> 0 | J23: ='[5]Гр.замены (КГЦМ)'!H36 -> 0 | K23: ='[5]Гр.замены (КГЦМ)'!I36 -> 0 | L23: ='[5]Гр.замены (КГЦМ)'!J36 -> 1 | M23: ='[5]Гр.замены (КГЦМ)'!K36 -> 0 | N23: ='[5]Гр.замены (КГЦМ)'!L36 -> 0 | O23: ='[5]Гр.замены (КГЦМ)'!M36 -> 0 | ... S23: ='[5]Гр.замены (КГЦМ)'!Q36 -> 0
B24: - сумма на замену | C24: тыс. тенге | D24: =$F$49/1000 -> 1371.7215 | F24: =$D24*F23 -> 0 | H24: =$D24*H23 -> 0 | I24: =$D24*I23 -> 0 | J24: =$D24*J23 -> 0 | K24: =$D24*K23 -> 0 | L24: =$D24*L23 -> 1371.7215 | M24: =$D24*M23 -> 0 | N24: =$D24*N23 -> 0 | O24: =$D24*O23 -> 0 | ... S24: =$D24*S23 -> 0 | T24: =SUM(E24:S24) -> 1371.7215
A25: Вентилятор местного проветривания | B25: ВМ-6
B26: - расстановочное количество | C26: шт | E26: ='[5]Гр.замены (КГЦМ)'!D40 -> 0 | F26: ='[5]Гр.замены (КГЦМ)'!E40 -> 0 | H26: ='[5]Гр.замены (КГЦМ)'!F40 -> 1 | I26: ='[5]Гр.замены (КГЦМ)'!G40 -> 1 | J26: ='[5]Гр.замены (КГЦМ)'!H40 -> 1 | K26: ='[5]Гр.замены (КГЦМ)'!I40 -> 1 | L26: ='[5]Гр.замены (КГЦМ)'!J40 -> 1 | M26: ='[5]Гр.замены (КГЦМ)'!K40 -> 1 | N26: ='[5]Гр.замены (КГЦМ)'!L40 -> 1 | O26: ='[5]Гр.замены (КГЦМ)'!M40 -> 1 | ... S26: ='[5]Гр.замены (КГЦМ)'!Q40 -> 0 | V26: Федорова ждет ответ заказчика
B27: - оборудование на замену | C27: шт | E27: ='[5]Гр.замены (КГЦМ)'!D41 -> 0 | F27: ='[5]Гр.замены (КГЦМ)'!E41 -> 0 | H27: ='[5]Гр.замены (КГЦМ)'!F41 -> 0 | I27: ='[5]Гр.замены (КГЦМ)'!G41 -> 0 | J27: ='[5]Гр.замены (КГЦМ)'!H41 -> 0 | K27: ='[5]Гр.замены (КГЦМ)'!I41 -> 0 | L27: ='[5]Гр.замены (КГЦМ)'!J41 -> 1 | M27: ='[5]Гр.замены (КГЦМ)'!K41 -> 0 | N27: ='[5]Гр.замены (КГЦМ)'!L41 -> 0 | O27: ='[5]Гр.замены (КГЦМ)'!M41 -> 0 | ... S27: ='[5]Гр.замены (КГЦМ)'!Q41 -> 0
B28: - сумма на замену | C28: тыс. тенге | D28: =$F$47/1000 -> 827.24505 | F28: =$D28*F27 -> 0 | H28: =$D28*H27 -> 0 | I28: =$D28*I27 -> 0 | J28: =$D28*J27 -> 0 | K28: =$D28*K27 -> 0 | L28: =$D28*L27 -> 827.24505 | M28: =$D28*M27 -> 0 | N28: =$D28*N27 -> 0 | O28: =$D28*O27 -> 0 | ... S28: =$D28*S27 -> 0 | T28: =SUM(E28:S28) -> 827.24505
A29: Анкероустановщик | B29: Sandvik DS310
B30: - расстановочное количество | C30: шт | E30: ='[5]Гр.замены (КГЦМ)'!D44 -> 1 | F30: ='[5]Гр.замены (КГЦМ)'!E44 -> 1 | H30: ='[5]Гр.замены (КГЦМ)'!F44 -> 1 | I30: ='[5]Гр.замены (КГЦМ)'!G44 -> 1 | J30: ='[5]Гр.замены (КГЦМ)'!H44 -> 1 | K30: ='[5]Гр.замены (КГЦМ)'!I44 -> 1 | L30: ='[5]Гр.замены (КГЦМ)'!J44 -> 1 | M30: ='[5]Гр.замены (КГЦМ)'!K44 -> 1 | N30: ='[5]Гр.замены (КГЦМ)'!L44 -> 1 | O30: ='[5]Гр.замены (КГЦМ)'!M44 -> 1 | ... S30: ='[5]Гр.замены (КГЦМ)'!Q44 -> 0
B31: - оборудование на замену | C31: шт | E31: ='[5]Гр.замены (КГЦМ)'!D45 -> 0 | F31: ='[5]Гр.замены (КГЦМ)'!E45 -> 0 | H31: ='[5]Гр.замены (КГЦМ)'!F45 -> 0 | I31: ='[5]Гр.замены (КГЦМ)'!G45 -> 0 | J31: ='[5]Гр.замены (КГЦМ)'!H45 -> 0 | K31: ='[5]Гр.замены (КГЦМ)'!I45 -> 1 | L31: ='[5]Гр.замены (КГЦМ)'!J45 -> 0 | M31: ='[5]Гр.замены (КГЦМ)'!K45 -> 0 | N31: ='[5]Гр.замены (КГЦМ)'!L45 -> 0 | O31: ='[5]Гр.замены (КГЦМ)'!M45 -> 0 | ... S31: ='[5]Гр.замены (КГЦМ)'!Q45 -> 0
B32: - сумма на замену | C32: тыс. тенге | D32: ='[6]46104020_К9'!$G$31/1000 -> 369904.03 | E32: =$D32*E31 -> 0 | F32: =$D32*F31 -> 0 | H32: =$D32*H31 -> 0 | I32: =$D32*I31 -> 0 | J32: =$D32*J31 -> 0 | K32: =$D32*K31 -> 369904.03 | L32: =$D32*L31 -> 0 | M32: =$D32*M31 -> 0 | N32: =$D32*N31 -> 0 | O32: =$D32*O31 -> 0 | ... S32: =$D32*S31 -> 0 | T32: =SUM(E32:S32) -> 369904.03
G37: реализовано
B38: Итого замена оборудования 1 очередь, тыс.тенге | E38: =E12+E16+E20+E24+E28+E32+E36 -> 0 | F38: =F12+F16+F20+F24+F28+F32+F36 -> 759.56895 | H38: =H12+H16+H20+H24+H28+H32+H36 -> 759.56895 | I38: =I12+I16+I20+I24+I28+I32+I36 -> 39741.809 | J38: =J12+J16+J20+J24+J28+J32+J36 -> 759.56895 | K38: =K12+K16+K20+K24+K28+K32+K36 -> 409645.84 | L38: =L12+L16+L20+L24+L28+L32+L36 -> 2958.5355 | M38: =M12+M16+M20+M24+M28+M32+M36 -> 39741.809 | N38: =N12+N16+N20+N24+N28+N32+N36 -> 39741.809 | O38: =O12+O16+O20+O24+O28+O32+O36 -> 39741.809 | ... T38: =T12+T16+T20+T24+T28+T32+T36 -> 614130.18 | U38: =SUM(E38:S38)/1000 -> 614.13018 | V38: 9574.1
B39: Итого тыс.$ | E39: =E38/$T$2 -> 0 | F39: =F38/$T$2 -> 1.8989224 | H39: =H38/$T$2 -> 1.8989224 | I39: =I38/$T$2 -> 99.354522 | J39: =J38/$T$2 -> 1.8989224 | K39: =K38/$T$2 -> 1024.1146 | L39: =L38/$T$2 -> 7.3963387 | M39: =M38/$T$2 -> 99.354522 | N39: =N38/$T$2 -> 99.354522 | O39: =O38/$T$2 -> 99.354522 | ... T39: =T38/$T$2 -> 1535.3255 | U39: =U38/T2 -> 1.5353255 | V39: 20.370494
A41: Оборудование на подготовительно-очистные работы | E41: =E38 -> 0 | F41: =F38 -> 759.56895 | H41: =H38 -> 759.56895 | I41: =I38 -> 39741.809 | J41: =J38 -> 759.56895 | K41: =K38 -> 409645.84 | L41: =L38 -> 2958.5355 | M41: =M38 -> 39741.809 | N41: =N38 -> 39741.809 | O41: =O38 -> 39741.809 | ... S41: =S38 -> 0
D44: д. 380 | F44: д. 461
B45: Вентилятор местного проветривания GAL 12-450/450 | C45: шт | D45: ='[7]38004350_К9'!$F$31 -> 33484098 | F45: ='[6]46104020_К9'!$G$35 -> 38982240
B46: Отпускная цена - 33087053,57 | D46: -- | E46: коэф-т соотношения стоимости вентиляторов ВМ-12:ВМ-6
B47: Вентилятор местного проветривания ВМ-6 | C47: шт | D47: ='[7]38004350_К9'!$F$33 -> 710568.57 | E47: =D47/D45 -> 0.021221075 | F47: =F45*E47 -> 827245.05 | H47: цены нет | I47: в смете Установка главного проветривания /вентилятор-2 шт/ | O47: ='[8]38004370_К9'!$F$23 -> 2545102820
B48: Отпускная цена - 702142,86 | D48: -- | E48: коэф-т соотношения стоимости вентиляторов ВМ-12:ВМ-8
B49: Вентилятор местного проветривания ВМ-8 | C49: шт | D49: ='[7]38004350_К9'!$F$35 -> 1178250.8 | E49: =D49/D45 -> 0.035188369 | F49: =F45*E49 -> 1371721.5 | H49: цены нет
B50: Отпускная цена - 1164279,46 | D50: --
D51: =SUM(D47:D50) -> 1888819.4 | F51: =SUM(F47:F50) -> 2198966.5

Sheet Обнов обор 2 оч
A1: Продолжение приложения Г | T1: 400 | U1: $
A2: Таблица Г2 - Сумма затрат на замену дополнительного оборудования
B3: (2 очередь) | E3: 1 | F3: 2 | H3: 3 | I3: 4 | J3: 5 | K3: 6 | L3: 7 | M3: 8 | N3: 9 | O3: 10 | P3: 11 | Q3: 12 | R3: 13 | S3: 14
B4: Наименование оборудования | C4: Единица измерений | D4: Стоимость 1 ед. обору- дования | E4: Годы эксплуатации | T4: Итого сумма затрат
E5: 2022 | F5: 2023 | H5: 2024 | I5: 2025 | J5: 2026 | K5: 2027 | L5: 2028 | M5: 2029 | N5: 2030 | O5: 2031 | P5: 2032 | Q5: 2033 | R5: 2034 | S5: 2035
B6: 1 | C6: 2 | D6: 3 | E6: 4 | F6: 5 | H6: 6 | I6: 7 | J6: 8 | K6: 9 | L6: 10 | M6: 11 | N6: 12 | O6: 13 | P6: 14 | Q6: 15 | R6: 16 | S6: 17
A7: Оборудование на подготовительно-очистные работы
A8: Перфоратор | B8: ПТ-48 (бурение вертикальных шпуров)
B9: - расстановочное количество | C9: шт | E9: ='[5]Гр.замены (КГЦМ)'!D16 -> 1 | F9: ='[5]Гр.замены (КГЦМ)'!E16 -> 1 | H9: ='[5]Гр.замены (КГЦМ)'!F16 -> 1 | I9: ='[5]Гр.замены (КГЦМ)'!G16 -> 1 | J9: ='[5]Гр.замены (КГЦМ)'!H16 -> 1 | K9: ='[5]Гр.замены (КГЦМ)'!I16 -> 1 | L9: ='[5]Гр.замены (КГЦМ)'!J16 -> 1 | M9: ='[5]Гр.замены (КГЦМ)'!K16 -> 1 | N9: ='[5]Гр.замены (КГЦМ)'!L16 -> 1 | O9: ='[5]Гр.замены (КГЦМ)'!M16 -> 1 | ... S9: ='[5]Гр.замены (КГЦМ)'!Q16 -> 1
B10: - оборудование на замену | C10: шт | E10: ='[5]Гр.замены (КГЦМ)'!D17 -> 0 | F10: ='[5]Гр.замены (КГЦМ)'!E17 -> 1 | H10: ='[5]Гр.замены (КГЦМ)'!F17 -> 1 | I10: ='[5]Гр.замены (КГЦМ)'!G17 -> 1 | J10: ='[5]Гр.замены (КГЦМ)'!H17 -> 1 | K10: ='[5]Гр.замены (КГЦМ)'!I17 -> 1 | L10: ='[5]Гр.замены (КГЦМ)'!J17 -> 1 | M10: ='[5]Гр.замены (КГЦМ)'!K17 -> 1 | N10: ='[5]Гр.замены (КГЦМ)'!L17 -> 1 | O10: ='[5]Гр.замены (КГЦМ)'!M17 -> 1 | ... S10: ='[5]Гр.замены (КГЦМ)'!Q17 -> 0
B11: - сумма на замену | C11: тыс. тенге | D11: ='[6]46104020_К9'!$G$23/1000 -> 316.53579 | E11: =$D11*E10 -> 0 | F11: =$D11*F10 -> 316.53579 | H11: =$D11*H10 -> 316.53579 | I11: =$D11*I10 -> 316.53579 | J11: =$D11*J10 -> 316.53579 | K11: =$D11*K10 -> 316.53579 | L11: =$D11*L10 -> 316.53579 | M11: =$D11*M10 -> 316.53579 | N11: =$D11*N10 -> 316.53579 | O11: =$D11*O10 -> 316.53579 | ... S11: =$D11*S10 -> 0 | T11: =SUM(E11:S11) -> 3481.8937
A12: Перфоратор | B12: ПП-63 (бурение горизонтальных шпуров)
B13: - расстановочное количество | C13: шт | E13: ='[5]Гр.замены (КГЦМ)'!D21 -> 2 | F13: ='[5]Гр.замены (КГЦМ)'!E21 -> 2 | H13: ='[5]Гр.замены (КГЦМ)'!F21 -> 2 | I13: ='[5]Гр.замены (КГЦМ)'!G21 -> 2 | J13: ='[5]Гр.замены (КГЦМ)'!H21 -> 2 | K13: ='[5]Гр.замены (КГЦМ)'!I21 -> 2 | L13: ='[5]Гр.замены (КГЦМ)'!J21 -> 2 | M13: ='[5]Гр.замены (КГЦМ)'!K21 -> 2 | N13: ='[5]Гр.замены (КГЦМ)'!L21 -> 2 | O13: ='[5]Гр.замены (КГЦМ)'!M21 -> 2 | ... S13: ='[5]Гр.замены (КГЦМ)'!Q21 -> 1
B14: - оборудование на замену | C14: шт | E14: ='[5]Гр.замены (КГЦМ)'!D22 -> 0 | F14: ='[5]Гр.замены (КГЦМ)'!E22 -> 2 | H14: ='[5]Гр.замены (КГЦМ)'!F22 -> 2 | I14: ='[5]Гр.замены (КГЦМ)'!G22 -> 2 | J14: ='[5]Гр.замены (КГЦМ)'!H22 -> 2 | K14: ='[5]Гр.замены (КГЦМ)'!I22 -> 2 | L14: ='[5]Гр.замены (КГЦМ)'!J22 -> 2 | M14: ='[5]Гр.замены (КГЦМ)'!K22 -> 2 | N14: ='[5]Гр.замены (КГЦМ)'!L22 -> 2 | O14: ='[5]Гр.замены (КГЦМ)'!M22 -> 2 | ... S14: ='[5]Гр.замены (КГЦМ)'!Q22 -> 1
B15: - сумма на замену | C15: тыс. тенге | D15: ='[6]46104020_К9'!$G$27/1000 -> 221.51658 | E15: =$D15*E14 -> 0 | F15: =$D15*F14 -> 443.03316 | H15: =$D15*H14 -> 443.03316 | I15: =$D15*I14 -> 443.03316 | J15: =$D15*J14 -> 443.03316 | K15: =$D15*K14 -> 443.03316 | L15: =$D15*L14 -> 443.03316 | M15: =$D15*M14 -> 443.03316 | N15: =$D15*N14 -> 443.03316 | O15: =$D15*O14 -> 443.03316 | ... S15: =$D15*S14 -> 221.51658 | T15: =SUM(E15:S15) -> 5094.8813
A16: Вентилятор местного проветривания | B16: ESN9-750, ESN 9-450, ВМ-12, TLT
B17: - расстановочное количество | C17: шт | E17: ='[5]Гр.замены (КГЦМ)'!D29 -> 3 | F17: ='[5]Гр.замены (КГЦМ)'!E29 -> 4 | H17: ='[5]Гр.замены (КГЦМ)'!F29 -> 5 | I17: ='[5]Гр.замены (КГЦМ)'!G29 -> 5 | J17: ='[5]Гр.замены (КГЦМ)'!H29 -> 5 | K17: ='[5]Гр.замены (КГЦМ)'!I29 -> 5 | L17: ='[5]Гр.замены (КГЦМ)'!J29 -> 4 | M17: ='[5]Гр.замены (КГЦМ)'!K29 -> 4 | N17: ='[5]Гр.замены (КГЦМ)'!L29 -> 4 | O17: ='[5]Гр.замены (КГЦМ)'!M29 -> 4 | ... S17: ='[5]Гр.замены (КГЦМ)'!Q29 -> 1
B18: - оборудование на замену | C18: шт | E18: ='[5]Гр.замены (КГЦМ)'!D30 -> 0 | F18: ='[5]Гр.замены (КГЦМ)'!E30 -> 0 | H18: ='[5]Гр.замены (КГЦМ)'!F30 -> 0 | I18: ='[5]Гр.замены (КГЦМ)'!G30 -> 3 | J18: ='[5]Гр.замены (КГЦМ)'!H30 -> 1 | K18: ='[5]Гр.замены (КГЦМ)'!I30 -> 0 | L18: ='[5]Гр.замены (КГЦМ)'!J30 -> 0 | M18: ='[5]Гр.замены (КГЦМ)'!K30 -> 4 | N18: ='[5]Гр.замены (КГЦМ)'!L30 -> 0 | O18: ='[5]Гр.замены (КГЦМ)'!M30 -> 0 | ... S18: ='[5]Гр.замены (КГЦМ)'!Q30 -> 0
B19: - сумма на замену | C19: тыс. тенге | D19: ='[6]46104020_К9'!$G$35/1000 -> 38982.24 | E19: =$D19*E18 -> 0 | F19: =$D19*F18 -> 0 | H19: =$D19*H18 -> 0 | I19: =$D19*I18 -> 116946.72 | J19: =$D19*J18 -> 38982.24 | K19: =$D19*K18 -> 0 | L19: =$D19*L18 -> 0 | M19: =$D19*M18 -> 155928.96 | N19: =$D19*N18 -> 0 | O19: =$D19*O18 -> 0 | ... S19: =$D19*S18 -> 0 | T19: =SUM(E19:S19) -> 311857.92
A20: Вентилятор местного проветривания | B20: ВМ-8
B21: - расстановочное количество | C21: шт | E21: ='[5]Гр.замены (КГЦМ)'!D37 -> 1 | F21: ='[5]Гр.замены (КГЦМ)'!E37 -> 1 | H21: ='[5]Гр.замены (КГЦМ)'!F37 -> 2 | I21: ='[5]Гр.замены (КГЦМ)'!G37 -> 2 | J21: ='[5]Гр.замены (КГЦМ)'!H37 -> 2 | K21: ='[5]Гр.замены (КГЦМ)'!I37 -> 2 | L21: ='[5]Гр.замены (КГЦМ)'!J37 -> 2 | M21: ='[5]Гр.замены (КГЦМ)'!K37 -> 2 | N21: ='[5]Гр.замены (КГЦМ)'!L37 -> 2 | O21: ='[5]Гр.замены (КГЦМ)'!M37 -> 2 | ... S21: ='[5]Гр.замены (КГЦМ)'!Q37 -> 1
B22: - оборудование на замену | C22: шт | E22: ='[5]Гр.замены (КГЦМ)'!D38 -> 0 | F22: ='[5]Гр.замены (КГЦМ)'!E38 -> 0 | H22: ='[5]Гр.замены (КГЦМ)'!F38 -> 0 | I22: ='[5]Гр.замены (КГЦМ)'!G38 -> 0 | J22: ='[5]Гр.замены (КГЦМ)'!H38 -> 1 | K22: ='[5]Гр.замены (КГЦМ)'!I38 -> 0 | L22: ='[5]Гр.замены (КГЦМ)'!J38 -> 1 | M22: ='[5]Гр.замены (КГЦМ)'!K38 -> 0 | N22: ='[5]Гр.замены (КГЦМ)'!L38 -> 1 | O22: ='[5]Гр.замены (КГЦМ)'!M38 -> 0 | ... S22: ='[5]Гр.замены (КГЦМ)'!Q38 -> 0
B23: - сумма на замену | C23: тыс. тенге | D23: =[9]замена1_КГЦМ!D23 -> 1371.7215 | F23: =$D23*F22 -> 0 | H23: =$D23*H22 -> 0 | I23: =$D23*I22 -> 0 | J23: =$D23*J22 -> 1371.7215 | K23: =$D23*K22 -> 0 | L23: =$D23*L22 -> 1371.7215 | M23: =$D23*M22 -> 0 | N23: =$D23*N22 -> 1371.7215 | O23: =$D23*O22 -> 0 | ... S23: =$D23*S22 -> 0 | T23: =SUM(E23:S23) -> 4115.1644
A24: Вентилятор местного проветривания | B24: ВМ-6
B25: - расстановочное количество | C25: шт | E25: ='[5]Гр.замены (КГЦМ)'!D42 -> 1 | F25: ='[5]Гр.замены (КГЦМ)'!E42 -> 1 | H25: ='[5]Гр.замены (КГЦМ)'!F42 -> 1 | I25: ='[5]Гр.замены (КГЦМ)'!G42 -> 1 | J25: ='[5]Гр.замены (КГЦМ)'!H42 -> 1 | K25: ='[5]Гр.замены (КГЦМ)'!I42 -> 1 | L25: ='[5]Гр.замены (КГЦМ)'!J42 -> 1 | M25: ='[5]Гр.замены (КГЦМ)'!K42 -> 1 | N25: ='[5]Гр.замены (КГЦМ)'!L42 -> 1 | O25: ='[5]Гр.замены (КГЦМ)'!M42 -> 1 | ... S25: ='[5]Гр.замены (КГЦМ)'!Q42 -> 1
B26: - оборудование на замену | C26: шт | E26: ='[5]Гр.замены (КГЦМ)'!D43 -> 0 | F26: ='[5]Гр.замены (КГЦМ)'!E43 -> 0 | H26: ='[5]Гр.замены (КГЦМ)'!F43 -> 0 | I26: ='[5]Гр.замены (КГЦМ)'!G43 -> 0 | J26: ='[5]Гр.замены (КГЦМ)'!H43 -> 1 | K26: ='[5]Гр.замены (КГЦМ)'!I43 -> 0 | L26: ='[5]Гр.замены (КГЦМ)'!J43 -> 0 | M26: ='[5]Гр.замены (КГЦМ)'!K43 -> 0 | N26: ='[5]Гр.замены (КГЦМ)'!L43 -> 1 | O26: ='[5]Гр.замены (КГЦМ)'!M43 -> 0 | ... S26: ='[5]Гр.замены (КГЦМ)'!Q43 -> 0
B27: - сумма на замену | C27: тыс. тенге | D27: =[9]замена1_КГЦМ!D27 -> 827.24505 | F27: =$D27*F26 -> 0 | H27: =$D27*H26 -> 0 | I27: =$D27*I26 -> 0 | J27: =$D27*J26 -> 827.24505 | K27: =$D27*K26 -> 0 | L27: =$D27*L26 -> 0 | M27: =$D27*M26 -> 0 | N27: =$D27*N26 -> 827.24505 | O27: =$D27*O26 -> 0 | ... S27: =$D27*S26 -> 0 | T27: =SUM(E27:S27) -> 1654.4901
A28: Анкероустановщик | B28: Sandvik DS310
B29: - расстановочное количество | C29: шт | E29: ='[5]Гр.замены (КГЦМ)'!D46 -> 1 | F29: ='[5]Гр.замены (КГЦМ)'!E46 -> 1 | H29: ='[5]Гр.замены (КГЦМ)'!F46 -> 1 | I29: ='[5]Гр.замены (КГЦМ)'!G46 -> 1 | J29: ='[5]Гр.замены (КГЦМ)'!H46 -> 1 | K29: ='[5]Гр.замены (КГЦМ)'!I46 -> 1 | L29: ='[5]Гр.замены (КГЦМ)'!J46 -> 1 | M29: ='[5]Гр.замены (КГЦМ)'!K46 -> 1 | N29: ='[5]Гр.замены (КГЦМ)'!L46 -> 1 | O29: ='[5]Гр.замены (КГЦМ)'!M46 -> 1 | ... S29: ='[5]Гр.замены (КГЦМ)'!Q46 -> 1
B30: - оборудование на замену | C30: шт | E30: ='[5]Гр.замены (КГЦМ)'!D47 -> 0 | F30: ='[5]Гр.замены (КГЦМ)'!E47 -> 0 | H30: ='[5]Гр.замены (КГЦМ)'!F47 -> 0 | I30: ='[5]Гр.замены (КГЦМ)'!G47 -> 0 | J30: ='[5]Гр.замены (КГЦМ)'!H47 -> 0 | K30: ='[5]Гр.замены (КГЦМ)'!I47 -> 1 | L30: ='[5]Гр.замены (КГЦМ)'!J47 -> 0 | M30: ='[5]Гр.замены (КГЦМ)'!K47 -> 0 | N30: ='[5]Гр.замены (КГЦМ)'!L47 -> 0 | O30: ='[5]Гр.замены (КГЦМ)'!M47 -> 0 | ... S30: ='[5]Гр.замены (КГЦМ)'!Q47 -> 0
B31: - сумма на замену | C31: тыс. тенге | D31: ='[6]46104020_К9'!$G$31/1000 -> 369904.03 | E31: =$D31*E30 -> 0 | F31: =$D31*F30 -> 0 | H31: =$D31*H30 -> 0 | I31: =$D31*I30 -> 0 | J31: =$D31*J30 -> 0 | K31: =$D31*K30 -> 369904.03 | L31: =$D31*L30 -> 0 | M31: =$D31*M30 -> 0 | N31: =$D31*N30 -> 0 | O31: =$D31*O30 -> 0 | ... S31: =$D31*S30 -> 0 | T31: =SUM(E31:S31) -> 739808.07
A32: Бутобой | B32: BTI
B33: - расстановочное количество | C33: шт | E33: ='[5]Гр.замены (КГЦМ)'!D48 -> 2 | F33: ='[5]Гр.замены (КГЦМ)'!E48 -> 4 | H33: ='[5]Гр.замены (КГЦМ)'!F48 -> 4 | I33: ='[5]Гр.замены (КГЦМ)'!G48 -> 6 | J33: ='[5]Гр.замены (КГЦМ)'!H48 -> 6 | K33: ='[5]Гр.замены (КГЦМ)'!I48 -> 6 | L33: ='[5]Гр.замены (КГЦМ)'!J48 -> 6 | M33: ='[5]Гр.замены (КГЦМ)'!K48 -> 6 | N33: ='[5]Гр.замены (КГЦМ)'!L48 -> 6 | O33: ='[5]Гр.замены (КГЦМ)'!M48 -> 6 | ... S33: ='[5]Гр.замены (КГЦМ)'!Q48 -> 2
B34: - оборудование на замену | C34: шт | E34: ='[5]Гр.замены (КГЦМ)'!D49 -> 0 | F34: ='[5]Гр.замены (КГЦМ)'!E49 -> 0 | H34: ='[5]Гр.замены (КГЦМ)'!F49 -> 0 | I34: ='[5]Гр.замены (КГЦМ)'!G49 -> 0 | J34: ='[5]Гр.замены (КГЦМ)'!H49 -> 0 | K34: ='[5]Гр.замены (КГЦМ)'!I49 -> 0 | L34: ='[5]Гр.замены (КГЦМ)'!J49 -> 2 | M34: ='[5]Гр.замены (КГЦМ)'!K49 -> 2 | N34: ='[5]Гр.замены (КГЦМ)'!L49 -> 0 | O34: ='[5]Гр.замены (КГЦМ)'!M49 -> 0 | ... S34: ='[5]Гр.замены (КГЦМ)'!Q49 -> 0
B35: - сумма на замену | C35: тыс. тенге | D35: ='[10]46104090_К9'!$G$25/1000 -> 61287.78 | E35: =$D35*E34 -> 0 | F35: =$D35*F34 -> 0 | H35: =$D35*H34 -> 0 | I35: =$D35*I34 -> 0 | J35: =$D35*J34 -> 0 | K35: =$D35*K34 -> 0 | L35: =$D35*L34 -> 122575.56 | M35: =$D35*M34 -> 122575.56 | N35: =$D35*N34 -> 0 | O35: =$D35*O34 -> 0 | ... S35: =$D35*S34 -> 0 | T35: =SUM(E35:S35) -> 367726.68
A36: Стационарное оборудование
A37: Насос | B37: ЦНСША 300-378
B38: - расстановочное количество | C38: шт | E38: ='[5]Гр.замены (КГЦМ)'!D56 -> 0 | F38: ='[5]Гр.замены (КГЦМ)'!E56 -> 0 | H38: ='[5]Гр.замены (КГЦМ)'!F56 -> 0 | I38: ='[5]Гр.замены (КГЦМ)'!G56 -> 3 | J38: ='[5]Гр.замены (КГЦМ)'!H56 -> 3 | K38: ='[5]Гр.замены (КГЦМ)'!I56 -> 3 | L38: ='[5]Гр.замены (КГЦМ)'!J56 -> 3 | M38: ='[5]Гр.замены (КГЦМ)'!K56 -> 3 | N38: ='[5]Гр.замены (КГЦМ)'!L56 -> 3 | O38: ='[5]Гр.замены (КГЦМ)'!M56 -> 3 | ... S38: ='[5]Гр.замены (КГЦМ)'!Q56 -> 3
B39: - оборудование на замену | C39: шт | E39: ='[5]Гр.замены (КГЦМ)'!D57 -> 0 | F39: ='[5]Гр.замены (КГЦМ)'!E57 -> 0 | H39: ='[5]Гр.замены (КГЦМ)'!F57 -> 0 | I39: ='[5]Гр.замены (КГЦМ)'!G57 -> 0 | J39: ='[5]Гр.замены (КГЦМ)'!H57 -> 0 | K39: ='[5]Гр.замены (КГЦМ)'!I57 -> 0 | L39: ='[5]Гр.замены (КГЦМ)'!J57 -> 0 | M39: ='[5]Гр.замены (КГЦМ)'!K57 -> 3 | N39: ='[5]Гр.замены (КГЦМ)'!L57 -> 0 | O39: ='[5]Гр.замены (КГЦМ)'!M57 -> 0 | ... S39: ='[5]Гр.замены (КГЦМ)'!Q57 -> 0
B40: - сумма на замену | C40: тыс. тенге | D40: 36000 | E40: =$D40*E39 -> 0 | F40: =$D40*F39 -> 0 | H40: =$D40*H39 -> 0 | I40: =$D40*I39 -> 0 | J40: =$D40*J39 -> 0 | K40: =$D40*K39 -> 0 | L40: =$D40*L39 -> 0 | M40: =$D40*M39 -> 108000 | N40: =$D40*N39 -> 0 | O40: =$D40*O39 -> 0 | ... S40: =$D40*S39 -> 0 | T40: =SUM(E40:S40) -> 216000
A41: Насос | B41: ЦНСША 300-210
B42: - расстановочное количество | C42: шт | E42: ='[5]Гр.замены (КГЦМ)'!D60 -> 0 | F42: ='[5]Гр.замены (КГЦМ)'!E60 -> 0 | H42: ='[5]Гр.замены (КГЦМ)'!F60 -> 0 | I42: ='[5]Гр.замены (КГЦМ)'!G60 -> 2 | J42: ='[5]Гр.замены (КГЦМ)'!H60 -> 2 | K42: ='[5]Гр.замены (КГЦМ)'!I60 -> 2 | L42: ='[5]Гр.замены (КГЦМ)'!J60 -> 2 | M42: ='[5]Гр.замены (КГЦМ)'!K60 -> 2 | N42: ='[5]Гр.замены (КГЦМ)'!L60 -> 2 | O42: ='[5]Гр.замены (КГЦМ)'!M60 -> 2 | ... S42: ='[5]Гр.замены (КГЦМ)'!Q60 -> 2
B43: - оборудование на замену | C43: шт | E43: ='[5]Гр.замены (КГЦМ)'!D61 -> 0 | F43: ='[5]Гр.замены (КГЦМ)'!E61 -> 0 | H43: ='[5]Гр.замены (КГЦМ)'!F61 -> 0 | I43: ='[5]Гр.замены (КГЦМ)'!G61 -> 0 | J43: ='[5]Гр.замены (КГЦМ)'!H61 -> 0 | K43: ='[5]Гр.замены (КГЦМ)'!I61 -> 0 | L43: ='[5]Гр.замены (КГЦМ)'!J61 -> 0 | M43: ='[5]Гр.замены (КГЦМ)'!K61 -> 2 | N43: ='[5]Гр.замены (КГЦМ)'!L61 -> 0 | O43: ='[5]Гр.замены (КГЦМ)'!M61 -> 0 | ... S43: ='[5]Гр.замены (КГЦМ)'!Q61 -> 0
B44: - сумма на замену | C44: тыс. тенге | D44: ='[11]46104070_К9'!$G$25/1000 -> 19978.398 | E44: =$D44*E43 -> 0 | F44: =$D44*F43 -> 0 | H44: =$D44*H43 -> 0 | I44: =$D44*I43 -> 0 | J44: =$D44*J43 -> 0 | K44: =$D44*K43 -> 0 | L44: =$D44*L43 -> 0 | M44: =$D44*M43 -> 39956.796 | N44: =$D44*N43 -> 0 | O44: =$D44*O43 -> 0 | ... S44: =$D44*S43 -> 0 | T44: =SUM(E44:S44) -> 79913.592
A45: Насос | B45: ЦНСА 180-170
B46: - расстановочное количество | C46: шт | E46: ='[5]Гр.замены (КГЦМ)'!D63 -> 0 | F46: ='[5]Гр.замены (КГЦМ)'!E63 -> 0 | H46: ='[5]Гр.замены (КГЦМ)'!F63 -> 0 | I46: ='[5]Гр.замены (КГЦМ)'!G63 -> 0 | J46: ='[5]Гр.замены (КГЦМ)'!H63 -> 2 | K46: ='[5]Гр.замены (КГЦМ)'!I63 -> 2 | L46: ='[5]Гр.замены (КГЦМ)'!J63 -> 2 | M46: ='[5]Гр.замены (КГЦМ)'!K63 -> 2 | N46: ='[5]Гр.замены (КГЦМ)'!L63 -> 2 | O46: ='[5]Гр.замены (КГЦМ)'!M63 -> 2 | ... S46: ='[5]Гр.замены (КГЦМ)'!Q63 -> 2
B47: - оборудование на замену | C47: шт | E47: ='[5]Гр.замены (КГЦМ)'!D64 -> 0 | F47: ='[5]Гр.замены (КГЦМ)'!E64 -> 0 | H47: ='[5]Гр.замены (КГЦМ)'!F64 -> 0 | I47: ='[5]Гр.замены (КГЦМ)'!G64 -> 0 | J47: ='[5]Гр.замены (КГЦМ)'!H64 -> 0 | K47: ='[5]Гр.замены (КГЦМ)'!I64 -> 0 | L47: ='[5]Гр.замены (КГЦМ)'!J64 -> 0 | M47: ='[5]Гр.замены (КГЦМ)'!K64 -> 0 | N47: ='[5]Гр.замены (КГЦМ)'!L64 -> 2 | O47: ='[5]Гр.замены (КГЦМ)'!M64 -> 0 | ... S47: ='[5]Гр.замены (КГЦМ)'!Q64 -> 0
B48: - сумма на замену | C48: тыс. тенге | D48: ='[12]46104080_К9'!$G$25/1000 -> 11684.926 | E48: =$D48*E47 -> 0 | F48: =$D48*F47 -> 0 | H48: =$D48*H47 -> 0 | I48: =$D48*I47 -> 0 | J48: =$D48*J47 -> 0 | K48: =$D48*K47 -> 0 | L48: =$D48*L47 -> 0 | M48: =$D48*M47 -> 0 | N48: =$D48*N47 -> 23369.853 | O48: =$D48*O47 -> 0 | ... S48: =$D48*S47 -> 0 | T48: =SUM(E48:S48) -> 46739.706
A49: Бетонный насос
B50: - расстановочное количество | C50: шт | E50: ='[5]Гр.замены (КГЦМ)'!D66 -> 1 | F50: ='[5]Гр.замены (КГЦМ)'!E66 -> 1 | H50: ='[5]Гр.замены (КГЦМ)'!F66 -> 1 | I50: ='[5]Гр.замены (КГЦМ)'!G66 -> 1 | J50: ='[5]Гр.замены (КГЦМ)'!H66 -> 1 | K50: ='[5]Гр.замены (КГЦМ)'!I66 -> 1 | L50: ='[5]Гр.замены (КГЦМ)'!J66 -> 1 | M50: ='[5]Гр.замены (КГЦМ)'!K66 -> 1 | N50: ='[5]Гр.замены (КГЦМ)'!L66 -> 1 | O50: ='[5]Гр.замены (КГЦМ)'!M66 -> 1 | ... S50: ='[5]Гр.замены (КГЦМ)'!Q66 -> 1
B51: - оборудование на замену | C51: шт | E51: ='[5]Гр.замены (КГЦМ)'!D67 -> 0 | F51: ='[5]Гр.замены (КГЦМ)'!E67 -> 0 | H51: ='[5]Гр.замены (КГЦМ)'!F67 -> 0 | I51: ='[5]Гр.замены (КГЦМ)'!G67 -> 0 | J51: ='[5]Гр.замены (КГЦМ)'!H67 -> 1 | K51: ='[5]Гр.замены (КГЦМ)'!I67 -> 0 | L51: ='[5]Гр.замены (КГЦМ)'!J67 -> 0 | M51: ='[5]Гр.замены (КГЦМ)'!K67 -> 0 | N51: ='[5]Гр.замены (КГЦМ)'!L67 -> 0 | O51: ='[5]Гр.замены (КГЦМ)'!M67 -> 1 | ... S51: ='[5]Гр.замены (КГЦМ)'!Q67 -> 0
B52: - сумма на замену | C52: тыс. тенге | D52: ='[13]46104130_К9'!$G$25/1000 -> 559310.86 | E52: =$D52*E51 -> 0 | F52: =$D52*F51 -> 0 | H52: =$D52*H51 -> 0 | I52: =$D52*I51 -> 0 | J52: =$D52*J51 -> 559310.86 | K52: =$D52*K51 -> 0 | L52: =$D52*L51 -> 0 | M52: =$D52*M51 -> 0 | N52: =$D52*N51 -> 0 | O52: =$D52*O51 -> 559310.86 | ... S52: =$D52*S51 -> 0 | T52: =SUM(E52:S52) -> 1118621.7
G53: реализовано
B54: Итого замена оборудования 2 очередь, тыс.тенге | E54: =E11+E15+E19+E23+E27+E31+E35+E40+E44+E48+E52 -> 0 | F54: =F11+F15+F19+F23+F27+F31+F35+F40+F44+F48+F52 -> 759.56895 | H54: =H11+H15+H19+H23+H27+H31+H35+H40+H44+H48+H52 -> 759.56895 | I54: =I11+I15+I19+I23+I27+I31+I35+I40+I44+I48+I52 -> 117706.29 | J54: =J11+J15+J19+J23+J27+J31+J35+J40+J44+J48+J52 -> 601251.64 | K54: =K11+K15+K19+K23+K27+K31+K35+K40+K44+K48+K52 -> 370663.6 | L54: =L11+L15+L19+L23+L27+L31+L35+L40+L44+L48+L52 -> 124706.85 | M54: =M11+M15+M19+M23+M27+M31+M35+M40+M44+M48+M52 -> 427220.89 | N54: =N11+N15+N19+N23+N27+N31+N35+N40+N44+N48+N52 -> 26328.388 | O54: =O11+O15+O19+O23+O27+O31+O35+O40+O44+O48+O52 -> 560070.43 | ... T54: =T11+T15+T19+T23+T27+T31+T35+T40+T44+T48+T52 -> 2895014.1 | U54: =SUM(E54:S54) -> 2895014.1
B55: Итого тыс.$ | E55: =E54/$T$1 -> 0 | F55: =F54/$T$1 -> 1.8989224 | H55: =H54/$T$1 -> 1.8989224 | I55: =I54/$T$1 -> 294.26572 | J55: =J54/$T$1 -> 1503.1291 | K55: =K54/$T$1 -> 926.65901 | L55: =L54/$T$1 -> 311.76713 | M55: =M54/$T$1 -> 1068.0522 | N55: =N54/$T$1 -> 65.820971 | O55: =O54/$T$1 -> 1400.1761 | ... T55: =T54/$T$1 -> 7237.5353 | U55: =U54/T1/1000 -> 7.2375353
A57: Оборудование на подготовительно-очистные работы | E57: =E11+E15+E19+E23+E27+E31+E35 -> 0 | F57: =F11+F15+F19+F23+F27+F31+F35 -> 759.56895 | H57: =H11+H15+H19+H23+H27+H31+H35 -> 759.56895 | I57: =I11+I15+I19+I23+I27+I31+I35 -> 117706.29 | J57: =J11+J15+J19+J23+J27+J31+J35 -> 41940.775 | K57: =K11+K15+K19+K23+K27+K31+K35 -> 370663.6 | L57: =L11+L15+L19+L23+L27+L31+L35 -> 124706.85 | M57: =M11+M15+M19+M23+M27+M31+M35 -> 279264.09 | N57: =N11+N15+N19+N23+N27+N31+N35 -> 2958.5355 | O57: =O11+O15+O19+O23+O27+O31+O35 -> 759.56895 | ... T57: =T11+T15+T19+T23+T27+T31+T35 -> 1433739.1
A58: Стационарное оборудование | E58: =E40+E44+E48+E52 -> 0 | F58: =F40+F44+F48+F52 -> 0 | H58: =H40+H44+H48+H52 -> 0 | I58: =I40+I44+I48+I52 -> 0 | J58: =J40+J44+J48+J52 -> 559310.86 | K58: =K40+K44+K48+K52 -> 0 | L58: =L40+L44+L48+L52 -> 0 | M58: =M40+M44+M48+M52 -> 147956.8 | N58: =N40+N44+N48+N52 -> 23369.853 | O58: =O40+O44+O48+O52 -> 559310.86 | ... T58: =T40+T44+T48+T52 -> 1461275
T59: =SUM(T57:T58) -> 2895014.1 | U59: =T54-T59 -> 0

Sheet ПИР
B1: без НДС
A2: № п/п | B2: Наименование работ и затрат | C2: Сметная стоимость, тыс. тенге | F2: Всего, тыс. тенге | G2: Всего, тыс. долл.
C3: строительно-монтажных работ | D3: оборудования, мебели, инвентаря | E3: прочих затрат
A4: 1 | B4: 2 | C4: 3 | D4: 4 | E4: 5 | F4: 6 | G4: 7
B5: Раздел I. Проектирование
A6: 1 | B6: проектно-изыскательские работы (стадия план горных работ) | C6: 0 | D6: 0 | E6: 37856.96 | F6: 37856.96 | G6: 94.6424
A7: 2 | B7: проектно-изыскательские работы (стадия рабочая документация) | C7: 0 | D7: 0 | E7: 37191.66 | F7: 37191.66 | G7: 92.97915
A8: 3 | B8: проектные работы склада ТМЦ | C8: 0 | D8: 0 | E8: 13721 | F8: 13721 | G8: 34.3025
A9: 4 | B9: изыскательские работы склада ТМЦ | C9: 0 | D9: 0 | E9: 709 | F9: 709 | G9: 1.7725
A10: 5 | B10: проектно-изыскательские работы ГВУ | C10: 0 | D10: 0 | E10: 39343.07 | F10: 39343.07 | G10: 98.357675
A11: 6 | B11: стоимость работ по проведению комплексной вневедомственной экспертизы | C11: 0 | D11: 0 | E11: 2331 | F11: 2331 | G11: 5.8275
B12: Итого по разделу I | C12: 0 | D12: 0 | E12: 131152.69 | F12: 131152.69 | G12: 327.88173
B13: Реализованно
B14: Раздел II. Сметная стоимость подрядных работ
A15: 7 | B15: сметная стоимость строительства | C15: 83488158 | D15: 24973572 | E15: 931749.1 | F15: 1.0939348e+08 | G15: 273483.7
B16: Итого по разделу II | C16: 83488158 | D16: 24973572 | E16: 931749.1 | F16: 1.0939348e+08 | G16: 273483.7 | H16: входит в ГКР или НЕТ
B17: Раздел III. Инжиниринговые услуги
A18: 8 | B18: затраты заказчика на инжиниринговые услуги по техническому надзору за строительством | C18: 0 | D18: 0 | E18: 466776.72 | F18: 466776.72 | G18: 1166.9418
A19: 9 | B19: затраты заказчика на инжиниринговые услуги по авторскому надзору за строительством | C19: 0 | D19: 0 | E19: 192505.86 | F19: 192505.86 | G19: 481.26465
B20: Итого по разделу III | C20: 0 | D20: 0 | E20: 659282.58 | F20: 659282.58 | G20: 1648.2064
B21: Итого по сводному сметному расчету | C21: 83488158 | D21: 24973572 | E21: 1722184.4 | F21: 1.1018391e+08 | G21: 275459.79

Sheet Амор на доп обор
B1: Приложение __
B2: Расчет амортизационных отчислений
A3: ВАРИАНТЫ ТЭО | B3: Наименование показателей | C3: Ед.изм. | D3: Всего | F3: Годы отработки
E4: 2023 | F4: 2024 | G4: 2025 | H4: 2026 | I4: 2027 | J4: 2028 | K4: 2029 | L4: 2030 | M4: 2031 | N4: 2032 | O4: 2033 | P4: 2034 | Q4: 2035 | R4: 2036 | S4: 2037
E5: -1 | F5: 1 | G5: 2 | H5: 3 | I5: 4 | J5: 5 | K5: 6 | L5: 7 | M5: 8 | N5: 9 | O5: 10 | P5: 11 | Q5: 12 | R5: 13 | S5: 14
A6: ВАРИАНТ 1 | B6: Обновление оборудования | C6: тыс.USD | D6: =SUM(F6:S6) -> 8769.0629 | F6: ='Обнов об.1 оч'!H39+'Обнов обор 2 оч'!H55 -> 3.7978447 | G6: ='Обнов об.1 оч'!I39+'Обнов обор 2 оч'!I55 -> 393.62024 | H6: ='Обнов об.1 оч'!J39+'Обнов обор 2 оч'!J55 -> 1505.028 | I6: ='Обнов об.1 оч'!K39+'Обнов обор 2 оч'!K55 -> 1950.7736 | J6: ='Обнов об.1 оч'!L39+'Обнов обор 2 оч'!L55 -> 319.16347 | K6: ='Обнов об.1 оч'!M39+'Обнов обор 2 оч'!M55 -> 1167.4067 | L6: ='Обнов об.1 оч'!N39+'Обнов обор 2 оч'!N55 -> 165.17549 | M6: ='Обнов об.1 оч'!O39+'Обнов обор 2 оч'!O55 -> 1499.5306 | ... Q6: ='Обнов об.1 оч'!S39+'Обнов обор 2 оч'!S55 -> 0.55379145
B7: стоимостной баланс на начало года | C7: тыс.USD | F7: =F6 -> 3.7978447 | G7: =F10+G6 -> 396.46863 | H7: =G10+H6 -> 1802.3795 | I7: =H10+I6 -> 3302.5582 | J7: =I10+J6 -> 2796.0821 | K7: =J10+K6 -> 3264.4683 | L7: =K10+L6 -> 2613.5268 | M7: =L10+M6 -> 3459.6757 | N7: =M10+N6 -> 3523.3147 | ... S7: =R10+S6 -> 1106.9742
B8: норма амортизации | C8: тыс.USD | F8: 0.25 | G8: =F8 -> 0.25 | H8: =G8 -> 0.25 | I8: =H8 -> 0.25 | J8: =I8 -> 0.25 | K8: =J8 -> 0.25 | L8: =K8 -> 0.25 | M8: =L8 -> 0.25 | N8: =M8 -> 0.25 | ... S8: =R8 -> 0.25
B9: сумма амортизации по группе | C9: тыс.USD | D9: =SUM(F9:S9) -> 8769.0629 | F9: =F7*F8 -> 0.94946119 | G9: =G7*G8 -> 99.117157 | H9: =H7*H8 -> 450.59487 | I9: =I7*I8 -> 825.63956 | J9: =J7*J8 -> 699.02054 | K9: =K7*K8 -> 816.11709 | L9: =L7*L8 -> 653.38169 | M9: =M7*M8 -> 864.91892 | ... R9: =R7*R8 -> 368.99141 | S9: =S7 -> 1106.9742
B10: стоимостной баланс на конец года | C10: тыс.USD | F10: =F7-F9 -> 2.8483836 | G10: =G7-G9 -> 297.35147 | H10: =H7-H9 -> 1351.7846 | I10: =I7-I9 -> 2476.9187 | J10: =J7-J9 -> 2097.0616 | K10: =K7-K9 -> 2448.3513 | L10: =L7-L9 -> 1960.1451 | M10: =M7-M9 -> 2594.7568 | ... S10: =S7-S9 -> 0
B11: Инжиниринговые услуги | C11: тыс.USD | D11: =SUM(F11:S11) -> 1648.2064 | F11: =ПИР!G20*15% -> 247.23097 | G11: =ПИР!G20*85% -> 1400.9755 | H11: ='Обнов об.1 оч'!J44+'Обнов обор 2 оч'!J60 -> 0 | I11: ='Обнов об.1 оч'!K44+'Обнов обор 2 оч'!K60 -> 0 | J11: ='Обнов об.1 оч'!L44+'Обнов обор 2 оч'!L60 -> 0 | K11: ='Обнов об.1 оч'!M44+'Обнов обор 2 оч'!M60 -> 0 | L11: ='Обнов об.1 оч'!N44+'Обнов обор 2 оч'!N60 -> 0 | M11: ='Обнов об.1 оч'!O44+'Обнов обор 2 оч'!O60 -> 0 | N11: ='Обнов об.1 оч'!P44+'Обнов обор 2 оч'!P60 -> 0 | O11: ='Обнов об.1 оч'!Q44+'Обнов обор 2 оч'!Q60 -> 0 | ... Q11: ='Обнов об.1 оч'!S44+'Обнов обор 2 оч'!S60 -> 0
B12: стоимостной баланс на начало года | C12: тыс.USD | F12: =F11 -> 247.23097 | G12: =F15+G11 -> 1586.3987 | H12: =G15+H11 -> 1189.799 | I12: =H15+I11 -> 892.34927 | J12: =I15+J11 -> 669.26195 | K12: =J15+K11 -> 501.94647 | L12: =K15+L11 -> 376.45985 | M12: =L15+M11 -> 282.34489 | N12: =M15+N11 -> 211.75867 | ... S12: =R15+S11 -> 50.251324
B13: норма амортизации | C13: тыс.USD | F13: 0.25 | G13: =F13 -> 0.25 | H13: =G13 -> 0.25 | I13: =H13 -> 0.25 | J13: =I13 -> 0.25 | K13: =J13 -> 0.25 | L13: =K13 -> 0.25 | M13: =L13 -> 0.25 | N13: =M13 -> 0.25 | ... S13: =R13 -> 0.25
B14: сумма амортизации по группе | C14: тыс.USD | D14: =SUM(F14:S14) -> 1648.2064 | F14: =F12*F13 -> 61.807742 | G14: =G12*G13 -> 396.59968 | H14: =H12*H13 -> 297.44976 | I14: =I12*I13 -> 223.08732 | J14: =J12*J13 -> 167.31549 | K14: =K12*K13 -> 125.48662 | L14: =L12*L13 -> 94.114962 | M14: =M12*M13 -> 70.586222 | ... R14: =R12*R13 -> 16.750441 | S14: =S12 -> 50.251324
B15: стоимостной баланс на конец года | C15: тыс.USD | F15: =F12-F14 -> 185.42323 | G15: =G12-G14 -> 1189.799 | H15: =H12-H14 -> 892.34927 | I15: =I12-I14 -> 669.26195 | J15: =J12-J14 -> 501.94647 | K15: =K12-K14 -> 376.45985 | L15: =L12-L14 -> 282.34489 | M15: =M12-M14 -> 211.75867 | ... S15: =S12-S14 -> 0
B16: Итого амортизационные отчисления рудника | C16: тыс.USD | D16: =SUM(F16:S16) -> 10417.269 | F16: =F9+F14 -> 62.757203 | G16: =G9+G14 -> 495.71683 | H16: =H9+H14 -> 748.04463 | I16: =I9+I14 -> 1048.7269 | J16: =J9+J14 -> 866.33602 | K16: =K9+K14 -> 941.6037 | L16: =L9+L14 -> 747.49665 | M16: =M9+M14 -> 935.50514 | ... S16: =S9+S14 -> 1157.2255
B17: сумма стоимостной баланс на конец года | C17: тыс.USD | D17: =SUM(F17:S17) -> 27780.132 | F17: =F10+F15 -> 188.27161 | G17: =G10+G15 -> 1487.1505 | H17: =H10+H15 -> 2244.1339 | I17: =I10+I15 -> 3146.1806 | J17: =J10+J15 -> 2599.0081 | K17: =K10+K15 -> 2824.8111 | L17: =L10+L15 -> 2242.49 | M17: =M10+M15 -> 2806.5154 | ... S17: =S10+S15 -> 0
A19: ВАРИАНТ 2 | B19: Приобретение фиксированных активов | C19: тыс.USD
B20: стоимостной баланс на начало года | C20: тыс.USD
B21: норма амортизации | C21: тыс.USD
B22: сумма амортизации по группе | C22: тыс.USD
B23: стоимостной баланс на конец года | C23: тыс.USD
B24: Итого амортизационные отчисления рудника | C24: тыс.USD
B25: сумма стоимостной баланс на конец года | C25: тыс.USD
A26: ВАРИАНТ 3 | B26: Приобретение фиксированных активов | C26: тыс.USD
B27: стоимостной баланс на начало года | C27: тыс.USD
B28: норма амортизации | C28: тыс.USD
B29: сумма амортизации по группе | C29: тыс.USD
B30: стоимостной баланс на конец года | C30: тыс.USD
B31: Итого амортизационные отчисления рудника | C31: тыс.USD
B32: сумма стоимостной баланс на конец года | C32: тыс.USD
